Workbook
Name _Hlk122275804: 'II skyrius'!$U$126
Name _Hlk219881047: 'VI skyrius VŠĮ+UAB rodikliai'!$C$195
Name _Hlk89418331: 'VI skyrius VŠĮ+UAB rodikliai'!#REF!
Name _Hlk92374825: 'VI skyrius VŠĮ+UAB rodikliai'!#REF!
Name _Hlk92374960: 'VI skyrius VŠĮ+UAB rodikliai'!$C$22
Name _Hlk92375563: 'VI skyrius VŠĮ+UAB rodikliai'!$C$35
Name _Hlk92375700: 'VI skyrius VŠĮ+UAB rodikliai'!$C$69
Name _Hlk92375786: 'VI skyrius VŠĮ+UAB rodikliai'!#REF!
Name _Hlk92376639: 'VI skyrius VŠĮ+UAB rodikliai'!$C$47
Name _Toc123901348: 'VII skyrius. Kita svarbi info'!#REF!
Name _Toc123901357: 'VII skyrius. Kita svarbi info'!#REF!
Name _Toc123901359: 'VI skyrius VŠĮ+UAB rodikliai'!$C$162
Name _Toc506024955: 'Vertinimo kriterijai'!$A$1
Name Excel_BuiltIn__FilterDatabase_2: #REF!

Sheet I skyrius 
H1: PATVIRTINTA Visagino savivaldybės tarybos 2026 m. vasario ___ d. sprendimu Nr. TS-_____ PROJEKTAS
B4: VISAGINO SAVIVALDYBĖS 2026-2028 METŲ STRATEGINIS VEIKLOS PLANAS
B7: I SKYRIUS SAVIVALDYBĖS MISIJA IR VEIKLOS PRIORITETAI
B9: MISIJA
B11: Sėkmingai plėtoti ir įgyvendinti savivaldos teisę, užtikrinti subalansuotą plėtrą bei kokybiškai vykdyti viešojo administravimo ir viešųjų paslaugų teikimo funkcijas, tenkinant Visagino savivaldybės bendruomenės viešuosius poreikius ir interesus
B17: SAVIVALDYBĖS PRIORITETAI
B19: 1. Konkurencingo verslo skatinimas ir vietinės ekonomikos tvari plėtra 2. Socialinės gerovės kūrimas sumaniai, pažangiai, besimokančiai, moderniai ir laimingai bendruomenei 3. Tvarus, subalansuotas savivaldybės aplinkos vystymas ir plėtra

Sheet II skyrius
B3: II SKYRIUS
B4: SAVIVALDYBĖS PLĖTROS TIKSLAI, UŽDAVINIAI IR JŲ STEBĖSENOS RODIKLIAI
C6: 1 lentelė. Tikslai, uždaviniai ir jų stebėsenos rodikliai
C7: SSPP tikslų ir uždavinių kodas | D7: SSPP tikslai ir uždaviniai | E7: Stebėsenos rodiklis (matavimo vnt.) | F7: Pradinė stebėsenos rodiklio reikšmė (2022) | G7: Siektinos stebėsenos rodiklio reikšmės | L7: Faktinė stebėsenos rodiklio reikšmė (2023) | M7: Faktinė stebėsenos rodiklio reikšmė (2024) | N7: Faktinė stebėsenos rodiklio reikšmė (2025) | O7: Siekiama stebėsenos rodiklio reikšmė (2030)
G8: 2024 metai | H8: 2025 metai | I8: 2026 metai | J8: 2027 metai | K8: 2028 metai
C9: 1 | D9: 2 | E9: 3 | F9: 4 | G9: 5 | H9: 6 | I9: 7 | J9: 7 | K9: 7 | L9: 8 | M9: 8 | N9: 8 | O9: 9
C10: 1.1. | D10: Gerinti investicinės aplinkos patrauklumą ir didinti ekonominį potencialą | E10: E-1.1-1 Dirbančiųjų skaičius (tūkst. asm.) | F10: 7470 | G10: 7450 | H10: 8000 | I10: 8000 | J10: 8000 | K10: 8000 | L10: 7470 | M10: 8000 (2024) | N10: 8000 (2024) | O10: 8000 (2030)
C11: 1.1.-1 | D11: Pagerinti investicijų pritraukimo ir verslo plėtros sąlygas | E11: Materialinės investicijos, tenkančios 1-am gyventojui (Eur) | F11: 1116 Eur (2020) | G11: 889 | H11: 1475 | I11: 1475 | J11: 1475 | K11: 1475 | L11: 1116 Eur (2020) | M11: 1475 Eur (2023)* | N11: 1475 Eur (2023)* | O11: Ne mažiau kaip 1200 Eur (2030 )
E12: Pritraukta naujų tiesioginių užsienio investicijų, tenkančių 1-am gyventojui (Eur) | F12: 571 Eur (2020) | G12: 739 | H12: 908 | I12: 908 | J12: 908 | K12: 908 | L12: 571 Eur (2020) | M12: 908 Eur (2023)* | N12: 908 Eur (2023)* | O12: 800 Eur (2030 m)
C13: 1.1.-2 | D13: Skatinti gyventojų verslumą ir ekonominį mobilumą | E13: Verslumo lygis (veikiančių SVV įmonių skaičius, tenkantis 1000 gyv., koef.) | F13: 15,5 (2022) | G13: 14.78 | H13: 17.71 | I13: 17.71 | J13: 17.71 | K13: 17.71 | L13: 15,5 (2022) | M13: 17,71 (2024) | N13: 17,71 (2024) | O13: Ne mažiau kaip 20 (2030)
E14: Gyventojų aktyvumas, vykdant individualią veiklą (gyventojų, besiverčiančių veikla pagal individualios veiklos pažymą ir verslo liudijimus, skaičius, tenkantis 1000-iui gyv., koef.) | F14: 1,52 (2022) | G14: 19.55 | H14: 11.28 | I14: 11.28 | J14: 11.28 | K14: 11.28 | L14: 1,52 (2022) | M14: 11,28 (2023)* | N14: 11,28 (2023)* | O14: Ne mažiau kaip 5 (2030)
E15: Sukurti ir įgyvendinti verslumo skatinimo programą | F15: 0 (2022) | G15: 1 | H15: 0 | I15: 0 | J15: 0 | K15: 0 | L15: 0 (2022) | M15: 1 (2024) | N15: 1 (2024) | O15: 1 (2030)
E16: Bendradarbystės centro „Spiečius“ narių skaičius | F16: 15 (2022) | G16: 25 | H16: 35 | I16: 45 | J16: 45 | K16: 45 | L16: 15 (2022) | M16: 20 (2024) | N16: 20 (2024) | O16: 45 (2026)
C17: 1.1.-3 | D17: Sukurti tinkamas sąlygas strateginėms verslo kryptims plėtotis Visagino savivaldybėje | E17: Strateginėse verslo kryptyse veikiančių verslo subjektų skaičius | F17: 2 (2022) | G17: 2 | H17: 2 | I17: 3 | J17: 3 | K17: 3 | L17: 2 (2022) | M17: 3 (2024) | N17: 3 (2024) | O17: 4 (2030)
C18: 1.2. | D18: Didinti turistinį savivaldybės patrauklumą, teikiant viešąsias paslaugas bei plėtojant viešąją turizmo infrastruktūrą | E18: Nakvynių skaičius apgyvendinimo įstaigose, vnt. | F18: 506 (2022) | G18: 7855 | H18: 6200 | I18: 6600 | J18: 7000 | K18: 7000 | L18: 506 (2022) | M18: 6196 (2024) | N18: 6196 (2024) | O18: 700 (2030)
C19: 1.2.-1 | D19: Skatinti turizmo konkurencingumą, teikiant viešąsias ir verslo paslaugas bei vykdant aktyvią paslaugų rinkodarą | E19: Turistų, apsilankiusių VTPC, dalis sezono metu (gegužės–rugpjūčio mėn.), palyginti su bendruoju metiniu turistų skaičiumi (proc.) | F19: 72 (2022) | G19: 72 | H19: 55 | I19: 54 | J19: 53 | K19: 53 | L19: 72 (2022) | M19: 56 (2024) | N19: 56 (2024) | O19: 50 (2030)
C20: 1.2.-2 | D20: Visagino turizmo, gamtos ir kultūros objektų pritaikymas lankymui, modernizuojant viešąją turizmo infrastruktūrą | E20: Suformuotų turistų traukos objektų skaičius (vnt.) | F20: 0 (2022) | G20: 4 | H20: 1 | I20: 1 | J20: 1 | K20: 1 | L20: 0 (2022) | M20: 1 (2024) | N20: 1 (2024) | O20: 3 (2030)
C21: 1.2.-3 | D21: Visagino kaip monoindustrinio miesto urbanistikos, daugiatautį kultūros paveldą ir tradicijas perdavimas per turizmo ir edukacines veiklas | E21: Asmenų, dalyvavusių perduodant Visagino daugiataučio kultūros paveldo ir tradicijų per turizmo ir edukacines veiklas, skaičius | F21: 0 (2022) | G21: 50 | H21: 1500 | I21: 1600 | J21: 1700 | K21: 1700 | L21: 0 (2022) | M21: 1478 (2024) | N21: 1478 (2024) | O21: 700 (2030)
C22: 2.1 | D22: Tikslingai naudojant švietimui skirtas lėšas bei kryptingai tobulinant darbuotojų kompetencijas, kiekvienam besimokančiajam sukurti lygiavertes ir šiuolaikiškas kokybiško ugdymo(si) sąlygas, lemiančias geresnius mokinių pasiekimus, optimalią, integracinę, darniai ir racionaliai veikiančią, nuolat atsinaujinančią savivaldybės švietimo sistemą | E22: Visagino savivaldybės bendrojo ugdymo mokyklų tinklo pertvarkos 2022–2026 metų bendrojo plano kokybinių pokyčių / priemonių įgyvendinimas, proc. | F22: 0 (2022) | G22: 50 | H22: 70 | I22: 100 | J22: 10 (naujas planas) | K22: 10 (naujas planas) | L22: 0 (2022) | M22: 50 (2024) | N22: 50 (2024) | O22: 75 (2030)
C23: 2.1.-1 | D23: Padidinti ugdymo paslaugų prieinamumą ir įtrauktį kuriant naujas ikimokyklinio ugdymo vietas ir efektyviai veikiančių mokyklų infrastruktūrą pritaikant vaikams su negalia bei bendriesiems ugdymo poreikiams gerinti | E23: Ikimokyklinio ugdymo įstaigų talpumas (vietų skaičius), vnt. | F23: 895 (2022) | G23: 895 | H23: 670 | I23: 658 | J23: 638 | K23: 638 | L23: 895 (2022) | M23: 895 (2022) | N23: 895 (2022) | O23: 983 (2027)
E24: Mokyklų, kuriose buvo įdiegtos universalaus dizaino ir kitos inžinerinės priemonės, aplinką pritaikant asmenims, turintiems negalią, dalis nuo visų mokyklų | F24: 0 (2022) | G24: 0 | H24: 40 | I24: 40 | J24: 40 | K24: 40 | L24: 20 (2023) | M24: 20 (2024) | N24: 20 (2024) | O24: 40 (2023)
C25: 2.1.-2 | D25: Plėtoti įvairialypį švietimą vykdant visos dienos mokyklų veiklą | E25: Neformaliojo vaikų švietimo galimybėmis pasinaudojusių mokinių dalis (išskyrus ikimokykliniame ir priešmokykliniame ugdyme dalyvaujančius vaikus) (proc.) | F25: 0 (2022) | G25: 0 | H25: 83 | I25: 84 | J25: 84 | K25: 84 | L25: 69 (2023) | M25: 83 (2024) | N25: 83 (2024) | O25: 85 (2027)
C26: 2.1.-3 | D26: Stiprinti mokyklas įgalinant dirbti su įvairių galių ir gebėjimų mokiniais, kurie mokyklų pedagogų, mokymosi aplinkos padedami ir motyvuojami įveikia barjerus ir pasiekia maksimalų savo individualių galimybių mokymosi rezultatą | E26: Visagino savivaldybės ugdymo įstaigų, dalyvavusių "Tūkstantmečio mokyklų" programos veiklose, skaičius | F26: 0 (2022) | G26: 3 | H26: 3 | I26: 0 | J26: 0 | K26: 0 | L26: 3 (2023) | M26: 3 (2024) | N26: 3 (2024) | O26: 3 (2030)
C27: 2.1.-4 | D27: Skatinti mokinių domėjimąsi gamtos mokslais, matematika, technologijomis ir kt. veiklomis, išbandant save įvairiose praktinėse-tiriamosiose veiklose | E27: Pasirašytų bendradarbiavimo sutarčių su verslo atstovais skaičius | F27: 0 (2022) | G27: 1 | H27: 1 | I27: 1 | J27: 1 | K27: 1 | L27: 0 (2022) | M27: 0 (2024) | N27: 0 (2024) | O27: 3 (2030)
C28: 2.1.-5 | D28: Skatinti kokybinę kaitą bei lyderystės raišką švietimo įstaigose išbandant / taikant inovatyvius mokymo(si) modelius, aktyviai dalyvaujant projektinėje veikloje | E28: Įgyvendintų projektų skaičius | F28: 1(2022) | G28: 0 | H28: 1 | I28: 1 | J28: 1 | K28: 1 | L28: 1 (2023) | M28: 1 (2024) | N28: 1 (2024) | O28: 5 (2030)
C29: 2.1.-6 | D29: Siekti, kad visi turėtų lanksčių kvalifikacijos kėlimo ir persikvalifikavimo galimybių, atsižvelgiant į verslumo ir skaitmeninius įgūdžius, geriau numatyti pokyčius ir naujų įgūdžių reikalavimus, grindžiamus darbo rinkos poreikiais, sudaryti palankesnes sąlygas keisti profesinę veiklą ir skatinti profesinį judumą | E29: Asmenų, kurie dalyvavę mokymuose įgijo kompetenciją, dalis proc. nuo visų besimokančiųjų VTVPMC | F29: 0 (2022) | G29: 80 | H29: 82 | I29: 85 | J29: 85 | K29: 85 | L29: 0 (2022) | M29: 82 (2024) | N29: 82 (2024) | O29: 98 (2030)
C30: 2.2. | D30: Sudaryti sąlygas visų amžiaus grupių ir galimybių visaginiečiams jų sveikai gyvensenai, fiziniam aktyvumui, sportavimui bei siekti, kad tai taptų savivaldybės bendruomenės gyvensenos dalimi | E30: Veikiančių atvirų sporto erdvių skaičius (vnt.) | F30: 10 (2022) | G30: 12 | H30: 12 | I30: 13 | J30: 14 | K30: 14 | L30: 10 (2022) | M30: 12 (2024) | N30: 12 (2025) | O30: 21 (2030)
C31: 2.2-1 | D31: Didinti fizinio aktyvumo lygį visose savivaldybės gyventojų amžiaus grupėse, plėsti galimybes bendruomenės fiziniam aktyvumui ir sveikatinimo veikloms | E31: Sporto varžybose ir sveikatingumo renginiuose dalyvavusių asmenų skaičius, vnt. per metus | F31: 2466 (2021) | G31: 3000 | H31: 3200 | I31: 3250 | J31: 3300 | K31: 3300 | L31: 2466 (2021) | M31: 3133 (2024) | N31: 3200 (2025) | O31: Kasmet didėjantis ne mažiau kaip 20 proc.
C32: 2.2-2 | D32: Vykdyti talentingų sportininkų atranką, sudaryti jiems tinkamas sąlygas meistriškumui didinti | E32: Aukšto meistriškumo sportininkų dalis nuo visų sportininkų Visagino savivaldybėje (proc.) | F32: 20 (2022) | G32: 20 | H32: 26 | I32: 27 | J32: 27 | K32: 27 | L32: 20 (2022) | M32: 26 (2024) | N32: 26 (2024) | O32: 40 (2030)
C33: 2.2-3 | D33: Gerinti sporto ir fizinio aktyvumo specialistų kvalifikaciją ir pritraukti naujus specialistus, kurių kompetencijos reikalingos bendruomenės poreikiams tenkinti, sporto ir fizinio aktyvumo paslaugų plėtrai ir kokybės užtikrinimui | E33: Kvalifikaciją patobulinusių sportinio ugdymo specialistų, dirbančių Visagino savivaldybės įstaigose, skaičius (proc.) | F33: 30 (2022) | G33: 30 | H33: 32 skaičius, 76 proc. | I33: 32 skaičius, 76 proc. | J33: 33 skaičius, 80 proc. | K33: 33 skaičius, 80 proc. | L33: 30 (2022) | M33: 31 (2024) skaičius, 75,6 proc. | N33: 32 (2025) skaičius, 76 proc. | O33: 80 (2030)
C34: 2.2-4 | D34: Didinti visuomenės informuotumą apie fizinio aktyvumo naudą ir vykdyti sporto informacijos sklaidą | E34: Informacinėmis priemonėmis pasiektų asmenų dalis proc. nuo visų gyventojų | F34: 0 (2022) | G34: 40 | H34: 50 | I34: 55 | J34: 60 | K34: 60 | L34: 0 (2022) | M34: 50 (2024) | N34: 53 (2025) | O34: 98 (2030)
C35: 2.2-5 | D35: Plėtoti ir atnaujinti sporto infrastruktūrą, aprūpinti poreikius atitinkančia įranga ir inventoriumi sudarant tinkamas sąlygas bendruomenės fiziniam aktyvumui, aukšto meistriškumo sportininkų rengimui bei varžybų nuo savivaldybės lygmens iki tarptautinių vykdymui | E35: Asmenų, dalyvavusių aukšto lygio sporto varžybose dalis proc. nuo visų gyventojų | F35: 0 (2022) | G35: 1 | H35: 2 | I35: 2 | J35: 2.5 | K35: 2.5 | L35: 0 (2022) | M35: 2 (2024) | N35: 2 (2025) | O35: 5 (2030)
C36: 2.3. | D36: Įgyvendinti valstybinę kultūros politiką ir formuoti regioninį identitetą, stiprinti pilietiškumą ir bendruomenės į(si)traukimą į kūrybines, kultūrines veiklas | E36: Gyventojų, bent kartą per mėnesį besilankančių viešuose kultūros renginiuose, dalis proc. nuo bendro gyventojų skaičiaus | F36: 0 (2022) | G36: 40 | H36: 50 | I36: 60 | J36: 60 | K36: 60 | L36: 0 (2022) | M36: 30 (2024) | N36: 30 (2024) | O36: 70 (2030)
C37: 2.3.-1 | D37: Formuoti Visagino, kaip daugiakultūrio miesto, atviro kultūrinėms inovacijoms ir patrauklaus profesionalaus meno sklaidai, laukiančio svečių, reputaciją | E37: Kultūros renginiuose apsilankiusių asmenų skaičius proc. nuo bendro gyventojų skaičiaus | F37: 0 (2022) | G37: 20 | H37: 30 | I37: 40 | J37: 50 | K37: 50 | L37: 374,16 (2023) | M37: 267,84 (2024) | N37: 267,84 (2024) | O37: 80 (2030)
C38: 2.3.-2 | D38: Visagino savivaldybėje sukurti palankiausiais regione sąlygas menininkų kūrybai ir kūrybiniams verslams vystytis | E38: Naujai susikūrusių kūrybinių verslų skaičius | F38: 0 (2022) | G38: 1 | H38: 1 | I38: 2 | J38: 2 | K38: 2 | L38: 1 (2023) | M38: 2 (2024) | N38: 2 (2024) | O38: 8 (2030)
C39: 2.3.-3 | D39: Plėtoti / tobulinti pagal kintančius bendruomenės poreikius kultūros infrastruktūrą bei užtikrinti kultūros, laisvalaikio, kūrybos erdvių prieinamumą bendruomenei ir kūrėjams | E39: Naujai įkurtų erdvių, kuriose skatinamos meniškos ir meninės veiklos, skaičius | F39: 0 (2022) | G39: 0 | H39: 0 | I39: 1 | J39: 1 | K39: 1 | L39: 0 (2023) | M39: 3 (2024) | N39: 3 (2024) | O39: 5 (2030)
C40: 2.3.-4 | D40: Sudaryti palaikančias ir motyvuojančias sąlygas etninės kultūros sklaidai, Dainų švenčių tradicijos tęstinumui, senųjų tradicijų, papročių populiarinimui, jų gyvybingumo puoselėjimui | E40: Asmenų, dalyvavusių etninės kultūros renginiuose, dalis proc. nuo visų savivaldybės gyventojų | F40: 0 (2022) | G40: 10 | H40: 12 | I40: 12.5 | J40: 13 | K40: 13 | L40: 11,1 (2023) | M40: 11,5 (2024) | N40: 11,5 (2024) | O40: 15 (2030)
C41: 2.3.-5 | D41: Stiprinti įstaigų partnerystę / tinklaveiką, plėtoti projektinę veiklą | E41: Asmenų, dalyvavusių kultūros ir švietimo bendradarbiavimo veiklose, dalis proc. nuo visų savivaldybės gyventojų | F41: 0 (2022) | G41: 10 | H41: 15 | I41: 20 | J41: 20 | K41: 20 | L41: 14 (2023) | M41: 14 (2024) | N41: 14 (2024) | O41: 50 (2030)
C42: 2.3.-6 | D42: Ugdyti įvairiakalbę, kritiškai mąstančią Visagino bendruomenę, kurią jungia valstybinė kalba ir pagarba valstybei | E42: Gyventojų, dalyvavusių pilietinio ugdymo veiklose, dalis proc. nuo visų savivaldybės gyventojų | F42: 0 (2022) | G42: 3 | H42: 27 | I42: 28 | J42: 30 | K42: 30 | L42: 25 (2023) | M42: 25 (2024) | N42: 25 (2024) | O42: 50 (2030)
C43: 2.4. | D43: Stiprinti ir puoselėti gyventojų sveikatą | E43: Vidutinė tikėtina gyvenimo trukmė (metais) | F43: 76 (2020 m.) | G43: 75.47 | H43: 76 | I43: 76 | J43: 76 | K43: 76 | L43: 76 (2020 m.) | M43: 76 (2020 m.) | N43: 76 (2020 m.) | O43: 78,3 (2030)
C44: 2.4.-1 | D44: Užtikrinti prieinamas aukštos kokybės sveikatos priežiūros paslaugas | E44: Stacionaro ligonių skaičius, tenkantis 1 tūkst. gyventojų | F44: 187,5 (2021) | G44: 207.2 | H44: 232.7 | I44: 232.7 | J44: 232.7 | K44: 232.7 | L44: 187,5 (2021) | M44: 232,7 (2023)* | N44: 232,7 (2023)* | O44: Mažėjantis
C45: 2.4.-2 | D45: Išplėsti su visuomenės sveikatos stiprinimu susijusias paslaugas | E45: Visuomenės sveikatos stiprinimo veiklose dalyvavusios tikslinės grupės dalis (proc.) | F45: 50 (2021) | G45: 50 | H45: 49.6 | I45: 49.6 | J45: 49.6 | K45: 49.6 | L45: 50 (2021) | M45: 49,6 (2022) | N45: 49,6 (2022) | O45: Didėjantis arba ne mažesnis kaip 80,0 proc. (2030)
E46: Ikimokyklinio ir mokyklinio amžiaus vaikai (0–18 m.) | F46: 12 (2021) | G46: 12 | H46: 34.4 | I46: 34.4 | J46: 34.4 | K46: 34.4 | L46: 12 (2021) | M46: 34,4 (2024) | N46: 34,4 (2024) | O46: Didėjantis arba ne mažesnis kaip 25 proc. (2030)
C47: 2.5. | D47: Pagerinti ir plėsti socialinių paslaugų kokybę ir prieinamumą bei sukurti jų plėtrai reikalingą infrastruktūrą | E47: Socialines paslaugas gavusių asmenų skaičius proc. nuo bendro gyventojų skaičiaus | F47: 8 ( 2022) | G47: 8 | H47: 9 | I47: 9 | J47: 9 | K47: 9 | L47: 8 ( 2022) | M47: 11 ( 2024) | N47: 11 ( 2024) | O47: Ne mažiau kaip 12 (2030)
C48: 2.5-1 | D48: Pagerinti ir plėsti socialinių paslaugų kokybę ir prieinamumą bei sukurti jų plėtrai reikalingą infrastruktūrą | E48: Teikiamų socialinių paslaugų rūšių (bendrųjų socialinių paslaugų, socialinės priežiūros paslaugų, socialinės globos paslaugų ir kt.) skaičius (vnt.) | F48: 21 (2021) | G48: 25 | H48: 26 | I48: 27 | J48: 27 | K48: 27 | L48: 21 proc. (2021) | M48: 24 socialinės paslaugos pagal socialinių paslaugų katalogą + 3 paslaugos, kurios nepatenka į socialinių paslaugų katalogą, iš viso 27 (2024) | N48: 24 socialinės paslaugos pagal socialinių paslaugų katalogą + 3 paslaugos, kurios nepatenka į socialinių paslaugų katalogą, iš viso 27 (2024) | O48: Ne mažiau kaip 26 (2030)
C49: 2.6. | D49: Sudaryti galimybes jaunimui atvykti, dirbti ir gyventi Visagino savivaldybėje | E49: Jaunimo (14–29 metų amžiaus) dalis nuo bendro Visagino savivaldybės gyventojų skaičiaus (proc.) | F49: 12,94 (2021) | G49: 12 | H49: 12.68 | I49: 12.68 | J49: 12.68 | K49: 12.68 | L49: 12,94 (2021) | M49: 12,68 (2024) | N49: 12,68 (2024) | O49: 13,5 (2030)
C50: 2.6-1 | D50: Pritaikyti viešąsias erdves jaunimo poreikiams | E50: Jaunimo poreikiams pritaikytų jaunimo erdvių skaičius (vnt.) | F50: 0 (2022) | G50: 0 | H50: 2 | I50: 1 | J50: 1 | K50: 1 | L50: 0 (2022) | M50: 2 (2024) | N50: 2 (2024) | O50: 3 (2030)
C51: 2.6-2 | D51: Sudaryti sąlygas jaunimo savirealizacijai | E51: Jaunuolių, turinčių Jaunimo savanoriškos tarnybos (JST) pažymėjimą, skaičius (per metus) | F51: 4 (2022) | G51: 2 | H51: 6 | I51: 8 | J51: 10 | K51: 10 | L51: 4 (2022) | M51: 0 (2024) * pradėjo savanoriauti tik rudenį | N51: 0 (2024) * pradėjo savanoriauti tik rudenį | O51: Ne mažiau kaip 30 (2030)
C52: 2.7. | D52: Gyventojų socialinio, pilietinio aktyvumo, dalyvavimo savanoriškoje, visuomeninėje veikloje, tarpusavio pasitikėjimo, bendruomenės socialinės atsakomybės ir įsitraukimo didinimas | E52: Gyventojų, dalyvavusių pilietinio ugdymo veiklose, dalis proc. nuo visų savivaldybės gyventojų | F52: 0 (2022) | G52: 10 | H52: 30 | I52: 30 | J52: 30 | K52: 30 | L52: 0 (2022) | M52: 30 (2024) | N52: 30 (2024) | O52: 50 (2030)
C53: 2.7.-1 | D53: Stiprinti nevyriausybines ir bendruomenines organizacijas, gerinti aplinką jų veiklai, remti pilietines iniciatyvas | E53: Veikiančių nevyriausybinių ir bendruomeninių organizacijų skaičius | F53: 80 (2022) | G53: 85 | H53: 90 | I53: 90 | J53: 95 | K53: 95 | L53: 80 (2022) | M53: 90 (2024) | N53: 90 (2024) | O53: 100 (2030)
C54: 2.7.-2 | D54: Įtraukti nevyriausybinį sektorių į viešųjų paslaugų teikimą, tinkamai pasinaudoti iš bendruomenės kylančiomis iniciatyvomis vietos plėtrai | E54: Savivaldybės viešųjų paslaugų, kurias teikia nevyriausybinės ir bendruomeninės organizacijos, dalis proc. nuo visų teikiamų paslaugų | F54: 0 (2022) | G54: 0 | H54: 0.1 | I54: 0.3 | J54: 0.3 | K54: 0.3 | L54: 0 (2022) | M54: 0,1 (2024) | N54: 0,1 (2024) | O54: 5 (2030)
C55: 2.7.-3 | D55: Sudaryti galimybes bendruomenei įsitraukti ir aktyviai dalyvauti sprendžiant jai aktualius klausimus | E55: Pilietinės visuomenės ir privačiojo sektoriaus subjektai, dalyvavę rengiant ir (ar) įgyvendinant miestui svarbių klausimų sprendimus, vnt. | F55: 0 (2022) | G55: 2 | H55: 900 | I55: 900 | J55: 900 | K55: 900 | L55: 0 (2022) | M55: 900 (2024) | N55: 900 (2024) | O55: 100 (2030)
C56: 2.8. | D56: Tobulinti viešojo valdymo sistemą, didinti jos efektyvumą ir atvirumą | E56: Gyventojų, pasitikinčių savivaldybės institucija ir jos įstaigomis, dalis proc. | F56: 0 (2022) | G56: 60 | H56: 30 | I56: 30 | J56: 30 | K56: 30 | L56: 0 (2022) | M56: 30 (2024) | N56: 30 (2024) | O56: Ne mažiau kaip 55 (2030)
C57: 2.8.-1 | D57: Gerinti viešojo valdymo institucijų teikiamų paslaugų kokybę, didinti jų prieinamumą ir patrauklumą | E57: Gyventojų, per paskutinius 12 mėnesių dalyvavusių sprendžiant viešuosius vietos reikalus, dalis proc. | F57: 30 (2022) | G57: 30 | H57: 30 | I57: 30 | J57: 30 | K57: 30 | L57: 30 (2022) | M57: 30 (2024) | N57: 30 (2024) | O57: Ne mažiau kaip 70 (2030)
C58: 2.8.-2 | D58: Kurti ir plėtoti saugią aplinką Visagino savivaldybėje | E58: Parengta ir įgyvendinta Kompleksinės saugumo stiprinimo ir saugios savivaldybės plėtros programa, vnt. | F58: 0 (2022) | G58: 0 | H58: 0 | I58: 0 | J58: 0 | K58: 0 | L58: 0 (2022) | M58: 0 (2024) | N58: 0 (2024) | O58: 1/1 (2030)
C59: 2.8.-3 | D59: Sustiprinti teigiamą Visagino savivaldybės įvaizdį ir komunikaciją | E59: Savivaldybės išorinės komunikacijos lygis, auditorijos dydis (medijų paskyrų sekėjai, interneto svetainės naudotojai, naujienlaiškių prenumeratoriai ir kt.) | F59: „Facebook“ 3 486 tūkst. (2022) | G59: 3486 | H59: 4997 | I59: 5000 | J59: 5500 | K59: 5500 | L59: „Facebook“ 3 486 tūkst. (2022) | M59: „Facebook“ 4997 tūkst. (2024) | N59: „Facebook“ 4997 tūkst. (2024) | O59: „Facebook“10 000 tūkst. (2030
F61: „YouTube“ 469 (2020) | G61: 469 | H61: 450 | I61: 460 | J61: 470 | K61: 470 | L61: „YouTube“ 469 (2020) | M61: „YouTube“ 450 (2024) | N61: „YouTube“ 450 (2024) | O61: „YouTube“ 1,2 tūkst. (2030)
F62: Interneto svetainės naudotojai 253,7 tūkst./ metus (2020) | G62: 254 ūkst./ metus | H62: 93 tūkst./ metus | I62: 94 tūkst./ metus | J62: 94 tūkst./ metus | K62: 94 tūkst./ metus | L62: Interneto svetainės naudotojai 253,7 tūkst./ metus (2020) | M62: Interneto svetainės naudotojai 93 tūkst./ metus (2024) | N62: Interneto svetainės naudotojai 93 tūkst./ metus (2024) | O62: Interneto svetainės naudotojai 500 tūkst. / metus (2030)
C64: 3.1. | D64: Vykdyti kryptingą darnaus judumo politiką savivaldybėje | E64: Šiltnamio efektą sukeliančių dujų kiekis (tonomis), tenkantis Visagino savivaldybės gyventojams | F64: 140 t (2022) | G64: 135 | H64: 96.51 | I64: 96.51 | J64: 96.51 | K64: 96.51 | L64: 140 t (2022) | M64: 96,51 t (2023) | N64: 96,51 t (2023) | O64: Mažėjantis iki 100 t (2030)
C65: 3.1-1 | D65: Skatinti bemotorio transporto pasirinkimą ir pėsčiųjų judumą | E65: Naujo arba modernizuoto viešojo transporto naudotojų skaičius per metus | F65: ~8000 (2022) | G65: ~8000 | H65: 8000 | I65: ~8000 | J65: ~8000 | K65: ~8000 | L65: ~8000 (2022) | M65: ~8000 (2024) | N65: ~8000 (2024) | O65: ~19000 (2030)
C66: 3.1-2 | D66: Didinti eismo saugumą ir gyventojų sąmoningumą darnaus judumo srityje | E66: Autoįvykių skaičius per metus | F66: 10 (2021) | G66: 2 | H66: 7 | I66: 7 | J66: 7 | K66: 7 | L66: 10 (2021) | M66: 7 (2024) | N66: 7 (2024) | O66: 0 (2030)
C67: 3.1-3 | D67: Pagerinti viešojo transporto paslaugų teikimą gyventojams | E67: Asmenų, pasinaudojusių naujai sukurtomis viešojo transporto paslaugomis, proc. per mėnesį nuo bendro gyventojų skaičiaus | F67: 0 (2022) | G67: 0.27 | H67: 0.5 | I67: 0.5 | J67: 0.5 | K67: 0.5 | L67: 0 (2022) | M67: 0,5 (2024) | N67: 0,5 (2024) | O67: Ne mažesnis kaip 2 proc. (2030)
C68: 3.2. | D68: Skatinti tvarų miesto teritorijos vystymą | E68: Gyventojų skaičiaus metinis pokytis (pagal vidutinį metinį gyventojų skaičių) (proc.) | F68: 19 404 (2022) | G68: 19691 | H68: 19587 | I68: 19782 | J68: 19980 | K68: 19980 | L68: 19 707 (2022) | M68: 19 587 (2024) | N68: 19 587 (2024) | O68: Teigiamas, ne mažesnis kaip 1 proc. per metus
C69: 3.2-1 | D69: Plėsti, prižiūrėti ir modernizuoti teritorijas, įrengiant reikalingą infrastruktūrą | E69: Sutvarkyta / įrengta / atnaujinta teritorijų, ha | F69: 0 (2022) | G69: 0 | H69: 0 | I69: 0 | J69: 5 | K69: 5 | L69: 0 (2022) | M69: 1,64 (2024) | N69: 1,64 (2024) | O69: 4 (2030)
C70: 3.2-2 | D70: Skatinti kokybišką urbanistinį ir teritorijų planavimą | E70: Pagal bendrojo plano sprendinius parengtų žemesnio lygio teritorijų planavimo dokumentų skaičius | F70: 4 (2022) | G70: 0 | H70: 1 | I70: 1 | J70: 1 | K70: 1 | L70: 4 (2022) | M70: 4 (2024) | N70: 4 (2024) | O70: 5 (2030)
C71: 3.2-3 | D71: Užtikrinti kultūros paveldo objektų priežiūrą | E71: Visuomenei atvertų kultūros paveldo objektų skaičius | F71: 0 (2022) | G71: 0 | H71: 2 | I71: 2 | J71: 2 | K71: 2 | L71: 0 (2022) | M71: 2 (2024) | N71: 2 (2024) | O71: 3 (2030)
C72: 3.3 | D72: Skatinti žaliąją savivaldybės plėtrą | E72: Teršalų, išmestų į aplinkos orą iš stacionarių taršos šaltinių, tonos | F72: 606,88 (2021) | G72: 560 | H72: 542.46 | I72: 542.46 | J72: 542.46 | K72: 542.46 | L72: 606,88 (2021) | M72: 542,46 (2023) | N72: 542,46 (2023) | O72: 500 (2030)
C73: 3.3.-1 | D73: Užtikrinti tvarų kraštovaizdžio vystymą(si), išsaugant ekosistemas ir prisitaikant prie klimato kaitos | E73: Apsauginę funkciją atliekančių želdynų ir želdinių, tenkančių 1 gyventojui, plotas (kv. m) | F73: 21 (2022) | G73: 21 | H73: 21 | I73: 21 | J73: 21 | K73: 21 | L73: 21 (2022) | M73: 21 (2024) | N73: 21 (2024) | O73: Nemažėjantis (2030)
C74: 3.3.-2 | D74: Skatinti energijos taupymą, atsinaujinančių ir alternatyvių energijos išteklių naudojimą | E74: Atsinaujinančio kuro dalis centrinio šildymo sistemoje (proc.) | F74: 84 (2022) | G74: 80 | H74: 80 | I74: 84 | J74: 84 | K74: 84 | L74: 84 (2022) | M74: 84 (2024) | N74: 84 (2024) | O74: 90 (2030)
E75: Savivaldybės įstaigų ir įmonių, įdiegusių atsinaujinančių ir alternatyvių energijos išteklių priemones savo pastatuose, dalis (proc.) | F75: 0 (2022) | G75: 2 | H75: 2 | I75: 2 | J75: 2 | K75: 2 | L75: 0 (2022) | M75: 2 (2024) | N75: 2 (2024) | O75: 10 (2030)
E76: Atnaujintų (modernizuotų) daugiabučių namų nuo bendro nerenovuotų daugiabučių namų skaičiaus dalis proc. | F76: 2 (2022) | G76: 2 | H76: 2 | I76: 3 | J76: 3 | K76: 3 | L76: 2 (2022) | M76: 2 (2024) | N76: 2 (2024) | O76: 30 (2030)
C77: 3.3-3 | D77: Modernizuoti miesto inžinerinę infrastruktūrą laikantis inovatyvumo ir ekologiškumo principų | E77: Atnaujinti šilumos tinklai, km | F77: 0,279 (2022) | G77: 0.807 | H77: 0 | I77: 0 | J77: 0.87 | K77: 0.87 | L77: 0,279 (2022) | M77: 0 (2024) | N77: 0 (2024) | O77: Ne mažiau kaip 2,390 (2030)
E78: Atnaujinti geriamojo vandens tiekimo tinklai, km | F78: 0,978 (2022) | G78: 1.295 | H78: 0 | I78: 1.322 | J78: 0.873 | K78: 0.873 | L78: 0,978 (2022) | M78: 0,864 (2024) | N78: 0,864 (2024) | O78: Ne mažiau kaip 6,353 (2030)
E79: Atnaujinti nuotekų surinkimo tinklai, km | F79: 0 (2022) | G79: 1 | H79: 0.316 | I79: 0 | J79: 0 | K79: 0 | L79: 0 (2022) | M79: 0,376 (2024) | N79: 0,376 (2024) | O79: Ne mažiau kaip 0,230 (2030)
C80: 3.3-4 | D80: Įdiegti žiedinės ekonomikos procesus | E80: Sąvartynuose šalinamų atliekų dalis, palyginti su bendru komunalinių atliekų srautu (proc.) | F80: 19,9 (2021) | G80: Ne daugiau kaip 15 proc. visų susidariusių komunalinių atliekų (pagal svorį) šalinama sąvartyne | H80: Ne daugiau kaip 10 proc. visų susidariusių komunalinių atliekų (pagal svorį) šalinama sąvartyne | I80: Ne daugiau kaip 8 proc. visų susidariusių komunalinių atliekų (pagal svorį) šalinama sąvartyne | J80: Ne daugiau kaip 8 proc. visų susidariusių komunalinių atliekų (pagal svorį) šalinama sąvartyne | K80: Ne daugiau kaip 8 proc. visų susidariusių komunalinių atliekų (pagal svorį) šalinama sąvartyne | L80: 19,9 (2021) | M80: 8,71 (2024) | N80: 8,71 (2024) | O80: 6 (2030)
E81: Perdirbta, pakartotinai ar kitaip panaudota (pvz., energijai gauti) dalis, palyginti su visomis surinktomis ir susidariusiomis atliekomis (proc.) | F81: 62,2 (2021) | G81: Ne mažiau kaip 55 proc. susidariusių komunalinių atliekų (pagal svorį) paruošta pakartotinai naudoti ir perdirbta | H81: Ne mažiau kaip 56 proc. susidariusių komunalinių atliekų (pagal svorį) paruošta pakartotinai naudoti ir perdirbta | I81: Ne mažiau kaip 57 proc. susidariusių komunalinių atliekų (pagal svorį) paruošta pakartotinai naudoti ir perdirbta | J81: Ne mažiau kaip 57 proc. susidariusių komunalinių atliekų (pagal svorį) paruošta pakartotinai naudoti ir perdirbta | K81: Ne mažiau kaip 57 proc. susidariusių komunalinių atliekų (pagal svorį) paruošta pakartotinai naudoti ir perdirbta | L81: 62,2 (2021) | M81: 63,05 (2024) | N81: 63,05 (2024) | O81: 77,0 (2030)
C82: 3.3-5 | D82: Užtikrinti visapusišką aplinkos būklės stebėseną ir taršą ribojančių priemonių taikymą | E82: Stebimų aplinkos monitoringo objektų (pvz., oras, paviršinis vanduo, maudyklos, dirvožemis, triukšmas ir kt.) skaičius, vnt. | F82: 4 (2022) | G82: 0 | H82: 5 | I82: 5 | J82: 5 | K82: 5 | L82: 4 (2022) | M82: 4 (2024) | N82: 4 (2024) | O82: Ne mažiau kaip 4 (2030)
F84: *Duomenys skelbiami tik už 2023 m.

Sheet III skyrius. 2023-2030  m. 
E3: III SKYRIUS. LĖŠŲ DALIS, TENKANTI 2026-2028 M. STRATEGINIAME VEIKLOS PLANE, SKIRTA 2023-2030 M. SAVIVALDYBĖS PLĖTROS PLANE NUMATYTIEMS PRIORITETINIAMS TIKSLAMS ĮGYVENDINTI
C9: 2 lentelė. Lėšų dalis, tenkanti 2026-2028 m. SVP 2023-2030 m. plėtros plano prioritetiniams tikslams įgyvendinti
C10: 2023-2030 m. plėtros plano prioritetiniai tikslai | R10: Įgyvendinamos programos pagal 2023-2030 m. plėtros plano prioritetinius tikslus | S10: Proc. nuo bendro poreikio tikslui įgyvendinti 2025 m. | T10: 2025 m. išlaidų planas, tūkst. Eur | U10: Proc. nuo bendro poreikio tikslui įgyvendinti 2026 m. | V10: 2026 m. išlaidų planas, tūkst. Eur | W10: Proc. nuo bendro poreikio tikslui įgyvendinti 2027 m. | X10: 2027 m. išlaidų planas, tūkst. Eur | Y10: Proc. nuo bendro poreikio tikslui įgyvendinti 2028 m. | Z10: 2028 m. išlaidų planas, tūkst. Eur
C11: I PRIORITETINIS TIKSLAS. KONKURENCINGO VERSLO SKATINIMAS IR VIETINĖS EKONOMIKOS TVARI PLĖTRA | R11: 9 programa | S11: =T11/T15 -> 0.039873823 | T11: =SUM('+9 programa'!H209) -> 2858.5157 | U11: =V11/V15 -> 0.042162148 | V11: =SUM('+9 programa'!I209) -> 3319.078 | W11: =X11/X15 -> 0.071421487 | X11: =SUM('+9 programa'!L209) -> 6253.946 | Y11: =Z11/Z15 -> 0.048971964 | Z11: ='+9 programa'!N209 -> 3741.811
C12: II PRIORITETINIS TIKSLAS. SOCIALINĖS GEROVĖS KŪRIMAS, SUMANIAI, PAŽANGIAI, BESIMOKANČIAI, MODERNIAI IR LAIMINGAI BENDRUOMENEI | R12: 1 programa 2 programa 3 programa 4 programa 5 programa 6 programa 7 programa | S12: =T12/T15 -> 0.76272554 | T12: =SUM('1 programa '!K218,'2 programa '!K371,'+3 programa'!K89,'4 programa'!K130,'+5 programa'!K114,'6 programa'!L289,'7 programa'!K177) -> 54679.054 | U12: =V12/V15 -> 0.75941915 | V12: =SUM('1 programa '!L218,'2 programa '!L371,'+3 programa'!L89,'4 programa'!L130,'+5 programa'!L114,'6 programa'!M289,'7 programa'!L177) -> 59782.803 | W12: =X12/X15 -> 0.63722973 | X12: =SUM('1 programa '!O218,'2 programa '!O371,'+3 programa'!O89,'4 programa'!O130,'+5 programa'!O114,'6 programa'!P289,'7 programa'!O177) -> 55798.339 | Y12: =Z12/Z15 -> 0.69702388 | Z12: =SUM('1 programa '!Q218,'2 programa '!Q371,'+3 programa'!Q89,'4 programa'!Q130,'+5 programa'!Q114,'6 programa'!R289,'7 programa'!Q177) -> 53257.649
C13: III PRIORITETINIS TIKSLAS. TVARUS, SUBALANSUOTAS SAVIVALDYBĖS APLINKOS VYSTYMAS IR PLĖTRA | R13: 8 programa 10 programa | S13: =T13/T15 -> 0.19740064 | T13: =SUM('8 programa'!K169,'10 programa'!K297) -> 14151.46 | U13: =V13/V15 -> 0.1984187 | V13: =SUM('8 programa'!L169,'10 programa'!L297) -> 15619.867 | W13: =X13/X15 -> 0.29134879 | X13: =SUM('8 programa'!O169,'10 programa'!O297) -> 25511.645 | Y13: =Z13/Z15 -> 0.25400415 | Z13: =SUM('8 programa'!Q169,'10 programa'!Q297) -> 19407.748
T15: =SUM(T11,T12,T13) -> 71689.029 | V15: =SUM(V11,V12,V13) -> 78721.748 | X15: =SUM(X11,X12,X13) -> 87563.929 | Z15: =SUM(Z11,Z12,Z13) -> 76407.208

Sheet IV skyrius
B3: IV SKYRIUS PLANUOJAMI PASIEKTI REZULTATAI
C5: Didinant įstaigų veiklos efektyvumą, atsakomybę ir viešumą, 2026-2028 m. planuojama gerinti valdymo struktūrą ir stiprinti valdymo kokybę, didinti viešojo administravimo efektyvumą, ekonomiškai ir rezultatyviai valdyti ir naudoti savivaldybės turtą, biudžetą ir kitus piniginius išteklius. Numatoma vykdyti priemones ugdymo, kūno kultūros ir fizinio aktyvumo, socialinių paslaugų kokybei gerinti ir jų įvairovei didinti. Siekti, kad gerėtų viešųjų erdvių kokybė, sudaryti sąlygas inžinerinės infrastruktūros ir susisiekimo komunikacijų gerinimui, jų plėtrai padidinant miesto viešųjų erdvių patrauklumą, užtikrinant švarą ir tvarką, teikti gyventojams kokybiškas komunalines paslaugas, prižiūrėti ir modernizuoti miesto inžinerinės ir rekreacinės infrastruktūros objektus, suformuoti efektyviai veikiančią verslo paramos sistemą, skleisti verslo informaciją, skatinti verslumą bei iniciatyvas. Taip pat bus siekiama vykdyti architektūros ir teritorijų planavimo veiklą, kurti palankią aplinką turizmui, plėsti turizmo, rekreacijos, poilsio ir paslaugų infrastruktūrą, užtikrinti turizmo informacijos sklaidą.
C6: Įgyvendinant Visagino savivaldybės 2026-2028 m. strateginį veiklos planą, vadovaujamasi 2023-2030 m. strateginiame plėtros plane numatytais prioritetais tikslais ir planuojamais pasiekti rezultatais:
B7: 1 prioritetas | C7: Konkurencingo verslo skatinimas ir vietinės ekonomikos tvari plėtra
B8: 1.1. tikslas | C8: ='[1]II skyrius'!D10 -> Gerinti investicinės aplinkos patrauklumą ir didinti ekonominį potencialą
C9: Investicijų pritraukimo ir verslumo skatinimo institucinės ekosistemos sukūrimas Visagino, Ignalinos ir Zarasų funkcinėje zonoje (VIZA funkcinės zonos strategijos įgyvendinimas)
C10: Investicijoms pritaikytos verslo ir gamybos pastatų bei žemės infrastruktūros, skatinant apleistų/nenaudojamų/neefektyviai naudojamų teritorijų ir pastatų konversiją ir pritaikymą ekonominei veiklai, sukūrimas
B11: 1.2. tikslas | C11: ='[1]II skyrius'!D18 -> Didinti turistinį savivaldybės patrauklumą, teikiant viešąsias paslaugas bei plėtojant viešąją turizmo infrastruktūrą
C12: Viešųjų paslaugų teikimas bei Visagino savivaldybės turizmo rinkodaros plėtojimas
C13: Žygių maršrutų sukūrimas, integracija į funkcinės zonos VIZA ir Utenos regiono bendrus turizmo maršrutus, priėjimų prie lankomų/gamtos objektų įrengimas, atokvėpio/stebėjimo vietų įrengimas
C14: Visagino kaip postbranduolinės erdvės paveldo išsaugojimas, aktualizavimas, pristatymas
B15: 2 prioritetas | C15: Socialinės gerovės kūrimas sumaniai, pažangiai, besimokančiai, moderniai ir laimingai bendruomenei
B16: 2.1. tikslas | C16: ='[1]II skyrius'!D22 -> Tikslingai naudojant švietimui skirtas lėšas bei kryptingai tobulinant darbuotojų kompetencijas, kiekvienam besimokančiajam sukurti lygiavertes ir šiuolaikiškas kokybiško ugdymo(si) sąlygas, lemiančias geresnius mokinių pasiekimus, optimalią, integracinę, darniai ir racionaliai veikiančią, nuolat atsinaujinančią savivaldybės švietimo sistemą
C17: Ikimokyklinio ugdymo įstaigų tinklo, kuriant naujas ugdymo vietas, stiprinimas
C18: Visagino progimnazijų erdvių pritaikymas negalią turinčių mokinių ugdymuisi įtraukiuoju būdu
C19: Visos dienos užimtumo erdvių sukūrimas Visagino bendrojo ugdymo mokyklose
C20: Robotikos ir dronų konstravimo ir pilotavimo kompetencijų ugdymas
C21: Iniciatyvų „Tvari mokykla 2030“ įgyvendinimas
C22: Visagino savivaldybės bendrojo ugdymo mokyklų tinklo pertvarkos priemonių planų kiekvienoje mokykloje įgyvendinimas
B23: 2.2. tikslas | C23: ='[1]II skyrius'!D30 -> Sudaryti sąlygas visų amžiaus grupių ir galimybių visaginiečiams jų sveikai gyvensenai, fiziniam aktyvumui, sportavimui bei siekti, kad tai taptų savivaldybės bendruomenės gyvensenos dalimi
C24: Visagino savivaldybės ugdymo įstaigų vidaus ir lauko sporto infrastruktūros - sporto salių, aikštelių, stadionų - atnaujinimas ir (ar) plėtra
C25: Aplinkos ir viešųjų erdvių fizinio aktyvumo užsiėmimams pritaikymas
B26: 2.3. tikslas | C26: ='[1]II skyrius'!D36 -> Įgyvendinti valstybinę kultūros politiką ir formuoti regioninį identitetą, stiprinti pilietiškumą ir bendruomenės į(si)traukimą į kūrybines, kultūrines veiklas
C27: Infrastruktūros, būtinos gyventojų kultūriniams poreikiams užtikrinti, esamos vidaus rekonstravimas ir/arba naujos statymas
C28: Visagino miesto muziejaus koncepcijos ir struktūros plėtojimas
B29: 2.4. tikslas | C29: ='[1]II skyrius'!D43 -> Stiprinti ir puoselėti gyventojų sveikatą
C30: Asmens sveikatos priežiūros įstaigų paslaugų infrastruktūros bei įrangos, siekiant didesnės ir aukštesnės paslaugų aprėpties, įvairovės ir kokybės, plėtojimas, modernizavimas ir atnaujinimas (Visagino sveikatos centro veiklos vystymas)
B31: 2.5. tikslas | C31: ='[1]II skyrius'!D47 -> Pagerinti ir plėsti socialinių paslaugų kokybę ir prieinamumą bei sukurti jų plėtrai reikalingą infrastruktūrą
C32: Socialinių paslaugų prieinamumo didinimas
C33: Socialinio ir savivaldybės būsto prieinamumo visų socialinių grupių atstovams didinimas
B34: 2.6. tikslas | C34: ='[1]II skyrius'!D49 -> Sudaryti galimybes jaunimui atvykti, dirbti ir gyventi Visagino savivaldybėje
C35: Jaunimo teikiamų projektų ir iniciatyvų finansavimas
B36: 2.7. tikslas | C36: ='[1]II skyrius'!D52 -> Gyventojų socialinio, pilietinio aktyvumo, dalyvavimo savanoriškoje, visuomeninėje veikloje, tarpusavio pasitikėjimo, bendruomenės socialinės atsakomybės ir įsitraukimo didinimas
C37: Vietos savivaldai priimant sprendimus integruotai ir tolygiai formuoti nevyriausybinių ir bendruomeninių organizacijų veiklai palankią aplinką savivaldybėje (Dalyvaujamojo biudžeto priemonių vykdymas )
C38: Viešosios naudos nevyriausybinių ir bendruomeninių organizacijų institucinio stiprinimo projektų (gebėjimai, lyderystė, sąlygos viešosios naudos organizacijų veiklos tvarumui užtikrinti, socialinis verslas ir kt. ) - vietos veiklos grupių strategijų įgyvendinimas
B39: 2.8. tikslas | C39: ='[1]II skyrius'!D56 -> Tobulinti viešojo valdymo sistemą, didinti jos efektyvumą ir atvirumą
C40: Inovatyvių sprendimų ir būdų, savivaldybėje ir jos įstaigose galinčių padidinti viešojo efektyvumo valdymo efektyvumą diegimas (miesto dvynio informacinės sistemos sukūrimas)
C41: Miesto vaizdo stebėjimo sistemos naujinimas ir plėtra
C42: Priedangų atsparumo stiprinimas ir pritaikymas riboto judumo asmenims (naujas)
B43: 3 prioritetas | C43: Tvarus, subalansuotas savivaldybės aplinkos vystymas ir plėtra
B44: 3.1. tikslas | C44: ='[1]II skyrius'!D64 -> Vykdyti kryptingą darnaus judumo politiką savivaldybėje
C45: ='[1]II skyrius'!D65 -> Skatinti bemotorio transporto pasirinkimą ir pėsčiųjų judumą
C46: Esamų šaligatvių ir pėsčiųjų takų infrastruktūros kokybės gerinimas
C47: Autobusų stoties su turizmo informacijos centru statybos užbaigimas ir perdavimas stoties valdytojui
C48: Tinkamo miesto kelių tinklo darnos, saugumo ir kokybės užtikrinimas
B49: 3.2. tikslas | C49: ='[1]II skyrius'!D68 -> Skatinti tvarų miesto teritorijos vystymą
C50: Individualių namų kvartalo vystymas (projektavimas)
C51: Daugiafunkcių viešųjų erdvių poilsio, rekreacijos ir kultūros poreikiams įrengimas, modernizavimas ir /ar atnaujinimas
B52: 3.3. tikslas | C52: ='[1]II skyrius'!D72 -> Skatinti žaliąją savivaldybės plėtrą
C53: Kogeneracinės biokuro elektrinės (1,25 MW elektros galios 6,8 MW šilumos galios) statybos užbaigimas
C54: Savivaldybės viešųjų pastatų, taikant energijos išteklių panaudojimo efektyvumo didinimo priemones, modernizavimas
C55: Komunalinių, rūšiuojamųjų, žaliųjų atliekų, atliekų, tinkamų paruošimui pakartotiniam naudojimui, surinkimo pajėgumų bei apdorojimo plėtra Visagino savivaldybėje, keičiant į kitus energetinius šaltinius

Sheet V skyrius. Programos
F3: V SKYRIUS PROGRAMOS
F4: Visagino savivaldybės 2026–2028 metų strateginį veiklos planą sudaro 10 įvairius savivaldybės veiklos sektorius apimančių programų. Kiekvienoje programoje iškelti trejų metų veiklos strateginiai uždaviniai, suformuluotos priemonės ir konkretizuoti rezultatų pasiekimo rodikliai. Programos buvo pasirinktos,susisteminus ir apibendrinus vietos savivaldos principus, savivaldybės instituciją ir jos kompetenciją, numatytas vykdyti funkcijas, savivaldybės mero, savivaldybės tarybos nario statusą, savivaldybių ūkinės ir finansinės veiklos pagrindus, taip pat išanalizavus viešojo administravimo sritis, viešojo administravimo subjektų sistemą ir administracinės procedūros organizavimo pagrindus.
F11: 3 lentelė. 2026-2028 metų asignavimų ir kitų lėšų pasiskirstymas pagal programas (tūkst. eurų)
F12: Eil. Nr. | G12: Programos kodas ir pavadinimas | H12: 2024 metų asignavimai ir kitos lėšos | I12: Pokytis proc. | J12: 2025 m. asignavimų ir kitų lėšų poreikis , tūkst. Eur | K12: 2025metų asignavimai ir kitos lėšos | L12: 2026 metų asignavimai ir kitos lėšos | N12: 2026 metų asignavimų ir kitų lėšų poreikis | O12: 2027 metų asignavimai ir kitos lėšos | P12: 2027 metų asignavimų ir kitų lėšų poreikis | Q12: 2028 metų asignavimai ir kitos lėšos | R12: 2028 metų asignavimų ir kitų lėšų poreikis | V12: 2025 | W12: 2026 | X12: 2027 | Y12: 2028
F13: 1 | G13: 2 | H13: 3 | K13: 4 | L13: 5 | N13: 5 | O13: 5 | P13: 5 | Q13: 5 | R13: 5 | U13: 1 | V13: =K14 -> 6147.301 | W13: =L14 -> 6754.748 | X13: =O14 -> 7219.5275 | Y13: =Q14 -> 7725.2132
F14: 1 | G14: Valdymo tobulinimo programa (01) | H14: =SUM('1 programa '!H218) -> 5799.304 | I14: =K14/H14-1 -> 0.060006684 | J14: =SUM('1 programa '!J218) -> 6358.191 | K14: =SUM('1 programa '!K218) -> 6147.301 | L14: =SUM('1 programa '!L218) -> 6754.748 | M14: =(L14-K14)/K14 -> 0.098815236 | N14: ='1 programa '!M218 -> 6571.295 | O14: =SUM('1 programa '!O218) -> 7219.5275 | P14: =SUM('1 programa '!P218) -> 6871.849 | Q14: ='1 programa '!Q218 -> 7725.2132 | R14: ='1 programa '!R218 -> 7005.524 | S14: =H14-'Suvestinė pagal FŠ'!DG7 -> -1420.2235 | U14: 2 | V14: =K15 -> 24211.255 | W14: =L15 -> 23592.529 | X14: =O15 -> 22234.658 | Y14: =Q15 -> 21967.733
F15: 2 | G15: Švietimo paslaugų plėtros programa (02) | H15: ='2 programa '!H371 -> 21438.919 | I15: =K15/H15-1 -> 0.12931324 | J15: ='2 programa '!J371 -> 11458.421 | K15: ='2 programa '!K371 -> 24211.255 | L15: ='2 programa '!L371 -> 23592.529 | M15: =(L15-K15)/K15 -> -0.025555305 | N15: ='2 programa '!M371 -> 21998.872 | O15: ='2 programa '!O371 -> 22234.658 | P15: ='2 programa '!P371 -> 13625.102 | Q15: ='2 programa '!Q371 -> 21967.733 | R15: ='2 programa '!R371 -> 20525.09 | S15: =H15-'Suvestinė pagal FŠ'!DG11 -> -795.73875 | U15: 3 | V15: =K16 -> 1836.461 | W15: =L16 -> 2423.064 | X15: =O16 -> 1986.515 | Y15: =Q16 -> 2074.5633
F16: 3 | G16: Fizinio aktyvumo ir sporto plėtros programa (03) | H16: ='+3 programa'!H89 -> 1600.845 | I16: =K16/H16-1 -> 0.14718227 | J16: ='+3 programa'!J89 -> 178 | K16: ='+3 programa'!K89 -> 1836.461 | L16: ='+3 programa'!L89 -> 2423.064 | M16: =(L16-K16)/K16 -> 0.31942034 | N16: ='+3 programa'!M89 -> 2857.244 | O16: ='+3 programa'!O89 -> 1986.515 | P16: ='+3 programa'!P89 -> 2496.28 | Q16: ='+3 programa'!Q89 -> 2074.5633 | R16: ='+3 programa'!R89 -> 2709.755 | S16: =H16-'Suvestinė pagal FŠ'!DG15 -> -385.67 | U16: 4 | V16: =K17 -> 2237.616 | W16: =L17 -> 2612.543 | X16: =O17 -> 2739.3395 | Y16: =Q17 -> 2956.5604
F17: 4 | G17: Gyventojų kultūrinio aktyvumo skatinimo ir identiteto stiprinimo programa (04) | H17: ='4 programa'!H130 -> 2002.157 | I17: =K17/H17-1 -> 0.11760267 | J17: ='4 programa'!J130 -> 1981.18 | K17: ='4 programa'!K130 -> 2237.616 | L17: ='4 programa'!L130 -> 2612.543 | M17: =(L17-K17)/K17 -> 0.16755645 | N17: ='4 programa'!M130 -> 2814.295 | O17: ='4 programa'!O130 -> 2739.3395 | P17: ='4 programa'!P130 -> 2759.735 | Q17: ='4 programa'!Q130 -> 2956.5604 | R17: ='4 programa'!R130 -> 2831.904 | S17: =H17-'Suvestinė pagal FŠ'!DG19 -> -737.1825 | U17: 5 | V17: =K18 -> 669.025 | W17: =L18 -> 760.43 | X17: =O18 -> 722.454 | Y17: =Q18 -> 560.704
F18: 5 | G18: Bendruomeniškumo skatinimo programa (05) | H18: ='+5 programa'!H114 -> 331.956 | I18: =K18/H18-1 -> 1.0154026 | J18: ='+5 programa'!J114 -> 792 | K18: ='+5 programa'!K114 -> 669.025 | L18: ='+5 programa'!L114 -> 760.43 | M18: =(L18-K18)/K18 -> 0.13662419 | N18: ='+5 programa'!M114 -> 804.03 | O18: ='+5 programa'!O114 -> 722.454 | P18: ='+5 programa'!P114 -> 682.454 | Q18: ='+5 programa'!Q114 -> 560.704 | R18: ='+5 programa'!R114 -> 574.704 | S18: =H18-'Suvestinė pagal FŠ'!DG23 -> -390.498 | U18: 6 | V18: =K19 -> 17768.559 | W18: =L19 -> 21427.353 | X18: =O19 -> 19970.692 | Y18: =Q19 -> 17253.614
F19: 6 | G19: Socialinės paramos programa (06) | H19: ='6 programa'!I289 -> 14477.562 | I19: =K19/H19-1 -> 0.22731707 | J19: ='6 programa'!K289 -> 16758.781 | K19: ='6 programa'!L289 -> 17768.559 | L19: ='6 programa'!M289 -> 21427.353 | M19: =(L19-K19)/K19 -> 0.20591394 | N19: ='6 programa'!N289 -> 20806.59 | O19: ='6 programa'!P289 -> 19970.692 | P19: ='6 programa'!Q289 -> 19456.853 | Q19: ='6 programa'!R289 -> 17253.614 | R19: ='6 programa'!S289 -> 16948.684 | S19: =H19-'Suvestinė pagal FŠ'!DG27 -> -5493.13 | U19: 7 | V19: =K20 -> 1808.8367 | W19: =L20 -> 2212.136 | X19: =O20 -> 925.153 | Y19: =Q20 -> 719.261
F20: 7 | G20: Sveikatos apsaugos paslaugų kokybės gerinimo programa (07) | H20: ='7 programa'!H177 -> #REF! | I20: =K20/H20-1 -> #REF! | J20: ='7 programa'!J177 -> 1621.9135 | K20: ='7 programa'!K177 -> 1808.8367 | L20: ='7 programa'!L177 -> 2212.136 | M20: =(L20-K20)/K20 -> 0.22296057 | N20: ='7 programa'!M177 -> 2028.989 | O20: ='7 programa'!O177 -> 925.153 | P20: ='7 programa'!P177 -> 916.86 | Q20: ='7 programa'!Q177 -> 719.261 | R20: ='7 programa'!R177 -> 710.968 | S20: =H20-'Suvestinė pagal FŠ'!DG31 -> #REF! | U20: 8 | V20: =K21 -> 5190.364 | W20: =L21 -> 6117.924 | X20: =O21 -> 6586.084 | Y20: =Q21 -> 5514.7175
F21: 8 | G21: Aplinkos apsaugos programa (08) | H21: ='8 programa'!H169 -> 4399.305 | I21: =K21/H21-1 -> 0.17981454 | J21: ='8 programa'!J169 -> 4476.937 | K21: ='8 programa'!K169 -> 5190.364 | L21: ='8 programa'!L169 -> 6117.924 | M21: =(L21-K21)/K21 -> 0.17870808 | N21: ='8 programa'!M169 -> 6110.083 | O21: ='8 programa'!O169 -> 6586.084 | P21: ='8 programa'!P169 -> 6463.618 | Q21: ='8 programa'!Q169 -> 5514.7175 | R21: ='8 programa'!R169 -> 5509.743 | S21: =H21-'Suvestinė pagal FŠ'!DG35 -> -2186.779 | U21: 9 | V21: =K22 -> 2858.5157 | W21: =L22 -> 3319.078 | X21: =O22 -> 6253.946 | Y21: =Q22 -> 3741.811
F22: 9 | G22: Ekonominės plėtros programa (09) | H22: =SUM('+9 programa'!E209) -> 2019.759 | I22: =K22/H22-1 -> 0.41527563 | J22: =SUM('+9 programa'!G209) -> 2169.125 | K22: =SUM('+9 programa'!H209) -> 2858.5157 | L22: =SUM('+9 programa'!I209) -> 3319.078 | M22: =(L22-K22)/K22 -> 0.16111939 | N22: ='+9 programa'!J209 -> 3239.701 | O22: =SUM('+9 programa'!L209) -> 6253.946 | P22: =SUM('+9 programa'!M209) -> 6193.447 | Q22: ='+9 programa'!N209 -> 3741.811 | R22: ='+9 programa'!O209 -> 3688.893 | S22: =H22-'Suvestinė pagal FŠ'!DG39 -> -4234.187 | U22: 10 | V22: =K23 -> 8961.096 | W22: =L23 -> 9501.943 | X22: =O23 -> 18925.561 | Y22: =Q23 -> 13893.03
F23: 10 | G23: Viešosios infrastruktūros programa (10) | H23: ='10 programa'!H297 -> #REF! | I23: =K23/H23-1 -> #REF! | J23: ='10 programa'!J297 -> 6900.271 | K23: ='10 programa'!K297 -> 8961.096 | L23: ='10 programa'!L297 -> 9501.943 | M23: =(L23-K23)/K23 -> 0.060355006 | N23: ='10 programa'!M297 -> 12741.474 | O23: ='10 programa'!O297 -> 18925.561 | P23: ='10 programa'!P297 -> 18532.589 | Q23: ='10 programa'!Q297 -> 13893.03 | R23: ='10 programa'!R297 -> 13807.419 | S23: =H23-'Suvestinė pagal FŠ'!DG43 -> #REF!
G24: Iš viso: | H24: =SUM(H14:H23) -> #REF! | I24: =K24/H24-1 -> #REF! | J24: =SUM(J14:J23) -> 52694.819 | K24: =SUM(K14:K23) -> 71689.029 | L24: =SUM(L14:L23) -> 78721.748 | M24: =(L24-K24)/K24 -> 0.098100346 | N24: =SUM(N14:N23) -> 79972.573 | O24: =SUM(O14:O23) -> 87563.929 | P24: =SUM(P14:P23) -> 77998.787 | Q24: =SUM(Q14:Q23) -> 76407.208 | R24: =SUM(R14:R23) -> 74312.684
F25: 1. Savivaldybės biudžetas (įskaitant skolintas lėšas) | H25: =SUM(H27,H29,H34,H35,H36,H37,) -> #REF! | J25: =SUM(J27,J29,J34,J35,J36,J37,) -> 45131.928 | K25: =SUM(K27,K29,K34,K35,K36,K37,) -> 64146.138 | L25: =SUM(L27,L29,L34,L35,L36,L37,) -> 70433.226 | M25: =(L25-K25)/K25 -> 0.098011942 | N25: =SUM(N27,N29,N34,N35,N36,N37,) -> 72097.87 | O25: =SUM(O27,O29,O34,O35,O36,O37,) -> 79108.208 | P25: =SUM(P27,P29,P34,P35,P36,P37,) -> 70329.674 | Q25: =SUM(Q27,Q29,Q34,Q35,Q36,Q37,) -> 68403.438 | R25: =SUM(R27,R29,R34,R35,R36,R37,) -> 66873.559
F26: Iš jo:
F27: 1.1. savivaldybės biudžeto lėšos (nuosavos, be ankstesnių metų likučio), iš jų: | H27: =SUM('1 programa '!H209,'2 programa '!H361,'+3 programa'!H80,'4 programa'!H122,'+5 programa'!H107,'6 programa'!I280,'7 programa'!H168,'8 programa'!H160,'+9 programa'!E200,'10 programa'!H290) -> #REF! | I27: =K27/H27-1 -> #REF! | J27: =SUM('1 programa '!J209,'2 programa '!J361,'+3 programa'!J80,'4 programa'!J122,'+5 programa'!J107,'6 programa'!K280,'7 programa'!J168,'8 programa'!J160,'+9 programa'!G200,'10 programa'!J290) -> 29348.84 | K27: =SUM('1 programa '!K209,'2 programa '!K361,'+3 programa'!K80,'4 programa'!K122,'+5 programa'!K107,'6 programa'!L280,'7 programa'!K168,'8 programa'!K160,'+9 programa'!H200,'10 programa'!K290) -> 29317.727 | L27: =SUM('1 programa '!L209,'2 programa '!L361,'+3 programa'!L80,'4 programa'!L122,'+5 programa'!L107,'6 programa'!M280,'7 programa'!L168,'8 programa'!L160,'+9 programa'!I200,'10 programa'!L290) -> 32017.37 | M27: =(L27-K27)/K27 -> 0.092082275 | N27: =SUM('1 programa '!M209,'2 programa '!M361,'+3 programa'!M80,'4 programa'!M122,'+5 programa'!M107,'6 programa'!N280,'7 programa'!M168,'8 programa'!M160,'+9 programa'!J200,'10 programa'!M290) -> 45626.143 | O27: =SUM('1 programa '!O209,'2 programa '!O361,'+3 programa'!O80,'4 programa'!O122,'+5 programa'!O107,'6 programa'!P280,'7 programa'!O168,'8 programa'!O160,'+9 programa'!L200,'10 programa'!O290) -> 47377.358 | P27: =SUM('1 programa '!P209,'2 programa '!P361,'+3 programa'!P80,'4 programa'!P122,'+5 programa'!P107,'6 programa'!Q280,'7 programa'!P168,'8 programa'!P160,'+9 programa'!M200,'10 programa'!P290) -> 42614.544 | Q27: =SUM('1 programa '!Q209,'2 programa '!Q361,'+3 programa'!Q80,'4 programa'!Q122,'+5 programa'!Q107,'6 programa'!R280,'7 programa'!Q168,'8 programa'!Q160,'+9 programa'!N200,'10 programa'!Q290) -> 46461.03 | R27: =SUM('1 programa '!R209,'2 programa '!R361,'+3 programa'!R80,'4 programa'!R122,'+5 programa'!R107,'6 programa'!S280,'7 programa'!R168,'8 programa'!R160,'+9 programa'!O200,'10 programa'!R290) -> 44778.562
F28: 1.1.1. Aplinkos apsaugos rėmimo specialiosios programos lėšos su ankstesnių metų likučiu | H28: ='7 programa'!H169+'8 programa'!H161 -> 58 | I28: =K28/H28-1 -> 1.2125345 | K28: =SUM('7 programa'!K169,'7 programa'!K170,'8 programa'!K161,'8 programa'!K162,) -> 128.327 | L28: =SUM('7 programa'!L169,'7 programa'!L170,'8 programa'!L161,'8 programa'!L162,) -> 92.87 | M28: =(L28-K28)/K28 -> -0.27630195 | N28: =SUM('8 programa'!M161,'8 programa'!M162,'7 programa'!M169,'7 programa'!M170,) -> 112.65 | O28: =SUM('7 programa'!O169,'7 programa'!O170,'8 programa'!O161,'8 programa'!O162,) -> 87.2 | P28: =SUM('7 programa'!O169,'7 programa'!O170,'8 programa'!O161,'8 programa'!O162,) -> 87.2 | Q28: =SUM('7 programa'!Q169,'7 programa'!Q170,'8 programa'!Q161,'8 programa'!Q162,) -> 87.2 | R28: =SUM('7 programa'!Q169,'7 programa'!Q170,'8 programa'!Q161,'8 programa'!Q162,) -> 87.2
F29: 1.2. Lietuvos Respublikos valstybės biudžeto dotacijos, iš jų: | H29: =SUM('1 programa '!H210,,'2 programa '!H362,'+3 programa'!H81,'4 programa'!H123,'+5 programa'!H108,'6 programa'!I281,'7 programa'!H171,'8 programa'!H163,'+9 programa'!E201,'10 programa'!H291) -> 13182.072 | I29: =K29/H29-1 -> 0.18299566 | J29: =SUM('1 programa '!J210,,'2 programa '!J362,'+3 programa'!J81,'4 programa'!J123,'+5 programa'!J108,'6 programa'!K281,'7 programa'!J171,'8 programa'!J163,'+9 programa'!G201,'10 programa'!J291) -> 3321.327 | K29: =SUM('1 programa '!K210,,'2 programa '!K362,'+3 programa'!K81,'4 programa'!K123,'+5 programa'!K108,'6 programa'!L281,'7 programa'!K171,'8 programa'!K163,'+9 programa'!H201,'10 programa'!K291) -> 15594.334 | L29: =SUM(L30,L31,L32,L33) -> 16302.987 | M29: =(L29-K29)/K29 -> 0.045442979 | N29: =SUM(N30,N31,N32,N33,) -> 15732.023 | O29: =SUM(O30,O31,O32,O33,) -> 16302.987 | P29: =SUM(P30,P31,P32,P33,) -> 14782.241 | Q29: =SUM(Q30,Q31,Q32,Q33,) -> 16302.987 | R29: =SUM(R30,R31,R32,R33,) -> 16743.878
F30: 1.2.1. Valstybinės (valstybės perduotos savivaldybėms) funkcijos (D) | K30: =SUM('1 programa '!K211,'6 programa'!L282,'7 programa'!K171,'+9 programa'!H202,) -> 2613.384 | L30: =SUM('1 programa '!L211,'6 programa'!M282,'7 programa'!L171,'+9 programa'!I202,) -> 3033.484 | M30: =(L30-K30)/K30 -> 0.16074943 | N30: =SUM('1 programa '!M211,'6 programa'!N282,'7 programa'!M171,'+9 programa'!J202,) -> 3160.157 | O30: =SUM('1 programa '!O211,'6 programa'!P282,'7 programa'!O171,'8 programa'!O163,'+9 programa'!L202) -> 3033.484 | P30: =SUM('1 programa '!P211,'6 programa'!Q282,'7 programa'!P171,'8 programa'!P163,'+9 programa'!M202) -> 3240.214 | Q30: =SUM('1 programa '!Q211,'6 programa'!R282,'7 programa'!Q171,'8 programa'!Q163,'+9 programa'!N202) -> 3033.484 | R30: =SUM('1 programa '!R211,'6 programa'!S282,'7 programa'!R171,'8 programa'!R163,'+9 programa'!O202) -> 3283.812
F31: Ugdymo reikmėms finansuoti (MK) | K31: =SUM('2 programa '!K363,'+3 programa'!K82) -> 10540 | L31: =SUM('2 programa '!L363,'+3 programa'!L82) -> 11317.7 | M31: =(L31-K31)/K31 -> 0.073785579 | N31: =SUM('2 programa '!M363,'+3 programa'!M82) -> 10697.185 | O31: =SUM('2 programa '!O363,'+3 programa'!O82) -> 11317.7 | P31: =SUM('2 programa '!P363,'+3 programa'!P81) -> 9758.34 | Q31: =SUM('2 programa '!Q363,'+3 programa'!Q82) -> 11317.7 | R31: =SUM('2 programa '!R363,'+3 programa'!R81) -> 11591.867
F32: 1.1.2. Savivaldybių mokykloms (klasėms arba grupėms), skirtoms šalies (regiono) mokiniams, turintiems specialiųjų ugdymosi poreikių, ir kitoms savivaldybėms perduotoms įstaigoms išlaikyti | K32: =SUM('2 programa '!K364) -> 40.2 | L32: =SUM('2 programa '!L364) -> 35.8 | M32: =(L32-K32)/K32 -> -0.10945274 | N32: =SUM('2 programa '!M364) -> 41.1 | O32: ='2 programa '!O364 -> 35.8 | P32: ='2 programa '!P364 -> 35.8 | Q32: ='2 programa '!Q364 -> 35.8 | R32: ='2 programa '!R364 -> 45.4 | U32: =L27+L37+L36 -> 43818.048
F33: 1.1.3. Valstybės biudžeto lėšos ir kitos dotacijos (SD) | K33: =SUM('1 programa '!K212,'2 programa '!K365,'4 programa'!K123,'+5 programa'!K108,'6 programa'!L283,'+9 programa'!H203,'10 programa'!K291) -> 2400.75 | L33: =SUM('1 programa '!L212,'2 programa '!L365,'4 programa'!L123,'+5 programa'!L108,'6 programa'!M283,'+9 programa'!I203,'10 programa'!L291,'+3 programa'!L83) -> 1916.003 | M33: =(L33-K33)/K33 -> -0.20191482 | N33: =SUM('1 programa '!M212,'2 programa '!M364,'+3 programa'!M83,'4 programa'!M124,'+5 programa'!M108,'6 programa'!N283,'+9 programa'!J203,'10 programa'!M291,) -> 1833.581 | O33: =SUM('1 programa '!O212,'2 programa '!O365,'+3 programa'!O83,'4 programa'!O123,'+5 programa'!O108,'6 programa'!P283,'+9 programa'!L203,'10 programa'!O291) -> 1916.003 | P33: =SUM('1 programa '!P212,'2 programa '!P364,'+3 programa'!P83,'4 programa'!P124,'+5 programa'!P108,'6 programa'!Q283,'+9 programa'!M203,'10 programa'!P291) -> 1747.887 | Q33: =SUM('1 programa '!Q212,'2 programa '!Q365,'+3 programa'!Q83,'4 programa'!Q123,'+5 programa'!Q108,'6 programa'!R283,'+9 programa'!N203,'10 programa'!Q291) -> 1916.003 | R33: =SUM('1 programa '!R212,'2 programa '!R365,'4 programa'!R123,'+5 programa'!R108,'6 programa'!S283,'+9 programa'!O203,'10 programa'!R291) -> 1822.799 | S33: ž
F34: 1.3. Pajamų įmokos ir kitos pajamos su ankstesnių metų likučiu | H34: =SUM('1 programa '!H213,'2 programa '!H366,'+3 programa'!H84,'4 programa'!H125,'+5 programa'!H109,'6 programa'!I284,'7 programa'!H172,'8 programa'!H164,'+9 programa'!E204,'10 programa'!H292) -> 1550 | I34: =K34/H34-1 -> 0.13990645 | J34: =SUM('1 programa '!J213,'2 programa '!J366,'+3 programa'!J84,'4 programa'!J125,'+5 programa'!J109,'6 programa'!K284,'7 programa'!J172,'8 programa'!J164,'+9 programa'!G204,'10 programa'!J292) -> 969.843 | K34: =SUM('1 programa '!K213,'2 programa '!K366,'+3 programa'!K84,'4 programa'!K125,'+5 programa'!K109,'6 programa'!L284,'7 programa'!K172,'8 programa'!K164,'+9 programa'!H204,'10 programa'!K292) -> 1766.855 | L34: =SUM('1 programa '!L213,'2 programa '!L366,'+3 programa'!L84,'4 programa'!L125,'+5 programa'!L109,'6 programa'!M284,'7 programa'!L172,'8 programa'!L164,'+9 programa'!I204,'10 programa'!L292) -> 1792.212 | M34: =(L34-K34)/K34 -> 0.014351489 | N34: =SUM('1 programa '!M213,'2 programa '!M366,'+3 programa'!M84,'4 programa'!M125,'+5 programa'!M109,'6 programa'!N284,'7 programa'!M172,'8 programa'!M164,'+9 programa'!J204,'10 programa'!M292) -> 1668.65 | O34: =SUM('1 programa '!O213,'2 programa '!O366,'4 programa'!O125,'+5 programa'!O109,'6 programa'!P284,'7 programa'!O172,'8 programa'!O164,'+9 programa'!L204,'10 programa'!O292) -> 1710.67 | P34: =SUM('1 programa '!P213,'2 programa '!P366,'4 programa'!P125,'+5 programa'!P109,'6 programa'!Q284,'7 programa'!P172,'8 programa'!P164,'+9 programa'!M204,'10 programa'!P292) -> 1710.67 | Q34: =SUM('1 programa '!Q213,'2 programa '!Q366,'4 programa'!Q125,'+5 programa'!Q109,'6 programa'!R284,'7 programa'!Q172,'8 programa'!Q164,'+9 programa'!N204,'10 programa'!Q292) -> 1745.87 | R34: =SUM('1 programa '!R213,'2 programa '!R366,'4 programa'!R125,'+5 programa'!R109,'6 programa'!S284,'7 programa'!R172,'8 programa'!R164,'+9 programa'!O204,'10 programa'!R292) -> 1745.87
F35: 1.4. Europos Sąjungos ir kitos tarptautinės finansinės paramos lėšos su ankstesnių metų likučiu (ES, EGDAP) | H35: =SUM('1 programa '!H214,'2 programa '!H367,'+3 programa'!H85,'4 programa'!H126,'+5 programa'!H110,'6 programa'!I285,'7 programa'!H173,'8 programa'!H165,'+9 programa'!E205,'10 programa'!H293) -> #REF! | I35: =K35/H35-1 -> #REF! | J35: =SUM('1 programa '!J214,'2 programa '!J367,'+3 programa'!J85,'4 programa'!J126,'+5 programa'!J110,'6 programa'!K285,'7 programa'!J173,'8 programa'!J165,'+9 programa'!G205,'10 programa'!J293) -> 9050.3027 | K35: =SUM('1 programa '!K214,'2 programa '!K367,'+3 programa'!K85,'4 programa'!K126,'+5 programa'!K110,'6 programa'!L285,'7 programa'!K173,'8 programa'!K165,'+9 programa'!H205,'10 programa'!K293) -> 9658.4624 | L35: =SUM('1 programa '!L214,'2 programa '!L367,'+3 programa'!L85,'4 programa'!L126,'+5 programa'!L110,'6 programa'!M285,'7 programa'!L173,'8 programa'!L165,'+9 programa'!I205,'10 programa'!L293) -> 8519.979 | M35: =(L35-K35)/K35 -> -0.11787419 | N35: =SUM('1 programa '!M214,'2 programa '!M367,'+3 programa'!M85,'4 programa'!M126,'+5 programa'!M110,'6 programa'!N285,'7 programa'!M173,'8 programa'!M165,'+9 programa'!J205,'10 programa'!M293) -> 9071.054 | O35: =SUM('1 programa '!O214,'2 programa '!O367,'+3 programa'!O85,'4 programa'!O126,'+5 programa'!O110,'6 programa'!P285,'7 programa'!O173,'8 programa'!O165,'+9 programa'!L205,'10 programa'!O293) -> 11608.651 | P35: =SUM('1 programa '!P214,'2 programa '!P367,'+3 programa'!P85,'4 programa'!P126,'+5 programa'!P110,'6 programa'!Q285,'7 programa'!P173,'8 programa'!P165,'+9 programa'!M205,'10 programa'!P293) -> 11222.219 | Q35: =SUM('1 programa '!Q214,'2 programa '!Q367,'+3 programa'!Q85,'4 programa'!Q126,'+5 programa'!Q110,'6 programa'!R285,'7 programa'!Q173,'8 programa'!Q165,'+9 programa'!N205,'10 programa'!Q293) -> 3605.249 | R35: =SUM('1 programa '!R214,'2 programa '!R367,'+3 programa'!R85,'4 programa'!R126,'+5 programa'!R110,'6 programa'!S285,'7 programa'!R173,'8 programa'!R165,'+9 programa'!O205,'10 programa'!R293) -> 3605.249
F36: 1.5. Skolintos lėšos | H36: =SUM('1 programa '!H215,'2 programa '!H368,'+3 programa'!H86,'4 programa'!H127,'+5 programa'!H111,'6 programa'!I286,'7 programa'!H174,'8 programa'!H166,'+9 programa'!E206,'10 programa'!H294) -> 325.057 | I36: =K36/H36-1 -> -0.91936799 | J36: =SUM('1 programa '!J215,'2 programa '!J368,'+3 programa'!J86,'4 programa'!J127,'+5 programa'!J111,'6 programa'!K286,'7 programa'!J174,'8 programa'!J166,'+9 programa'!G206,'10 programa'!J294) -> 26.214 | K36: =SUM('1 programa '!K215,'2 programa '!K368,'+3 programa'!K86,'4 programa'!K127,'+5 programa'!K111,'6 programa'!L286,'7 programa'!K174,'8 programa'!K166,'+9 programa'!H206,'10 programa'!K294) -> 26.21 | L36: =SUM('1 programa '!L215,'2 programa '!L368,'+3 programa'!L86,'4 programa'!L127,'+5 programa'!L111,'6 programa'!M286,'7 programa'!L174,'8 programa'!L166,'+9 programa'!I206,'10 programa'!L294,) -> 2525.344 | M36: =(L36-K36)/K36 -> 95.350401 | N36: =SUM('1 programa '!M215,'2 programa '!M368,'+3 programa'!M86,'4 programa'!M127,'+5 programa'!M111,'6 programa'!N286,'7 programa'!M174,'8 programa'!M166,'+9 programa'!J206,'10 programa'!M294) -> 0 | O36: =SUM('1 programa '!O215,'2 programa '!O368,'+3 programa'!O86,'4 programa'!O127,'+5 programa'!O111,'6 programa'!P286,'7 programa'!O174,'8 programa'!O166,'+9 programa'!L206,'10 programa'!O294,'+5 programa'!O77) -> 2108.542 | P36: =SUM('1 programa '!P215,'2 programa '!P368,'+3 programa'!P86,'4 programa'!P127,'+5 programa'!P111,'6 programa'!Q286,'7 programa'!P174,'8 programa'!P166,'+9 programa'!M206,'10 programa'!P294) -> 0 | Q36: =SUM('1 programa '!Q215,'2 programa '!Q368,'+3 programa'!Q86,'4 programa'!Q127,'+5 programa'!Q111,'6 programa'!R286,'7 programa'!Q174,'8 programa'!Q166,'+9 programa'!N206,'10 programa'!Q294,'+5 programa'!Q77) -> 288.302 | R36: =SUM('1 programa '!R215,'2 programa '!R368,'+3 programa'!R86,'4 programa'!R127,'+5 programa'!R111,'6 programa'!S286,'7 programa'!R174,'8 programa'!R166,'+9 programa'!O206,'10 programa'!R294) -> 0
F37: 1.6. Ankstesnių metų likučiai | H37: =SUM('1 programa '!H216,'2 programa '!H369,'+3 programa'!H87,'4 programa'!H128,'+5 programa'!H112,'6 programa'!I287,'7 programa'!H175,'8 programa'!H167,'+9 programa'!E207,'10 programa'!H295) -> #REF! | I37: =K37/H37-1 -> #REF! | J37: =SUM('1 programa '!J216,'2 programa '!J369,'+3 programa'!J87,'4 programa'!J128,'+5 programa'!J112,'6 programa'!K287,'7 programa'!J175,'8 programa'!J167,'+9 programa'!G207,'10 programa'!J295) -> 2415.402 | K37: =SUM('1 programa '!K216,'2 programa '!K369,'+3 programa'!K87,'4 programa'!K128,'+5 programa'!K112,'6 programa'!L287,'7 programa'!K175,'8 programa'!K167,'+9 programa'!H207,'10 programa'!K295) -> 7782.55 | L37: =SUM('1 programa '!L216,'2 programa '!L369,'+3 programa'!L87,'4 programa'!L128,'+5 programa'!L112,'6 programa'!M287,'7 programa'!L175,'8 programa'!L167,'+9 programa'!I207,'10 programa'!L295) -> 9275.334 | M37: =(L37-K37)/K37 -> 0.19181168 | N37: =SUM('1 programa '!M216,'2 programa '!M369,'+3 programa'!M87,'4 programa'!M128,'+5 programa'!M112,'6 programa'!N287,'7 programa'!M175,'8 programa'!M167,'+9 programa'!J207,'10 programa'!M295) -> 0 | O37: =SUM('1 programa '!O216,'2 programa '!O369,'+3 programa'!O87,'4 programa'!O128,'+5 programa'!O112,'6 programa'!P287,'7 programa'!O175,'8 programa'!O167,'+9 programa'!L207,'10 programa'!O295) -> 0 | P37: =SUM('1 programa '!P216,'2 programa '!P369,'+3 programa'!P87,'4 programa'!P128,'+5 programa'!P112,'6 programa'!Q287,'7 programa'!P175,'8 programa'!P167,'+9 programa'!M207,'10 programa'!P295) -> 0 | Q37: =SUM('1 programa '!Q216,'2 programa '!Q369,'+3 programa'!Q87,'4 programa'!Q128,'+5 programa'!Q112,'6 programa'!R287,'7 programa'!Q175,'8 programa'!Q167,'+9 programa'!N207,'10 programa'!Q295) -> 0 | R37: =SUM('1 programa '!R216,'2 programa '!R369,'+3 programa'!R87,'4 programa'!R128,'+5 programa'!R112,'6 programa'!S287,'7 programa'!R175,'8 programa'!R167,'+9 programa'!O207,'10 programa'!R295) -> 0 | T37: 9359.36
F38: 2. Kiti šaltiniai (Europos Sąjungos finansinė parama projektams įgyvendinti ir kitos teisėtai gautos lėšos, nurodant atskirus šaltinius) | H38: =SUM('1 programa '!H217,'2 programa '!H370,'+3 programa'!H88,'4 programa'!H129,'+5 programa'!H113,'6 programa'!I288,'7 programa'!H176,'8 programa'!H168,'+9 programa'!E208,'10 programa'!H296) -> 6892.322 | I38: =K38/H38-1 -> 0.094390396 | J38: =SUM('1 programa '!J217,'2 programa '!J370,'+3 programa'!J88,'4 programa'!J129,'+5 programa'!J113,'6 programa'!K288,'7 programa'!J176,'8 programa'!J168,'+9 programa'!G208,'10 programa'!J296) -> 7542.891 | K38: =SUM('1 programa '!K217,'2 programa '!K370,'+3 programa'!K88,'4 programa'!K129,'+5 programa'!K113,'6 programa'!L288,'7 programa'!K176,'8 programa'!K168,'+9 programa'!H208,'10 programa'!K296) -> 7542.891 | L38: =SUM('1 programa '!L217,'2 programa '!L370,'+3 programa'!L88,'4 programa'!L129,'+5 programa'!L113,'6 programa'!M288,'7 programa'!L176,'8 programa'!L168,'+9 programa'!I208,'10 programa'!L296) -> 8288.522 | M38: =(L38-K38)/K38 -> 0.098852151 | N38: =SUM('1 programa '!M217,'2 programa '!M370,'+3 programa'!M88,'4 programa'!M129,'+5 programa'!M113,'6 programa'!N288,'7 programa'!M176,'8 programa'!M168,'+9 programa'!J208,'10 programa'!M296) -> 7834.133 | O38: =SUM('1 programa '!O217,'2 programa '!O370,'+3 programa'!O88,'4 programa'!O129,'+5 programa'!O113,'6 programa'!P288,'7 programa'!O176,'8 programa'!O168,'+9 programa'!L208,'10 programa'!O296) -> 8455.721 | P38: =SUM('1 programa '!P217,'2 programa '!P370,'+3 programa'!P88,'4 programa'!P129,'+5 programa'!P113,'6 programa'!Q288,'7 programa'!P176,'8 programa'!P168,'+9 programa'!M208,'10 programa'!P296) -> 7532.057 | Q38: =SUM('1 programa '!Q217,'2 programa '!Q370,'+3 programa'!Q88,'4 programa'!Q129,'+5 programa'!Q113,'6 programa'!R288,'7 programa'!Q176,'8 programa'!Q168,'+9 programa'!N208,'10 programa'!Q296) -> 8003.77 | R38: =SUM('1 programa '!R217,'2 programa '!R370,'+3 programa'!R88,'4 programa'!R129,'+5 programa'!R113,'6 programa'!S288,'7 programa'!R176,'8 programa'!R168,'+9 programa'!O208,'10 programa'!R296) -> 7439.125 | T38: =T37-L37 -> 84.026
F39: IŠ VISO programoms finansuoti pagal finansavimo šaltinius (1 ir 2 punktai) | H39: =SUM('1 programa '!H218,'2 programa '!H371,'+3 programa'!H89,'4 programa'!H130,'+5 programa'!H114,'6 programa'!I289,'7 programa'!H177,'8 programa'!H169,'+9 programa'!E209,'10 programa'!H297) -> #REF! | I39: =K39/H39-1 -> #REF! | J39: =SUM('1 programa '!J218,'2 programa '!J371,'+3 programa'!J89,'4 programa'!J130,'+5 programa'!J114,'6 programa'!K289,'7 programa'!J177,'8 programa'!J169,'+9 programa'!G209,'10 programa'!J297) -> 52694.819 | K39: =SUM('1 programa '!K218,'2 programa '!K371,'+3 programa'!K89,'4 programa'!K130,'+5 programa'!K114,'6 programa'!L289,'7 programa'!K177,'8 programa'!K169,'+9 programa'!H209,'10 programa'!K297) -> 71689.029 | L39: =SUM('1 programa '!L218,'2 programa '!L371,'+3 programa'!L89,'4 programa'!L130,'+5 programa'!L114,'6 programa'!M289,'7 programa'!L177,'8 programa'!L169,'+9 programa'!I209,'10 programa'!L297) -> 78721.748 | M39: =(L39-K39)/K39 -> 0.098100346 | N39: =SUM(N27,N29,N34,N35,N36,N37,N38) -> 79932.003 | O39: =SUM('1 programa '!O218,'2 programa '!O371,'+3 programa'!O89,'4 programa'!O130,'+5 programa'!O114,'6 programa'!P289,'7 programa'!O177,'8 programa'!O169,'+9 programa'!L209,'10 programa'!O297) -> 87563.929 | P39: =SUM(P27,P29,P34,P35,P36,P37,P38) -> 77861.731 | Q39: =SUM(Q25+Q38) -> 76407.208 | R39: =SUM(R25+R38) -> 74312.684
F40: Iš jų: regioninių pažangos priemonių lėšos (RP) | H40: =SUM('1 programa '!H219,'2 programa '!H372,'+3 programa'!H90,'4 programa'!H131,'+5 programa'!H115,'6 programa'!I290,'7 programa'!H178,'8 programa'!H170,'+9 programa'!E210,'10 programa'!H298) -> 3553.578 | I40: =K40/H40-1 -> 1.4944903 | J40: =SUM('1 programa '!J219,'2 programa '!J372,'+3 programa'!J90,'4 programa'!J131,'+5 programa'!J115,'6 programa'!K290,'7 programa'!J178,'8 programa'!J170,'+9 programa'!G210,'10 programa'!J298) -> 9282.576 | K40: =SUM('1 programa '!K219,'2 programa '!K372,'+3 programa'!K90,'4 programa'!K131,'+5 programa'!K115,'6 programa'!L290,'7 programa'!K178,'8 programa'!K170,'+9 programa'!H210,'10 programa'!K298) -> 8864.366 | L40: =SUM('1 programa '!L219,'2 programa '!L372,'+3 programa'!L90,'4 programa'!L131,'+5 programa'!L115,'6 programa'!M290,'7 programa'!L178,'8 programa'!L170,'+9 programa'!I210,'10 programa'!L298) -> 9968.431 | M40: =(L40-K40)/K40 -> 0.12455093 | N40: =SUM('1 programa '!M219,'2 programa '!M372,'+3 programa'!M90,'4 programa'!M131,'+5 programa'!M115,'6 programa'!N290,'7 programa'!M178,'8 programa'!M170,'+9 programa'!J210,'10 programa'!M298) -> 9889.825 | O40: =SUM('1 programa '!O219,'2 programa '!O372,'+3 programa'!O90,'4 programa'!O131,'+5 programa'!O115,'6 programa'!P290,'7 programa'!O178,'8 programa'!O170,'+9 programa'!L210,'10 programa'!O298) -> 12589.158 | P40: =SUM('1 programa '!P219,'2 programa '!P372,'+3 programa'!P90,'4 programa'!P131,'+5 programa'!P115,'6 programa'!Q290,'7 programa'!P178,'8 programa'!P170,'+9 programa'!M210,'10 programa'!P298) -> 12227.535 | Q40: =SUM('1 programa '!Q219,'2 programa '!Q372,'+3 programa'!Q90,'4 programa'!Q131,'+5 programa'!Q115,'6 programa'!R290,'7 programa'!Q178,'8 programa'!Q170,'+9 programa'!N210,'10 programa'!Q298) -> 3351.089 | R40: =SUM('1 programa '!R219,'2 programa '!R372,'+3 programa'!R90,'4 programa'!R131,'+5 programa'!R115,'6 programa'!S290,'7 programa'!R178,'8 programa'!R170,'+9 programa'!O210,'10 programa'!R298) -> 3351.089
F41: Asignavimų ir kitų lėšų pokytis, palyginti su ankstesnių metų patvirtintų asignavimų ir kitų lėšų planu | K41: 0.22 | L41: =(L39-K39)/K39 -> 0.098100346 | O41: =(O39-L39)/L39 -> 0.11232196 | Q41: =(Q39-O39)/O39 -> -0.1274123 | S41: =T38 -> 84.026
G42: n – pirmieji planuojamieji metai, n + 1 – antrieji planuojamieji metai ir n + 2 – tretieji planuojamieji metai. | N42: =N24-N39 -> 40.57 | O42: =O24-O39 -> 0 | P42: =P24-P39 -> 137.056 | Q42: =Q24-Q39 -> 0 | R42: =R39-R24 -> 0
K44: =K24-K39 -> 0 | L44: =L24-L39 -> 0
S47: =U51 -> 0
K48: =L27+L36+L37 -> 43818.048 | L48: ='Suvestinė pagal FŠ'!G62 -> 43725.178
K50: =K48-L48 -> 92.87
G53: =K50-L28 -> 2.6147973e-12

Sheet 1 programa 
A1: Valdymo tobulinimo programa (01)
A2: Programos tikslas - įgyvendinti Lietuvos Respublikos Konstitucijos ir įstatymų nustatytas, Lietuvos Respublikos vietos savivaldos įstatymo reglamentuotas savarankiškąsias savivaldybės bei valstybines (valstybės perduotas savivaldybei) funkcijas. Siekiant užtikrinti, kad minėtos funkcijos būtų vykdomos kokybiškai, ypatingas dėmesys skiriamas šiuolaikiniams vadybos metodams ir informacinėms technologijoms diegti savivaldybėje; vykdomų procedūrų viešumui ir skaidrumui; kontroliuoti ir prižiūrėti, ar teisėtai, efektyviai, ekonomiškai ir rezultatyviai valdomas ir naudojamas savivaldybės turtas ir patikėjimo teise valdomas valstybės turtas, kaip vykdomas savivaldybės biudžetas ir naudojami kiti piniginiai ištekliai. Efektyviai savivaldybės veiklai būtinas racionalus finansinių, materialinių ir žmogiškųjų išteklių paskirstymas, sistemingas veiklos planavimas
A3: =A18 -> 01.01.01. (T) | B3: =B18 -> Gerinti teikiamų paslaugų kokybę, didinti jų prieinamumą ir patrauklumą, tinkamai organizuojant savivaldybės administravimo subjektams priskirtų funkcijų įgyvendinimą
A4: =A36 -> 01.01.02 (T) | B4: =B36 -> Užtikrinti valstybinių (valstybės perduotų savivaldybėms) funkcijų vykdymą
A5: =A95 -> 01.01.03 (T) | B5: =B95 -> Užtikrinti efektyvų savivaldybei nuosavybės teise priklausančio nekilnojamojo turto naudojimą, įmonių bei įstaigų valdymą
A6: =A118 -> 01.01.04. (T) | B6: =B118 -> Sudaryti sąlygas iš anksto negalimoms suplanuoti priemonėms vykdyti bei savivaldybės finansiniams įsipareigojimams įgyvendinti
A7: =A129 -> 01.01.05. (T) | B7: =B129 -> Įgyvendinti Visagino savivaldybės korupcijos prevencijos 2025-2027 metų veiksmų planą
A8: =A132 -> 01.02.02. (T) | B8: =B132 -> Gerinti visuomenei teikiamų paslaugų kokybę, didinant jų atitiktį visuomenės poreikiams
A9: =A183 -> 01.02.03. (T) | B9: =B183 -> Organizuoti savivaldybės veiklą vadovaujantis šiuolaikiniais vadybos metodais
A10: =A189 -> 01.02.04. (T) | B10: =B189 -> Informuoti visuomenę apie savivaldybės veiklą ir formuoti teigiamą savivaldybės įvaizdį, plėtoti dalykinius santykius ir ryšius su tarptautinėmis ir vietinėmis institucijomis ir organizacijomis
A12: Programos įgyvendinimo laikotarpis 2026-2028 m.
A13: Programos įgyvendinimo koordinatorė Jolita Kriaučiūnaitė, jolita.kriauciunaite@visaginas.lt, tel. (0 386) 36 008
A15: 4 lentelė. Valdymo tobulinimo programos (01) uždaviniai, priemonės, asignavimai ir kitos lėšos (tūkst.eurų) ir jų stebėsenos rodikliai
A16: Programos uždavinio, priemonės kodas ir požymis | B16: Uždavinio, priemonės pavadinimas, finansavimo šaltiniai | C16: Asignavimų valdytojo kodas | D16: Finansavimo šaltinis | E16: 2023 m. asignavimų planas | F16: Asignavimų pasikeitimas | G16: 2024 m.asignavimų poreikis | H16: 2024 m.asignavimai ir kitos lėšos, tūkst. Eur | I16: Pokytis proc. | J16: 2025 m. asignavimų ir kitų lėšų poreikis , tūkst. Eur | K16: 2025 m. asignavimai ir kitos lėšos, tūkst. Eur | L16: 2026 m.asignavimai ir kitos lėšos, tūkst. Eur | M16: 2026 m.asignavimai ir kitos lėšos, tūkst. Eur (poreikis) | O16: 2027 m.asignavimai ir kitos lėšos, tūkst. Eur | P16: 2027 m.asignavimai ir kitos lėšos, tūkst. Eur (poreikis) | Q16: 2028 m.asignavimai ir kitos lėšos, tūkst. Eur | R16: 2028 m.asignavimai ir kitos lėšos, tūkst. Eur (poreikis) | S16: Savivaldybės strateginio plėtros plano priemonės kodas | T16: Trumpas priemonės įgyvendinimo aprašymas | U16: Stebėsenos rodiklio kodas | V16: Stebėsenos rodiklio pavadinimas (matavimo vnt.) | W16: Siektinos stebėsenos rodiklių reikšmės | AB16: Savivaldybės strateginio plėtros plano rodiklis
N17: Didėja /mažėja lyginant su 2025 m. proc. | W17: 2024 | X17: 2025 | Y17: 2026 | Z17: 2027 | AA17: 2028
A18: 01.01.01. (T) | B18: Gerinti teikiamų paslaugų kokybę, didinti jų prieinamumą ir patrauklumą, tinkamai organizuojant savivaldybės administravimo subjektams priskirtų funkcijų įgyvendinimą | D18: Iš viso: | E18: =SUM(E23,E31,E33,E35,) -> 3181.359 | F18: =H18/E18-1 -> 0.20598776 | G18: =SUM(G23,G31,G33,G35,) -> 3611.437 | H18: =SUM(H23,H31,H33,H35,) -> 3836.68 | J18: =SUM(J23,J31,J33,J35,) -> 4281.522 | K18: =SUM(K23,K31,K33,K35,) -> 4056.804 | L18: =SUM(L23,L31,L33,L35,) -> 4658.782 | M18: =SUM(M23,M31,M33,M35,) -> 4401.892 | N18: =SUM(L18-K18)/K18 -> 0.14838725 | O18: =SUM(O23,O31,O33,O35,) -> 5045.542 | P18: =SUM(P23,P31,P33,P35,) -> 4585.744 | Q18: =SUM(Q23,Q31,Q33,Q35,) -> 5498.433 | R18: =SUM(R23,R31,R33,R35,) -> 4775.556 | S18: 2.8.-1 | U18: E-01-01-01 | V18: Gyventojų, per paskutinius 12 mėnesių dalyvavusių sprendžiant viešuosius vietos reikalus, dalis proc. | W18: 30 | X18: 40 | Y18: 30 | Z18: 40 | AA18: 45 | AB18: Gyventojų, per paskutinius 12 mėnesių dalyvavusių sprendžiant viešuosius vietos reikalus, dalis proc.
A19: 01.01.01.01 (TP) | B19: Savivaldybės institucijų funkcijų įgyvendinimas | C19: 188711925 | D19: SB | E19: =E25+E26 -> 2778.6 | F19: =H19/E19-1 -> 0.19604117 | G19: =SUM(G24:G26) -> 3075.995 | H19: =SUM(H24:H26) -> 3323.32 | I19: =K19/H19-1 -> 0.067432567 | J19: 3777.18 | K19: =SUM(K24,K25,K26,K29) -> 3547.42 | L19: =SUM(L24,L26) -> 4141.9 | M19: =3878.37+12 -> 3890.37 | N19: =SUM(L19-K19)/K19 -> 0.16758095 | O19: =SUM(O24,O25,O26,) -> 4528.92 | P19: 4056.66 | Q19: =SUM(Q24,Q25,Q26,) -> 4981.811 | R19: 4246.45 | S19: 2.8.-1-1 | T19: Įgyvendinant šią priemonę planuojama užtikrinti Visagino savivaldybės merui, administracijai bei Visagino savivaldybės tarybai priskirtų funkcijų įgyvendinimą. | U19: R-01-01-01-01 | V19: Savivaldybės administracinių paslaugų, teikiamų elektroniniu būdu ne žemesniu kaip 4 brandos lygiu, dalis nuo visų savivaldybės teikiamų administracinių paslaugų (proc.) | W19: 30 | X19: 40 | Y19: 60 | Z19: 65 | AA19: 65 | AB19: Savivaldybės administracinių paslaugų, teikiamų elektroniniu būdu ne žemesniu kaip 4 brandos lygiu, dalis nuo visų savivaldybės teikiamų administracinių paslaugų (proc.)
D20: ĮP | E20: 12.269 | F20: =H20/E20-1 -> 0.41005787 | G20: =SUM(G27) -> 15.45 | H20: 17.3 | I20: =K20/H20-1 -> 0.020231214 | J20: =J27 -> 17.65 | K20: =K27 -> 17.65 | L20: =L27 -> 12.56 | M20: 12.56 | N20: =SUM(L20-K20)/K20 -> -0.28838527 | O20: 12.56 | P20: 12.56 | Q20: =R20 -> 12.56 | R20: 12.56
D21: ĮP (L) | K21: =K28 -> 2.564 | L21: 0.26 | N21: =SUM(L21-K21)/K21 -> -0.89859594
D22: VB | H22: 0 | J22: 0 | K22: 0 | L22: 0 | N22: =SUM(L22-K22)/K22 -> #DIV/0! | O22: 0 | Q22: 0 | R22: 0
D23: Iš viso: | E23: =SUM(E19:E22) -> 2790.869 | F23: =H23/E23-1 -> 0.19698202 | G23: =SUM(G19:G22) -> 3091.445 | H23: =SUM(H19:H22) -> 3340.62 | I23: =K23/H23-1 -> 0.067955649 | J23: =SUM(J19:J22) -> 3794.83 | K23: =SUM(K19:K22) -> 3567.634 | L23: =SUM(L19:L22) -> 4154.72 | M23: =SUM(M19:M22) -> 3902.93 | N23: =SUM(L23-K23)/K23 -> 0.16455892 | O23: =SUM(O19:O22) -> 4541.48 | P23: =SUM(P19:P22) -> 4069.22 | Q23: =SUM(Q19:Q22) -> 4994.371 | R23: =SUM(R19:R22) -> 4259.01
B24: Mero ir politinio pasitikėjimo valstybės tarnautojai | D24: SB | E24: 0 | F24: =(H24-E24)/E24 -> #DIV/0! | G24: 339.725 | H24: 374.45 | J24: 353.61 | K24: 342.841 | L24: 371.59 | M24: 342.84 | N24: =SUM(L24-K24)/K24 -> 0.083855198 | O24: 408.749 | P24: 358.18 | Q24: 449.623 | R24: 385.61
B25: Savivaldybės tarybos darbo organizavimas | D25: SB | E25: 210.07 | F25: =(H25-E25)/E25 -> -1 | G25: 0 | H25: 0 | N25: =SUM(L25-K25)/K25 -> #DIV/0!
B26: Savivaldybės administracijos veiklos organizavimas | D26: SB | E26: 2568.53 | F26: =(H26-E26)/E26 -> 0.14807692 | G26: 2736.27 | H26: =2949.39-0.52 -> 2948.87 | J26: 3204.18 | K26: =3204.179 -> 3204.179 | L26: =3745.61+24.7 -> 3770.31 | M26: =3215.74-0.51 -> 3215.23 | N26: =SUM(L26-K26)/K26 -> 0.1766852 | O26: 4120.171 | P26: 3365.1 | Q26: 4532.188 | R26: 3365.1
D27: SB (ĮP) | E27: 12.269 | F27: =(H27-E27)/E27 -> 0.41005787 | G27: 15.45 | H27: 17.3 | J27: 17.65 | K27: 17.65 | L27: 12.56 | N27: =SUM(L27-K27)/K27 -> -0.28838527 | O27: 12.56 | Q27: 12.56
B28: finansinis turtas | D28: ĮP (L) | K28: 2.564 | N28: =SUM(L28-K28)/K28 -> -1
K29: 0.4 | N29: =SUM(L29-K29)/K29 -> -1
A30: 01.01.01.02 (TP) | B30: Tarybos narių veiklos organizavimas | C30: 188711925 | D30: SB | E30: =138+12 -> 150 | F30: =H30/E30-1 -> 1.5506 | G30: =397.316+18 -> 415.316 | H30: =364.59+18 -> 382.59 | I30: =K30/H30-1 -> -0.043623723 | J30: 362 | K30: 365.9 | L30: 371 | M30: 365.9 | N30: =SUM(L30-K30)/K30 -> 0.013938234 | O30: 371 | P30: 383.9 | Q30: 371 | R30: 383.9 | S30: 2.7.-3-1 | T30: Įgyvendinant šią priemonę bus užtikrinamas Lietuvos Respublikos vietos savivaldos įstatymo 12 straipsnis, kuris numato, kad savivaldybės tarybos nariams už darbą atliekant savivaldybės tarybos nario pareigas yra atlyginama (apmokama). | U30: R-01-01-01-02 | V30: Įvykusių tarybos posėdžių skaičius /organizuotų rinkimų skaičius | W30: 12/3 | X30: 12/0 | Y30: 12/0 | Z30: 12/0 | AA30: 12/0 | AB30: Veikiančių savivaldos institucijų skaičius
D31: Iš viso: | E31: =E30 -> 150 | F31: =(H31-E31)/E31 -> 1.5506 | G31: =G30 -> 415.316 | H31: =H30 -> 382.59 | I31: =K31/H31-1 -> -0.043623723 | J31: =J30 -> 362 | K31: =K30 -> 365.9 | L31: =L30 -> 371 | M31: =M30 -> 365.9 | N31: =SUM(L31-K31)/K31 -> 0.013938234 | O31: =O30 -> 371 | P31: =P30 -> 383.9 | Q31: =Q30 -> 371 | R31: =R30 -> 383.9 | V31: Priimtų teisės aktų skaičius | W31: 360 | X31: 360 | Y31: 360 | Z31: 360 | AA31: 360
A32: 01.01.01.03 (TP) | B32: Visagino savivaldybės 2025 metų konsoliduotųjų ataskaitų rinkinio, savivaldybės lėšų ir turto naudojimo, savivaldybės rinkliavų veiklos ir viešojo sektoriaus subjekto/įmonės veiklos auditai | C32: 188701436 | D32: SB | E32: 100.96 | F32: =H32/E32-1 -> 0.12391046 | G32: 104.676 | H32: 113.47 | I32: =K32/H32-1 -> 0.08636644 | J32: 124.692 | K32: 123.27 | L32: 133.062 | M32: 133.062 | N32: =SUM(L32-K32)/K32 -> 0.079435386 | O32: 133.062 | P32: 132.624 | Q32: 133.062 | R32: 132.646 | S32: 2.7.-3-1 | T32: Įgyvendinant šią priemonę bus užtikrinama Lietuvos Respublikos vietos savivaldos įstatymo 67 straipsnio 3 dalis, kuri numato, kad savivaldybės taryba savivaldybės biudžete nustato savivaldybės kontrolės ir audito tarnybai skiriamų asignavimų dydį. | U32: R-01-01-01-03 | V32: Atliktų Visagino savivaldybės konsoliduotųjų ataskaitų rinkinio, savivaldybės biudžeto ir turto naudojimo, savivaldybės nuosavybės teise valdomo nekilnojamojo turto valdymo, naudojimo ir disponavimo juo efektyvumo auditų skaičius | W32: 4 | X32: 4 | Y32: 3 | Z32: 3 | AA32: 3
D33: Iš viso: | E33: =E32 -> 100.96 | F33: =(H33-E33)/E33 -> 0.12391046 | G33: =G32 -> 104.676 | H33: =H32 -> 113.47 | I33: =K33/H33-1 -> 0.08636644 | J33: =J32 -> 124.692 | K33: =K32 -> 123.27 | L33: =L32 -> 133.062 | M33: =M32 -> 133.062 | N33: =SUM(L33-K33)/K33 -> 0.079435386 | O33: =O32 -> 133.062 | P33: =P32 -> 132.624 | Q33: =Q32 -> 133.062 | R33: =R32 -> 132.646
A34: 01.01.01.04 (TP) | B34: Savivaldybės tarybos mero ir sekretoriato darbo organizavimas | C34: 188701436 | D34: SB | E34: 139.53 | F34: =(H34-E34)/E34 -> -1 | I34: =K34/H34-1 -> #DIV/0! | N34: =SUM(L34-K34)/K34 -> #DIV/0! | T34: Ši priemonė nebus įgyvendinama.
D35: Iš viso: | E35: =E34 -> 139.53 | F35: =(H35-E35)/E35 -> -1 | G35: =G34 -> 0 | H35: =H34 -> 0 | I35: =K35/H35-1 -> #DIV/0! | K35: =K34 -> 0 | L35: =L34 -> 0 | M35: =M34 -> 0 | N35: =SUM(L35-K35)/K35 -> #DIV/0! | O35: =O34 -> 0 | P35: =P34 -> 0 | Q35: =Q34 -> 0 | R35: =R34 -> 0
A36: 01.01.02 (T) | B36: Užtikrinti valstybinių (valstybės perduotų savivaldybėms) funkcijų vykdymą | E36: =SUM(E40,E50,E52,E54,E56,E58,E61,E66,E69,E71,E73,E76,E79,E81,E84,E86,E88,E91,E47,E64) -> 491.016 | F36: =H36/E36-1 -> 0.14479773 | G36: =SUM(G40,G50,G52,G54,G56,G58,G61,G66,G69,G71,G73,G76,G79,G81,G84,G86,G88,G91,G47) -> 525.471 | H36: =SUM(H40,H50,H52,H54,H56,H58,H61,H66,H69,H71,H73,H76,H79,H81,H84,H86,H88,H91,H47,H64) -> 562.114 | I36: =K36/H36-1 -> 0.039559591 | J36: =SUM(J40,J50,J52,J54,J56,J58,J61,J66,J69,J71,J73,J76,J79,J81,J84,J86,J88,J91,J47,J64) -> 386.423 | K36: =SUM(K40,K50,K52,K54,K56,K58,K61,K66,K69,K71,K73,K76,K79,K81,K84,K86,K88,K91,K47,K64) -> 584.351 | L36: =SUM(L40,L50,L52,L54,L56,L58,L61,L66,L69,L71,L73,L76,L79,L81,L84,L86,L88,L91,L47,L64,L94) -> 653.266 | M36: =SUM(M40,M50,M52,M54,M56,M58,M61,M66,M69,M71,M73,M76,M79,M81,M84,M86,M88,M91,M47,M64) -> 698.703 | N36: =SUM(L36-K36)/K36 -> 0.11793426 | O36: =SUM(O40,O50,O52,O54,O56,O58,O61,O66,O69,O71,O73,O76,O79,O81,O84,O86,O88,O91,O47,O64,O94) -> 669.6855 | P36: =SUM(P40,P50,P52,P54,P56,P58,P61,P66,P69,P71,P73,P76,P79,P81,P84,P86,P88,P91,P47,P64,P94) -> 697.415 | Q36: =SUM(Q40,Q50,Q52,Q54,Q56,Q58,Q61,Q66,Q69,Q71,Q73,Q76,Q79,Q81,Q84,Q86,Q88,Q91,Q47,Q64,Q94) -> 686.98018 | R36: =SUM(R40,R50,R52,R54,R56,R58,R61,R66,R69,R71,R73,R76,R79,R81,R84,R86,R88,R91,R47,R64) -> 690.958 | S36: 2.8.-1 | U36: E-01-01-02 | V36: Gyventojų, per paskutinius 12 mėnesių dalyvavusių sprendžiant viešuosius vietos reikalus, dalis proc. | W36: 30 | X36: 40 | Y36: 30 | Z36: 40 | AA36: 45 | AB36: Gyventojų, per paskutinius 12 mėnesių dalyvavusių sprendžiant viešuosius vietos reikalus, dalis proc.
A37: 01.01.02.01 (TP) | B37: Valstybinės kalbos vartojimo ir taisyklingumo kontrolė | C37: 188711925 | D37: SB (D) | E37: 20 | F37: =H37/E37-1 -> 0 | G37: =G41 -> 19.395 | H37: 20 | I37: =K37/H37-1 -> 0 | J37: 20 | K37: 20 | L37: 20 | M37: 19.82 | N37: =SUM(L37-K37)/K37 -> 0 | O37: 20 | P37: 20.81 | Q37: 20 | R37: 21.85 | S37: 2.1.-5-3 | T37: Lietuvos Respublikos vietos savivaldos įstatymo 7 straipsnio 12 punkto įgyvendinimas. | U37: R-01-01-02-01 | V37: Atliktų įmonių ir įstaigų, interneto svetainių, spaudos leidinių ir reklamos objektų patikrinimų skaičius, vienetai | W37: 31 | X37: 32 | Y37: 32 | Z37: 32 | AA37: 32 | AB37: Įgyvendintų priemonių skaičius proc., nuo visų suplanuotų įgyvendinti
D38: SB | E38: 22.96 | F38: =H38/E38-1 -> 0.24172474 | G38: =G42+G43 -> 27.315 | H38: =H42 -> 28.51 | I38: =K38/H38-1 -> -0.6597685 | J38: 8.205 | K38: 9.7 | L38: 10.84 | M38: 15.15 | N38: =SUM(L38-K38)/K38 -> 0.11752577 | O38: =L38+(L38*10%) -> 11.924 | Q38: =O38+(O38*10%) -> 13.1164
E39: 0.626 | F39: =H39/E39-1 -> -1 | G39: =G44 -> 0 | H39: =H44 -> 0 | V39: Parengtų ir savivaldybės interneto svetainėje paskelbtų atmintinių ir rekomendacijų skaičius, vienetai | W39: 6 | X39: 6 | Y39: 6 | Z39: 6 | AA39: 6
D40: Iš viso: | E40: =SUM(E37:E39) -> 43.586 | F40: =(H40-E40)/E40 -> 0.11297206 | G40: =SUM(G37:G39) -> 46.71 | H40: =SUM(H37:H39) -> 48.51 | I40: =K40/H40-1 -> -0.3877551 | J40: =SUM(J37:J39) -> 28.205 | K40: =SUM(K37:K39) -> 29.7 | L40: =SUM(L37:L39) -> 30.84 | M40: =SUM(M37:M39) -> 34.97 | N40: =SUM(L40-K40)/K40 -> 0.038383838 | O40: =SUM(O37:O39) -> 31.924 | P40: =SUM(P37:P39) -> 20.81 | Q40: =SUM(Q37:Q39) -> 33.1164 | R40: =SUM(R37:R39) -> 21.85 | V40: Savivaldybių kalbos tvarkytojų atliktų valstybinės kalbos vartojimo ir taisyklingumo kontrolės patikrinimų, kuriuose nenustatyti pažeidimai, dalis (procentai) | Y40: 11 | Z40: 11 | AA40: 11
B41: Visagino savivaldybės administracija | C41: 188711925 | D41: SB (D) | G41: 19.395 | H41: 0 | I41: =K41/H41-1 -> #DIV/0! | K41: 0 | L41: 0 | M41: 0 | N41: =SUM(L41-K41)/K41 -> #DIV/0! | O41: 0 | P41: 0 | Q41: 0 | R41: 0
D42: SB | G42: 27.315 | H42: 28.51 | I42: =K42/H42-1 -> -1 | K42: 0 | L42: 0 | M42: 0 | N42: =SUM(L42-K42)/K42 -> #DIV/0! | O42: 0 | P42: 0 | Q42: 0 | R42: 0
B43: Visagino „Verdenės“ gimnazija (Valstybinės kalbos testavimas) | C43: 190243519 | D43: SB | I43: =K43/H43-1 -> #DIV/0! | N43: =SUM(L43-K43)/K43 -> #DIV/0!
D44: SB (ĮP) | I44: =K44/H44-1 -> #DIV/0! | N44: =SUM(L44-K44)/K44 -> #DIV/0!
A45: 01.01.02.02. (TP) | B45: Civilinės būklės aktų registravimas | C45: 188711925 | D45: SB (D) | E45: 25.3 | F45: =(H45-E45)/E45 -> 0.019762846 | G45: 25.17 | H45: 25.8 | I45: =K45/H45-1 -> 0.019379845 | K45: 26.3 | L45: 43.4 | M45: 42.78 | N45: =SUM(L45-K45)/K45 -> 0.65019011 | O45: 43.4 | P45: 44.92 | Q45: 43.4 | R45: 47.17 | S45: 2.8.-1-1 | T45: Lietuvos Respublikos vietos savivaldos įstatymo 7 straipsnio 1 punkto įgyvendinimo užtikrinimas. | U45: R-01-01-02-02 | V45: Elektroniniu būdu pateiktų dokumentų dalis nuo visų gautų dokumentų dėl civilinės būklės aktų registravimo ir kitų su tuo susijusių paslaugų teikimo skaičiaus, proc | W45: 66 | X45: 55 | Y45: 60 | Z45: 60 | AA45: 60 | AB45: Savivaldybės administracinių paslaugų, teikiamų elektroniniu būdu ne žemesniu kaip 4 brandos lygiu, dalis nuo visų savivaldybės teikiamų administracinių paslaugų, proc.
D46: SB | E46: 38.07 | F46: =(H46-E46)/E46 -> 0.09929078 | G46: 49.565 | H46: 41.85 | I46: =K46/H46-1 -> 0.20286738 | J46: 49.635 | K46: 50.34 | L46: 38.05 | M46: 40.26 | N46: =SUM(L46-K46)/K46 -> -0.24413985 | O46: =L46+(L46*5%) -> 39.9525 | P46: 41.99 | Q46: =O46+(O46*5%) -> 41.950125 | R46: 43.79
D47: Iš viso: | E47: =SUM(E45:E46) -> 63.37 | F47: =(H47-E47)/E47 -> 0.067539845 | G47: =SUM(G45:G46) -> 74.735 | H47: =SUM(H45:H46) -> 67.65 | I47: =K47/H47-1 -> 0.13288987 | J47: =SUM(J45:J46) -> 49.635 | K47: =SUM(K45:K46) -> 76.64 | L47: =SUM(L45:L46) -> 81.45 | M47: =SUM(M45:M46) -> 83.04 | N47: =SUM(L47-K47)/K47 -> 0.06276096 | O47: =SUM(O45:O46) -> 83.3525 | P47: =SUM(P45:P46) -> 86.91 | Q47: =SUM(Q45:Q46) -> 85.350125 | R47: =SUM(R45:R46) -> 90.96
A48: 01.01.02.03. (TP) | B48: Socialinių išmokų ir kompensacijų administravimas | C48: 188711925 | D48: SB (D) | E48: 4.42 | F48: =(H48-E48)/E48 -> 0.11425339 | G48: 3.98 | H48: 4.925 | I48: =K48/H48-1 -> 0.2706599 | K48: 6.258 | L48: 6.578 | M48: 5.063 | N48: =SUM(L48-K48)/K48 -> 0.051134548 | O48: 6.578 | P48: 5.313 | Q48: 6.578 | R48: 5.583 | T48: Lietuvos Respublikos vietos savivaldos įstatymo 7 straipsnio 8 punkto įgyvendinimo užtikrinimas | U48: R-01-01-02-03 | V48: Panaudota dotacijos dalis, nuo visų socialinių išmokų ir kompensacijų administravimui numatytų lėšų, procentai | W48: 100 | X48: 100 | Y48: 100 | Z48: 100 | AA48: 100
D49: SB | E49: 188.15 | F49: =(H49-E49)/E49 -> 0.12017008 | G49: 209.415 | H49: 210.76 | I49: =K49/H49-1 -> 0.072309736 | J49: 238.45 | K49: 226 | L49: 249.89 | M49: 274.92 | N49: =SUM(L49-K49)/K49 -> 0.10570796 | O49: =L49+(L49*5%) -> 262.3845 | P49: 279.74 | Q49: =O49+(O49*5%) -> 275.50373 | R49: 286.99
D50: Iš viso: | E50: =SUM(E48:E49) -> 192.57 | F50: =(H50-E50)/E50 -> 0.12003427 | G50: =G48+G49 -> 213.395 | H50: =H48+H49 -> 215.685 | I50: =K50/H50-1 -> 0.076838909 | J50: =J48+J49 -> 238.45 | K50: =K48+K49 -> 232.258 | L50: =L48+L49 -> 256.468 | M50: =M48+M49 -> 279.983 | N50: =SUM(L50-K50)/K50 -> 0.10423753 | O50: =O48+O49 -> 268.9625 | P50: =P48+P49 -> 285.053 | Q50: =Q48+Q49 -> 282.08173 | R50: =R48+R49 -> 292.573
A51: 01.01.02.04. (TP) | B51: Jaunimo teisių apsauga | C51: 188711925 | D51: SB (D) | E51: 17.9 | F51: =(H51-E51)/E51 -> 0.044692737 | G51: 25.466 | H51: 18.7 | I51: =K51/H51-1 -> 0 | J51: 18.7 | K51: 18.7 | L51: 18.6 | M51: 24.755 | N51: =SUM(L51-K51)/K51 -> -0.0053475936 | O51: 18.6 | P51: 25.955 | Q51: 18.6 | R51: 27.205 | S51: 2.6-2-1 | T51: Lietuvos Respublikos vietos savivaldos įstatymo 7 straipsnio 19 punkto įgyvendinimas. | U51: R-01-01-02-04 | V51: Jaunimo reikalų koordinatoriams savivaldybėse rekomenduotų atlikti užduočių įgyvendinimas (ne mažiau, kaip), procentai | W51: 75 | X51: 85 | Y51: 85 | Z51: 85 | AA51: 85 | AB51: Jaunimo politikos formavimo, skatinimo ir įgyvendinimo temomis atliktų analizių skaičius, vnt.
D52: Iš viso: | E52: =E51 -> 17.9 | F52: =(H52-E52)/E52 -> 0.044692737 | G52: =G51 -> 25.466 | H52: =H51 -> 18.7 | I52: =K52/H52-1 -> 0 | J52: =J51 -> 18.7 | K52: =K51 -> 18.7 | L52: =L51 -> 18.6 | M52: =M51 -> 24.755 | N52: =SUM(L52-K52)/K52 -> -0.0053475936 | O52: =O51 -> 18.6 | P52: =P51 -> 25.955 | Q52: =Q51 -> 18.6 | R52: =R51 -> 27.205 | AB52: Dalyvaujama tarptautiniuose ir nacionaliniuose renginiuose su jaunimu ir / ar jaunimo organizacijomis
A53: 01.01.02.05. (TP) | B53: Gyvenamosios vietos deklaravimo duomenų ir gyvenamosios vietos nedeklaravusių asmenų apskaitos duomenų tvarkymas | C53: 188711925 | D53: SB (D) | E53: 2.2 | F53: =(H53-E53)/E53 -> 0 | G53: 2.53 | H53: 2.2 | I53: =K53/H53-1 -> 0 | J53: 2.2 | K53: 2.2 | L53: 2.1 | M53: 1.87 | N53: =SUM(L53-K53)/K53 -> -0.045454545 | O53: 2.1 | P53: 1.96 | Q53: 2.1 | R53: 2.06 | S53: 2.8.-1-1 | T53: Lietuvos Respublikos vietos savivaldos įstatymo 7 straipsnio 28 punkto nuostatų įgyvendinimas. | U53: R-01-01-02-05 | V53: Gyvenamosios vietos deklaracijų, asmenų pateiktų elektroniniu būdu, dalies didėjimas per metus, ne mažiau kaip 1,5 proc | W53: 30 | X53: 30 | Y53: 30 | Z53: 30 | AA53: 30 | AB53: Savivaldybės administracinių paslaugų, teikiamų elektroniniu būdu ne žemesniu kaip 4 brandos lygiu, dalis nuo visų savivaldybės teikiamų administracinių paslaugų, proc.
D54: Iš viso: | E54: =E53 -> 2.2 | F54: =(H54-E54)/E54 -> 0 | G54: =G53 -> 2.53 | H54: =H53 -> 2.2 | I54: =K54/H54-1 -> 0 | J54: =J53 -> 2.2 | K54: =K53 -> 2.2 | L54: =L53 -> 2.1 | M54: =M53 -> 1.87 | N54: =SUM(L54-K54)/K54 -> -0.045454545 | O54: =O53 -> 2.1 | P54: =P53 -> 1.96 | Q54: =Q53 -> 2.1 | R54: =R53 -> 2.06
A55: 01.01.02.06. (TP) | B55: Gyventojų registro tvarkymas ir duomenų teikimas valstybės registrui | C55: 188711925 | D55: SB (D) | E55: 0.4 | F55: =(H55-E55)/E55 -> 0 | G55: 0.4 | H55: 0.4 | I55: =K55/H55-1 -> -0.1 | K55: 0.36 | L55: 0.34 | M55: 0.34 | N55: =SUM(L55-K55)/K55 -> -0.055555556 | O55: 0.34 | P55: 0.355 | Q55: 0.34 | R55: 0.375 | T55: Lietuvos Respublikos vietos savivaldos įstatymo 7 straipsnio 28 punkto įgyvendinimo užtikrinimas. | U55: R-01-01-02-06 | V55: Archyvinių civilinės būklės aktų įrašų, gautų iš civilinės metrikacijos įstaigų, duomenų tvarkymas, vnt. | W55: Archyvinių civilinės būklės aktų įrašų, gautų iš civilinės metrikacijos įstaigų, duomenų tvarkymas, vnt. | X55: 627 | Y55: 628 | Z55: 628 | AA55: 628
D56: Iš viso: | E56: =E55 -> 0.4 | F56: =(H56-E56)/E56 -> 0 | G56: =G55 -> 0.4 | H56: =H55 -> 0.4 | I56: =K56/H56-1 -> -0.1 | J56: =J55 -> 0 | K56: =K55 -> 0.36 | L56: =L55 -> 0.34 | M56: =M55 -> 0.34 | N56: =SUM(L56-K56)/K56 -> -0.055555556 | O56: =O55 -> 0.34 | P56: =P55 -> 0.355 | Q56: =Q55 -> 0.34 | R56: =R55 -> 0.375
A57: 01.01.02.07. (TP) | B57: Duomenų teikimas Suteiktos valstybės pagalbos ir nereikšmingos pagalbos registrui | C57: 188711925 | D57: SB (D) | E57: 0.1 | F57: =(H57-E57)/E57 -> 0 | G57: 0.1 | H57: 0.1 | I57: =K57/H57-1 -> 0 | K57: 0.1 | L57: 0.1 | M57: 0.1 | N57: =SUM(L57-K57)/K57 -> 0 | O57: 0.1 | P57: 0.1 | Q57: 0.1 | R57: 0.1 | T57: Lietuvos Respublikos vietos savivaldos įstatymo 7 straipsnio 2 punkto įgyvendinimo užtikrinimas. | U57: R-01-01-02-07 | V57: Pateikta duomenų Suteiktos valstybės pagalbos registrui (proc. registre įregistruotos valstybės ir nereikšmingos pagalbos nuo visos suteiktos valstybės ir nereikšmingos pagalbos) | W57: 100 | X57: 100 | Y57: 100 | Z57: 100 | AA57: 100
D58: Iš viso: | E58: =E57 -> 0.1 | F58: =(H58-E58)/E58 -> 0 | G58: =G57 -> 0.1 | H58: =H57 -> 0.1 | I58: =K58/H58-1 -> 0 | J58: =J57 -> 0 | K58: =K57 -> 0.1 | L58: =L57 -> 0.1 | M58: =M57 -> 0.1 | N58: =SUM(L58-K58)/K58 -> 0 | O58: =O57 -> 0.1 | P58: =P57 -> 0.1 | Q58: =Q57 -> 0.1 | R58: =R57 -> 0.1
A59: 01.01.02.08. (TP) | B59: Socialinės paramos mokiniams administravimas | C59: 188711925 | D59: SB (D) | E59: 16.39 | F59: =(H59-E59)/E59 -> 0.076266016 | G59: 16.55 | H59: 17.64 | I59: =K59/H59-1 -> -0.044217687 | K59: 16.86 | L59: 19.07 | M59: 17.01 | N59: =SUM(L59-K59)/K59 -> 0.13107948 | O59: 19.07 | P59: 17.84 | Q59: 19.07 | R59: 18.705 | T59: Lietuvos Respublikos vietos savivaldos įstatymo 7 straipsnio 7 punkto įgyvendinimo užtikrinimas. | U59: R-01-01-02-08 | V59: Panaudota dotacijos dalis, nuo visų socialinės paramos mokiniams administravimui numatytų lėšų procentais | W59: 100 | X59: 100 | Y59: 100 | Z59: 100 | AA59: 100
D60: SB | N60: =SUM(L60-K60)/K60 -> #DIV/0!
D61: Iš viso: | E61: =E59 -> 16.39 | F61: =(H61-E61)/E61 -> 0.076266016 | G61: =G59+G60 -> 16.55 | H61: =H59+H60 -> 17.64 | I61: =K61/H61-1 -> -0.044217687 | J61: =J59+J60 -> 0 | K61: =K59+K60 -> 16.86 | L61: =L59+L60 -> 19.07 | M61: =M59+M60 -> 17.01 | N61: =SUM(L61-K61)/K61 -> 0.13107948 | O61: =O59+O60 -> 19.07 | P61: =P59+P60 -> 17.84 | Q61: =Q59+Q60 -> 19.07 | R61: =R59+R60 -> 18.705
A62: 01.01.02.09. (TP) | B62: Asmenų su negalia reikalų koordinavimo funkcijai atlikti | C62: 188711925 | D62: SD | H62: 24.419 | I62: =K62/H62-1 -> 0 | K62: 24.419 | L62: 24.419 | M62: 25.29 | N62: =SUM(L62-K62)/K62 -> 0 | O62: 24.419 | P62: 26.512 | Q62: 24.419 | R62: 27.78 | T62: Lietuvos Respublikos valstybės biudžeto dotacijų skyrimo asmenų su negalia reikalų koordinavimo funkcijos atlikimui finansuoti tvarkos aprašo, patvirtinto Lietuvos Respublikos socialinės apsaugos ir darbo ministro 2023 m. gruodžio 18 d. įsakymo Nr. A1-858 „Dėl Lietuvos Respublikos valstybės biudžeto dotacijų skyrimo asmenų su negalia reikalų koordinavimo funkcijos atlikimui finansuoti tvarkos aprašo patvirtinimo", įgyvendinimo užtikrinimas. | U62: R-01-01-02-09 | V62: Panaudota dotacijos dalis, nuo visų asmenų su negalia reikalų koordinavimo funkcijos atlikimui numatytų lėšų procentais | W62: 100 | X62: 100 | Y62: 100 | Z62: 100 | AA62: 100
D63: SB | N63: =SUM(L63-K63)/K63 -> #DIV/0!
D64: Iš viso: | H64: =H62 -> 24.419 | I64: =K64/H64-1 -> 0 | J64: =J62 -> 0 | K64: =K62+K63 -> 24.419 | L64: =L62+L63 -> 24.419 | M64: =M62+M63 -> 25.29 | N64: =SUM(L64-K64)/K64 -> 0 | O64: =O62+O63 -> 24.419 | P64: =P62+P63 -> 26.512 | Q64: =Q62+Q63 -> 24.419 | R64: =R62+R63 -> 27.78
A65: 01.01.02.10. (TP) | B65: Socialinėms paslaugoms (socialinei globai asmenims su sunkia negalia) administruoti | C65: 188711925 | D65: SB (D) | E65: 13.1 | F65: =(H65-E65)/E65 -> 1.170229 | G65: 20.36 | H65: 28.43 | I65: =K65/H65-1 -> -0.47590573 | K65: 14.9 | L65: 16.47 | M65: 22.01 | N65: =SUM(L65-K65)/K65 -> 0.10536913 | O65: 16.47 | P65: 23.06 | Q65: 16.47 | R65: 24.18 | T65: Lietuvos Respublikos vietos savivaldos įstatymo 7 straipsnio 29 punkto įgyvendinimo užtikrinimas. | U65: R-01-01-02-10 | V65: Panaudota dotacijos dalis, nuo visų socialinės paramos administravimui (socialinei globai asmenims su sunkia negalia) numatytų lėšų procentais | W65: 100 | X65: 100 | Y65: 100 | Z65: 100 | AA65: 100
D66: Iš viso: | E66: =E65 -> 13.1 | F66: =(H66-E66)/E66 -> 1.170229 | G66: =G65 -> 20.36 | H66: =H65 -> 28.43 | I66: =K66/H66-1 -> -0.47590573 | J66: =J65 -> 0 | K66: =K65 -> 14.9 | L66: =L65 -> 16.47 | M66: =M65 -> 22.01 | N66: =SUM(L66-K66)/K66 -> 0.10536913 | O66: =O65 -> 16.47 | P66: =P65 -> 23.06 | Q66: =Q65 -> 16.47 | R66: =R65 -> 24.18
A67: 01.01.02.11. (TP) | B67: Pirminė teisinė pagalba | C67: 188711925 | D67: SB (D) | E67: 13.6 | F67: =(H67-E67)/E67 -> 0.17647059 | G67: 14.835 | H67: 16 | I67: =K67/H67-1 -> -0.264375 | K67: 11.77 | L67: 10.37 | M67: 10.34 | N67: =SUM(L67-K67)/K67 -> -0.11894647 | O67: 10.37 | P67: 10.86 | Q67: 10.37 | R67: 11.4 | T67: Lietuvos Respublikos vietos savivaldos įstatymo 7 straipsnio 27 punkto įgyvendinimo užtikrinimas. | U67: R-01-01-02-11 | V67: Savivaldybės pirminės valstybės garantuojamos teisinės pagalbos specialistų netiksliai (netinkamai) užpildytų prašymų suteikti antrinę valstybės garantuojamą teisinę pagalbą skaičius nuo savivaldybės parengtų prašymų suteikti antrinę valstybės garantuojamą teisinę pagalbą skaičiaus proc | W67: 4,7 | X67: 4,6 | Y67: 4,5 | Z67: 4,5 | AA67: 4,5
D68: SB | E68: 0.68 | F68: =(H68-E68)/E68 -> -0.30882353 | G68: 0.795 | H68: 0.47 | I68: =K68/H68-1 -> 33.851064 | J68: 0.51 | K68: 16.38 | M68: 24.04 | N68: =SUM(L68-K68)/K68 -> -1 | O68: =L68+(L68*10%) -> 0 | P68: 18.55 | Q68: =O68+(O68*10%) -> 0 | R68: 19.47
D69: Iš viso: | E69: =SUM(E67:E68) -> 14.28 | F69: =(H69-E69)/E69 -> 0.15336134 | G69: =G67+G68 -> 15.63 | H69: =H67+H68 -> 16.47 | I69: =K69/H69-1 -> 0.70916818 | J69: =J67+J68 -> 0.51 | K69: =K67+K68 -> 28.15 | L69: =L67+L68 -> 10.37 | M69: =M67+M68 -> 34.38 | N69: =SUM(L69-K69)/K69 -> -0.63161634 | O69: =O67+O68 -> 10.37 | P69: =P67+P68 -> 29.41 | Q69: =Q67+Q68 -> 10.37 | R69: =R67+R68 -> 30.87
A70: 01.01.02.12. (TP) | B70: Būsto nuomos ir išperkamosios būsto nuomos mokesčių dalies kompensacijų administravimas | C70: 188711925 | D70: SB (D) | E70: 0.46 | F70: =(H70-E70)/E70 -> -0.52173913 | G70: 0.46 | H70: 0.22 | I70: =K70/H70-1 -> 1.4090909 | K70: 0.53 | L70: 0.715 | M70: 0.53 | N70: =SUM(L70-K70)/K70 -> 0.3490566 | O70: 0.715 | P70: 0.53 | Q70: 0.715 | R70: 0.53 | T70: Lietuvos Respublikos vietos savivaldos įstatymo 7 straipsnio 36 punkto įgyvendinimo užtikrinimas. | U70: R-01-01-02-12 | V70: Panaudota dotacijos dalis, nuo visų būsto nuomos ir išperkamosios būsto nuomos mokesčių dalies kompensacijų administravimui numatytų lėšų procentais | W70: 100 | X70: 100 | Y70: 100 | Z70: 100 | AA70: 100
D71: Iš viso: | E71: =E70 -> 0.46 | F71: =(H71-E71)/E71 -> -0.52173913 | G71: =G70 -> 0.46 | H71: =H70 -> 0.22 | I71: =K71/H71-1 -> 1.4090909 | J71: =J70 -> 0 | K71: =K70 -> 0.53 | L71: =L70 -> 0.715 | M71: =M70 -> 0.53 | N71: =SUM(L71-K71)/K71 -> 0.3490566 | O71: =O70 -> 0.715 | P71: =P70 -> 0.53 | Q71: =Q70 -> 0.715 | R71: =R70 -> 0.53
A72: 01.01.02.13. (TP) | B72: Dalyvauti rengiant ir vykdant mobilizaciją, demobilizaciją, priimančiosios šalies paramą | C72: 188711925 | D72: SB (D) | E72: 15.3 | F72: =(H72-E72)/E72 -> -0.52287582 | G72: 16.025 | H72: 7.3 | I72: =K72/H72-1 -> 0 | K72: 7.3 | L72: 46.9 | M72: 29.585 | N72: =SUM(L72-K72)/K72 -> 5.4246575 | O72: 46.9 | P72: 30.98 | Q72: 46.9 | R72: 32.45 | S72: 2.8.-2-8 | T72: Lietuvos Respublikos vietos savivaldos įstatymo 7 straipsnio 3 punkto įgyvendinimo užtikrinimas. | U72: R-01-01-02-13 | V72: Įgyvendintų savivaldybėms teisės aktuose nustatytų priemonių, vykdant savivaldybėms perduotą valstybinę funkciją ,,Dalyvavimas rengiant ir vykdant mobilizaciją, demobilizaciją, priimančiosios šalies paramą“, procentas, palyginti su visu teisės aktuose nustatytų priemonių skaičiumi | W72: 100 | X72: 100 | Y72: 93 | Z72: 93 | AA72: 93 | AB72: Įgyvendintų priemonių skaičius
D73: Iš viso: | E73: =E72 -> 15.3 | F73: =(H73-E73)/E73 -> -0.52287582 | G73: =G72 -> 16.025 | H73: =H72 -> 7.3 | I73: =K73/H73-1 -> 0 | J73: =J72 -> 0 | K73: =K72 -> 7.3 | L73: =L72 -> 46.9 | M73: =M72 -> 29.585 | N73: =SUM(L73-K73)/K73 -> 5.4246575 | O73: =O72 -> 46.9 | P73: =P72 -> 30.98 | Q73: =Q72 -> 46.9
A74: 01.01.02.14. (TP) | B74: Civilinės saugos administravimas | C74: 188711925 | D74: SB (D) | E74: 48.8 | F74: =(H74-E74)/E74 -> -0.19057377 | G74: 38.07 | H74: 39.5 | I74: =K74/H74-1 -> 0.063291139 | J74: 42 | K74: 42 | L74: 46.3 | M74: 41.9 | N74: =SUM(L74-K74)/K74 -> 0.10238095 | O74: 46.3 | P74: 43.67 | Q74: 46.3 | R74: 45.52 | T74: Lietuvos Respublikos vietos savivaldos įstatymo 7 straipsnio 14 punkto įgyvendinimas. | U74: P-01-01-02-14 | V74: Savivaldybės pasirengimo reaguoti į ekstremalias situacijas lygis, ne žemesnis kaip, proc. | W74: 86 | X74: 87 | Y74: 87 | Z74: 87 | AA74: 87
E75: 12 | F75: =(H75-E75)/E75 -> -1 | I75: =K75/H75-1 -> #DIV/0! | N75: =SUM(L75-K75)/K75 -> #DIV/0!
D76: Iš viso: | E76: =E74 -> 48.8 | F76: =(H76-E76)/E76 -> -0.19057377 | G76: =G74+G75 -> 38.07 | H76: =H74+H75 -> 39.5 | I76: =K76/H76-1 -> 0.063291139 | J76: =J74+J75 -> 42 | K76: =K74+K75 -> 42 | L76: =L74+L75 -> 46.3 | M76: =M74+M75 -> 41.9 | N76: =SUM(L76-K76)/K76 -> 0.10238095 | O76: =O74+O75 -> 46.3 | P76: =P74+P75 -> 43.67 | Q76: =Q74+Q75 -> 46.3 | R76: =R74+R75 -> 45.52
A77: 01.01.02.15. (TP) | B77: Visagino savivaldybės užimtumo didinimo programos administravimas | C77: 188711925 | D77: SB (D) | E77: 3.25 | F77: =(H77-E77)/E77 -> 0.058461538 | G77: 4.08 | H77: 3.44 | I77: =K77/H77-1 -> 0.043604651 | J77: 4.813 | K77: 3.59 | L77: 2.93 | M77: 3.59 | N77: =SUM(L77-K77)/K77 -> -0.18384401 | O77: 2.93 | P77: 3.77 | Q77: 2.93 | R77: 3.955 | S77: 2.8.-1-1 | T77: Lietuvos Respublikos vietos savivaldos įstatymo 7 straipsnio 16 punkto įgyvendinimo užtikrinimas. | U77: R-01-01-02-15 | V77: Panaudota dotacijos dalis, nuo visų Visagino savivaldybės užimtumo didinimo programos administravimui numatytų lėšų, procentai | W77: 100 | X77: 100 | Y77: 100 | Z77: 100 | AA77: 100 | AB77: Savivaldybės administracinių paslaugų, teikiamų elektroniniu būdu ne žemesniu kaip 4 brandos lygiu, dalis nuo visų savivaldybės teikiamų administracinių paslaugų, proc.
D78: SB | N78: =SUM(L78-K78)/K78 -> #DIV/0!
D79: Iš viso: | E79: =SUM(E77:E78) -> 3.25 | F79: =(H79-E79)/E79 -> 0.058461538 | G79: =SUM(G77:G78) -> 4.08 | H79: =SUM(H77:H78) -> 3.44 | I79: =K79/H79-1 -> 0.043604651 | J79: =SUM(J77:J78) -> 4.813 | K79: =SUM(K77:K78) -> 3.59 | L79: =SUM(L77:L78) -> 2.93 | M79: =SUM(M77:M78) -> 3.59 | N79: =SUM(L79-K79)/K79 -> -0.18384401 | O79: =SUM(O77:O78) -> 2.93 | P79: =SUM(P77:P78) -> 3.77 | Q79: =SUM(Q77:Q78) -> 2.93 | R79: =SUM(R77:R78) -> 3.955
A80: 01.01.02.16. (TP) | B80: Žemės ūkio funkcijų vykdymas | C80: 188711925 | D80: SB (D) | E80: 11.2 | F80: =(H80-E80)/E80 -> -0.38392857 | G80: 7.67 | H80: 6.9 | I80: =K80/H80-1 -> 0.24637681 | K80: 8.6 | L80: 7.3 | M80: 8.605 | N80: =SUM(L80-K80)/K80 -> -0.15116279 | O80: 7.3 | P80: 8.985 | Q80: 7.3 | R80: 9.39 | T80: Lietuvos Respublikos vietos savivaldos įstatymo 7 straipsnio 20, 21, 22 punktų įgyvendinimo užtikrinimas. | U80: R-01-01-02-16 | V80: Užtikrinti Vietos savivaldos įstatyme numatytų valstybės deleguotų žemės ūkio funkcijų vykdymą, proc. | W80: 100 | X80: 100 | Y80: 100 | Z80: 100 | AA80: 100
D81: Iš viso: | E81: =E80 -> 11.2 | F81: =(H81-E81)/E81 -> -0.38392857 | G81: =G80 -> 7.67 | H81: =H80 -> 6.9 | I81: =K81/H81-1 -> 0.24637681 | J81: =J80 -> 0 | K81: =K80 -> 8.6 | L81: =L80 -> 7.3 | M81: =M80 -> 8.605 | N81: =SUM(L81-K81)/K81 -> -0.15116279 | O81: =O80 -> 7.3 | P81: =P80 -> 8.985 | Q81: =Q80 -> 7.3 | R81: =R80 -> 9.39
A82: 01.01.02.17. (TP) | B82: Archyvinių dokumentų tvarkymas | C82: 188711925 | D82: SB (D) | E82: 10 | F82: =(H82-E82)/E82 -> 0 | G82: 9.805 | H82: 10 | I82: =K82/H82-1 -> 0 | K82: 10 | L82: 8.4 | M82: 9.9 | N82: =SUM(L82-K82)/K82 -> -0.16 | O82: 8.4 | P82: 10.35 | Q82: 8.4 | R82: 10.81 | T82: Lietuvos Respublikos vietos savivaldos įstatymo 7 straipsnio 13 punkto įgyvendinimo užtikrinimas. | U82: R-01-01-02-17 | V82: Panaudota dotacijos dalis nuo visų savivaldybei priskirtų archyvinių dokumentų tvarkymo funkcijai atlikti skirtų asignavimų dalies (procentai) | W82: 100 | X82: 100 | Y82: 100 | Z82: 100 | AA82: 100
D83: SB | E83: 0 | G83: 1.28 | H83: 0.8 | I83: =K83/H83-1 -> 16.2125 | J83: 0.91 | K83: 13.77 | L83: 18.77 | M83: 15.585 | N83: =SUM(L83-K83)/K83 -> 0.36310821 | O83: =L83+(L83*5%) -> 19.7085 | P83: 12.365 | Q83: =O83+(O83*5%) -> 20.693925 | R83: 12.395
D84: Iš viso: | E84: =SUM(E82:E83) -> 10 | F84: =(H84-E84)/E84 -> 0.08 | G84: =SUM(G82:G83) -> 11.085 | H84: =SUM(H82:H83) -> 10.8 | I84: =K84/H84-1 -> 1.2009259 | J84: =SUM(J82:J83) -> 0.91 | K84: =SUM(K82:K83) -> 23.77 | L84: =SUM(L82:L83) -> 27.17 | M84: =SUM(M82:M83) -> 25.485 | N84: =SUM(L84-K84)/K84 -> 0.14303744 | O84: =SUM(O82:O83) -> 28.1085 | P84: =SUM(P82:P83) -> 22.715 | Q84: =SUM(Q82:Q83) -> 29.093925 | R84: =SUM(R82:R83) -> 23.205
A85: 01.01.02.18. (TP) | B85: Koordinuotai teikiamų paslaugų vaikams nuo gimimo iki 18 metų (turintiems didelių ir labai didelių specialiųjų ugdymosi poreikių – iki 21 metų) ir vaiko atstovams koordinavimas | C85: 188711925 | D85: SB (D) | E85: 27.26 | F85: =(H85-E85)/E85 -> 0.10396185 | G85: 27.755 | H85: =30.09+0.004 -> 30.094 | I85: =K85/H85-1 -> 0.015817106 | K85: =34.313-3.743 -> 30.57 | L85: 37.36 | M85: 34.78 | N85: =SUM(L85-K85)/K85 -> 0.22211318 | O85: 37.36 | P85: 36.52 | Q85: 37.36 | R85: 38.35 | T85: Lietuvos Respublikos vietos savivaldos įstatymo 7 straipsnio 35 punkto įgyvendinimas. | U85: R-01-01-02-18 | V85: Finansuotų tarpinstitucinio bendradarbiavimo koordinatorių pareigybių skaičius savivaldybėse (vienetai) | W85: 1 | X85: 1 | Y85: 1 | Z85: 1 | AA85: 1
D86: Iš viso: | E86: =E85 -> 27.26 | F86: =(H86-E86)/E86 -> 0.10396185 | G86: =G85 -> 27.755 | H86: =H85 -> 30.094 | I86: =K86/H86-1 -> 0.015817106 | J86: =J85 -> 0 | K86: =K85 -> 30.57 | L86: =L85 -> 37.36 | M86: =M85 -> 34.78 | N86: =SUM(L86-K86)/K86 -> 0.22211318 | O86: =O85 -> 37.36 | P86: =P85 -> 36.52 | Q86: =Q85 -> 37.36 | R86: =R85 -> 38.35
A87: 01.01.02.19. (TP) | B87: Savivaldybei priskirtos valstybinės žemės ir kito valstybės turto valdymas, naudojimas ir disponavimas juo patikėjimo teise | C87: 188711925 | D87: SB (D) | E87: 1.45 | F87: =(H87-E87)/E87 -> 14.136552 | G87: 1.45 | H87: 21.948 | I87: =K87/H87-1 -> 0 | K87: 21.948 | L87: 22.152 | M87: 28.48 | N87: =SUM(L87-K87)/K87 -> 0.0092946966 | O87: 22.152 | P87: 29.88 | Q87: 22.152 | R87: 31.35 | T87: Lietuvos Respublikos vietos savivaldos įstatymo 7 straipsnio 9 punkto įgyvendinimo užtikrinimas. | U87: R-01-01-02-19 | V87: Nepertraukiamas valstybinės funkcijos (valstybės perduotos savivaldybėms), susijusios su savivaldybėms priskirtos valstybinės žemės ir kito valstybės turto valdymu, naudojimu ir disponavimu juo patikėjimo teise, įgyvendinimas savivaldybių teritorijoje esančių miestų ir miestelių teritorijų ribose valstybinėje žemėje, proc. | W87: 100 | X87: 100 | Y87: 100 | Z87: 100 | AA87: 100
D88: Iš viso: | E88: =E87 -> 1.45 | F88: =(H88-E88)/E88 -> 14.136552 | G88: =G87 -> 1.45 | H88: =H87 -> 21.948 | I88: =K88/H88-1 -> 0 | J88: =J87 -> 0 | K88: =K87 -> 21.948 | L88: =L87 -> 22.152 | M88: =M87 -> 28.48 | N88: =SUM(L88-K88)/K88 -> 0.0092946966 | O88: =O87 -> 22.152 | P88: =P87 -> 29.88 | Q88: =Q87 -> 22.152 | R88: =R87 -> 31.35
A89: 01.01.02.20. (TP) | B89: Savivaldybės erdvinių duomenų rinkinio tvarkymo funkcijos atlikimas | C89: 188711925 | D89: SB (D) | E89: 1.4 | F89: =(H89-E89)/E89 -> 0.22 | G89: 1 | H89: 1.708 | I89: =K89/H89-1 -> 0.028103044 | K89: 1.756 | L89: 1.912 | M89: 2 | N89: =SUM(L89-K89)/K89 -> 0.088838269 | O89: 1.912 | P89: 2 | Q89: 1.912 | R89: 2 | T89: Lietuvos Respublikos vietos savivaldos įstatymo 7 straipsnio 34 punkto įgyvendinimo užtikrinimas. | U89: R-01-01-02-20 | V89: Suderintų į savivaldybės erdvinių duomenų rinkinį integruotų planų skaičius, vnt. | W89: Perduota Aplinkos ministerijai | X89: Perduota Aplinkos ministerijai | Y89: Perduota Aplinkos ministerijai | Z89: Perduota Aplinkos ministerijai | AA89: Perduota Aplinkos ministerijai
D90: SB | E90: 8 | F90: =(H90-E90)/E90 -> -1 | G90: 2 | J90: 1 | K90: 0 | L90: 0 | M90: 0 | N90: =SUM(L90-K90)/K90 -> #DIV/0! | O90: 0 | P90: 0 | Q90: 0 | R90: 0
D91: Iš viso: | E91: =SUM(E89:E90) -> 9.4 | F91: =(H91-E91)/E91 -> -0.81829787 | G91: =SUM(G89:G90) -> 3 | H91: =SUM(H89:H90) -> 1.708 | I91: =K91/H91-1 -> 0.028103044 | J91: =SUM(J89:J90) -> 1 | K91: =SUM(K89:K90) -> 1.756 | L91: =SUM(L89:L90) -> 1.912 | M91: =SUM(M89:M90) -> 2 | N91: =SUM(L91-K91)/K91 -> 0.088838269 | O91: =SUM(O89:O90) -> 1.912 | P91: =SUM(P89:P90) -> 2 | Q91: =SUM(Q89:Q90) -> 1.912 | R91: =SUM(R89:R90) -> 2
A92: 01.01.02.21. (TP) | B92: Laikino atokvėpio paslaugos administravimas | C92: 188711925 | D92: SD | K92: 0.4 | L92: 0.3 | M92: 0.4 | N92: =SUM(L92-K92)/K92 -> -0.25 | O92: 0.3 | P92: 0.4 | Q92: 0.3 | R92: 0.4 | T92: Teikiama pagalba suteikiant galimybę pailsėti asmeniui (šeimai), prižiūrinčiam (-iai) asmenį, kuriam nustatytas individualios pagalbos teikimo išlaidų kompensacijos poreikis (iki 2023 m. gruodžio 31 d. – specialusis nuolatinės slaugos ar priežiūros (pagalbos) poreikis). | U92: R-01-01-02-21 | V92: Panaudota dotacijos dalis, nuo visų laikino atokvėpio atlikimui numatytų lėšų procentais | W92: 100 | X92: 100 | Y92: 100 | Z92: 100 | AA92: 100
D93: SB | N93: =SUM(L93-K93)/K93 -> #DIV/0!
D94: Iš viso: | H94: =H92 -> 0 | I94: =K94/H94-1 -> #DIV/0! | J94: =J92 -> 0 | K94: =K92 -> 0.4 | L94: =L92 -> 0.3 | M94: =M92 -> 0.4 | N94: =SUM(L94-K94)/K94 -> -0.25 | O94: =O92 -> 0.3 | P94: =P92 -> 0.4 | Q94: =Q92 -> 0.3 | R94: =R92 -> 0.4
A95: 01.01.03 (T) | B95: Užtikrinti efektyvų savivaldybei nuosavybės teise priklausančio nekilnojamojo turto naudojimą, įmonių bei įstaigų valdymą | E95: =SUM(E98,E106,E115,E117) -> 124.15 | F95: =(H95-E95)/E95 -> 0.030205397 | G95: =SUM(G98,G106,G115,G117) -> 135.2 | H95: =SUM(H98,H106,H115,H117) -> 127.9 | I95: =K95/H95-1 -> 0.49726349 | J95: =SUM(J98,J106,J115,J117) -> 380 | K95: =SUM(K98,K106,K115,K117) -> 191.5 | L95: =SUM(L98,L106,L115,L117) -> 153.3 | M95: =SUM(M98,M106,M115,M117) -> 158.8 | N95: =SUM(L95-K95)/K95 -> -0.19947781 | O95: =SUM(O98,O106,O115,O117) -> 157.8 | P95: =SUM(P98,P106,P115,P117) -> 160.21 | Q95: =SUM(Q98,Q106,Q115,Q117) -> 158.8 | R95: =SUM(R98,R106,R115,R117) -> 164.18 | S95: 3.3.-2 | U95: E-01-01-03 | V95: Savivaldybės įstaigų ir įmonių, įdiegusių atsinaujinančių ir alternatyvių energijos išteklių priemones savo pastatuose, dalis (proc.) | W95: =2/(18+10+3) -> 0.064516129 | X95: =2/(18+10+3) -> 0.064516129 | Y95: =3/(18+10+3) -> 0.096774194 | Z95: =3/(18+10+3) -> 0.096774194 | AA95: =3/(18+10+3) -> 0.096774194 | AB95: Savivaldybės įstaigų ir įmonių, įdiegusių atsinaujinančių ir alternatyvių energijos išteklių priemones savo pastatuose, dalis (proc.)
A96: 01.01.03.01. (TP) | B96: Savivaldybės nekilnojamojo turto išlaikymas ir administravimas | C96: 188711925 | D96: SB | E96: 90.95 | F96: =(H96-E96)/E96 -> 0.18416712 | G96: 100 | H96: 107.7 | I96: =K96/H96-1 -> 0.54410399 | J96: =SUM(J99,J100,J101,J102,J103,J107,J108,J109,J111,J112,J113) -> 344.8 | K96: =SUM(K99,K100,K101,K102,K103,K107,K108,K109,K111,K112,K113) -> 166.3 | L96: =SUM(L102,L103,L109,L110,L111,L112,L113) -> 127.8 | M96: 133.3 | N96: =SUM(L96-K96)/K96 -> -0.23150932 | O96: =SUM(O102,O103,O109,O110,O111,O112,O113) -> 132.3 | P96: 134.71 | Q96: =SUM(Q102,Q103,Q109,Q110,Q111,Q112,Q113) -> 133.3 | R96: 138.68 | S96: 3.3.-2-4 | T96: Įgyvendinant šią priemonę planuojama tinkamai valdyti ir administruoti savivaldybės turtą, išlaikyti savivaldybės pastatus, gyvenamąsias ir negyvenamąsias patalpas. Taip pat įgyvendinant šią priemonę bus vykdoma savivaldybės administracijos patikėjimo teise valdomų statinių ir bendrojo naudojimo inžinerinių tinklų techninė priežiūra pagal statybos techninio reglamento STR 1.03.07:2017 „Statinių techninės ir naudojimo priežiūros tvarka. Naujų nekilnojamojo turto kadastro objektų formavimo tvarka“ reikalavimus bei užtikrinta Visagino savivaldybės administracijos valdomų pastatų šilumos sistemų ir šilumos punktų priežiūra bei remontas pagal Šilumos tinklų ir šilumos vartojimo įrenginių priežiūros (eksploatavimo) taisyklių reikalavimus. | U96: R-01-01-03-01 | V96: Tinkamai administruojamas savivaldybės turtas | W96: 0,2 | X96: taip | Y96: taip | Z96: taip | AA96: taip | AB96: Savivaldybės įstaigų ir įmonių pastatų, kuriuose įrengtos alternatyvios energijos gamybos priemonės, skaičius (vnt.)
D97: SB(ĮP) | N97: =SUM(L97-K97)/K97 -> #DIV/0!
D98: Iš viso: | E98: =E96 -> 90.95 | F98: =(H98-E98)/E98 -> 0.18416712 | G98: =G96+G97 -> 100 | H98: =H96+H97 -> 107.7 | I98: =K98/H98-1 -> 0.54410399 | J98: =J96+J97 -> 344.8 | K98: =K96+K97 -> 166.3 | L98: =L96+L97 -> 127.8 | M98: =M96+M97 -> 133.3 | N98: =SUM(L98-K98)/K98 -> -0.23150932 | O98: =O96+O97 -> 132.3 | P98: =P96+P97 -> 134.71 | Q98: =Q96+Q97 -> 133.3 | R98: =R96+R97 -> 138.68
A99: J. Kriaučiūnaitė | B99: Visagino mechanizacija audito paslaugoms apmokėti | H99: 0.6 | N99: =SUM(L99-K99)/K99 -> #DIV/0!
B100: Apleistų pastatų komunalinių paslaugų apmokėjimui (Draugystės g. 10, Vilties g. 3, Taikos pr. 23) | D100: SB | H100: 28.1 | J100: 115 | K100: 0 | L100: 0 | M100: 0 | N100: =SUM(L100-K100)/K100 -> #DIV/0! | O100: 0 | P100: 0 | Q100: 0 | R100: 0
B101: Apleistų buvusių gimdymo namų komunalinių paslaugų apmokėjimas (Taikos pr. 15 D) | H101: 57.58 | N101: =SUM(L101-K101)/K101 -> #DIV/0!
A102: A. Andrijanov | B102: 2023-11-10 Pastatų šilumos punktų priežiūros paslaugų pirkimo-pardavimo sutartis Nr. 5-501 | D102: SB | H102: 18.12 | J102: 20 | K102: 20 | L102: 20 | M102: 20 | N102: =SUM(L102-K102)/K102 -> 0 | O102: 24.2 | P102: 22 | Q102: 24.2 | R102: 24.2 | T102: 2024-10-25 Sutartis Nr. 5-491; 2024-11-14 Sutartis Nr. 5-515
...

Sheet 2 programa 
A1: Švietimo paslaugų plėtros programa (02)
A2: Švietimas – prioritetinė valstybės remiama Lietuvos Respublikos raidos sritis. Švietimas turi įtakos Visagino kultūrinei, socialinei ir ekonominei pažangai. Šia programa siekiama laiduoti valstybės ir Visagino savivaldybės švietimo politikos įgyvendinimą, ugdymo kokybę, išsilavinimo standartus atitinkantį išsilavinimą, vaikų socialinį ir psichologinį saugumą, skatinti ir remti besimokančiųjų užimtumą; įgyvendinti priemones, numatytas Visagino savivaldybės strateginiame plėtros plane, Lietuvos Respublikos Vyriausybės bei ministerijų teisės aktuose.
A4: =A14 -> 02.01.01. (T) | B4: =B14 -> Sudaryti sąlygas ugdyti vaikus ikimokyklinio, bendrojo ugdymo ir neformalaus vaikų švietimo įstaigose pagal patvirtintas ugdymo programas, teikti pedagoginę, psichologinę, metodinę, aprūpinimo transportu ir kitą pagalbą mokiniams, mokytojams ir mokykloms
A5: =A167 -> 02.01.02. (T) | B5: =B167 -> Įgyvendinti priemones turinčias įtakos, ugdymo proceso kokybei, skirtas tęstiniam mokymuisi
A6: =A262 -> 02.01.03. (P) | B6: =B262 -> Sukurti įtraukias, tinklaveiką ir socialines inovacijas skatinančias, kiekvieno mokinio geresnius pasiekimus lemiančias ir šiuolaikiškas kokybiško ugdymo(si) sąlygas
A7: =A350 -> 02.02.01. (T) | B7: =B350 -> Didinti vaikų ir jaunimo socioedukacinių veiklų, socialiai prasmingo užimtumo, profesinio mokymo, saviraiškos bei švietimo pagalbos įvairovę ir prieinamumą
A9: Programos įgyvendinimo laikotarpis 2026-2028 m.
A10: Programos įgyvendinimo koordinatorė Monika Gutė, monika.gute@visaginas.lt, tel. (0 386) 36 016
A11: 5 lentelė.Švietimo paslaugų plėtros programos (02) uždaviniai, priemonės, asignavimai ir kitos lėšos (tūkst.eurų) ir jų stebėsenos rodikliai
A12: Programos uždavinio, priemonės kodas ir požymis | B12: Uždavinio, priemonės pavadinimas, finansavimo šaltiniai | C12: Asignavimų valdytojo kodas | D12: Finansavimo šaltinis | E12: 2023 m. asignavimų planas | F12: Asignavimų pasikeitimas | G12: 2024 m. asignavimų poreikis | H12: 2024 m. asignavimai ir kitos lėšos, tūkst. Eur | I12: Pokytis proc. | J12: 2025 m. asignavimų ir kitų lėšų poreikis , tūkst. Eur | K12: 2025 m. asignavimai ir kitos lėšos, tūkst. Eur | L12: 2026 m.asignavimai ir kitos lėšos, tūkst. Eur | M12: 2026 m.asignavimai ir kitos lėšos, tūkst. Eur (poreikis) | N12: Didėja /mažėja lyginant su 2025 m. proc. | O12: 2027 m.asignavimai ir kitos lėšos, tūkst. Eur | P12: 2027 m.asignavimai ir kitos lėšos, tūkst. Eur (poreikis) | Q12: 2028 m.asignavimai ir kitos lėšos, tūkst. Eur | R12: 2028 m.asignavimai ir kitos lėšos, tūkst. Eur (poreikis) | S12: Savivaldybės strateginio plėtros plano priemonės kodas | T12: Trumpas priemonės įgyvendinimo aprašymas | V12: Stebėsenos rodiklio kodas | W12: Stebėsenos rodiklio pavadinimas (matavimo vnt.) | X12: Siektinos stebėsenos rodiklių reikšmės | AC12: Savivaldybės strateginio plėtros plano rodiklis
X13: 2024 | Y13: 2025 | Z13: 2026 | AA13: 2027 | AB13: 2028
A14: 02.01.01. (T) | B14: Sudaryti sąlygas ugdyti vaikus ikimokyklinio, bendrojo ugdymo ir neformalaus vaikų švietimo įstaigose pagal patvirtintas ugdymo programas, teikti pedagoginę, psichologinę, metodinę, aprūpinimo transportu ir kitą pagalbą mokiniams, mokytojams ir mokykloms | E14: =SUM(E20,E85) -> 14896.322 | F14: =(H14-E14)/E14 -> 0.029956589 | G14: =SUM(G20,G85) -> 14280.704 | H14: =SUM(H20,H85) -> 15342.565 | K14: =SUM(K20,K85) -> 17458.854 | L14: =SUM(L20,L85) -> 19012.041 | M14: =SUM(M20,M85) -> 17294.881 | N14: =SUM(L14-K14)/K14 -> 0.088962712 | O14: =SUM(O20,O85) -> 19337.942 | P14: =SUM(P20,P85) -> 10741.135 | Q14: =SUM(Q20,Q85) -> 19724.636 | R14: =SUM(R20,R85) -> 18252.801 | S14: 2.1.-1 | V14: E-02-01-01 | W14: Visagino savivaldybės švietimo stebėsenos rodiklių sąraše, patvirtintame 2022-03-14 Visagino savivaldybės administracijos direktoriaus įsakymu Nr. ĮV-E-123 „Dėl Visagino savivaldybės švietimo stebėsenos rodiklių sąrašo patvirtinimo" įgyvendintų rodiklių skaičius | X14: 34 | Y14: 34 | Z14: 34 | AA14: 34 | AB14: 34 | AC14: Parengtų planų skaičius (vnt.) Įgyvendintų priemonių skaičius proc., nuo visų suplanuotų įgyvendinti
A15: 02.01.01.01. (TP) | B15: Švietimo įstaigų veiklos organizavimas | C15: Įstaigos | D15: SB | E15: =SUM(E21,E26,E31,E36,E41,E46,E51,E55,E60,E66,E71,E75) -> 5936.51 | F15: =H15/E15-1 -> -0.13804575 | G15: =SUM(G21,G26,G31,G36,G41,G46,G51,G55,G60,G66,G71,G75) -> 4657.003 | H15: =SUM(H21,H26,H31,H36,H41,H46,H51,H55,H60,H66,H71,H75) -> 5117 | I15: =K15/H15-1 -> 0.087754544 | J15: =SUM(J21,J26,J31,J36,J41,J46,J51,J55,J60,J66,J71,J75) -> 5557.47 | K15: =SUM(K21,K26,K31,K36,K41,K46,K51,K55,K60,K66,K71,K75) -> 5566.04 | L15: =SUM(L21,L26,L31,L36,L41,L46,L51,L55,L60,L66,L71,L75) -> 5475.33 | M15: =SUM(M21,M26,M31,M36,M41,M46,M51,M55,M60,M66,M71,M75) -> 5007.808 | N15: =SUM(L15-K15)/K15 -> -0.016297044 | O15: =L15+(L15*5%) -> 5749.0965 | P15: =SUM(P21,P26,P31,P36,P41,P46,P51,P55,P60,P66,P71,P75) -> 0 | Q15: =O15+(O15*5%) -> 6036.5513 | R15: =SUM(R21,R26,R31,R36,R41,R46,R51,R55,R60,R66,R71,R75) -> 4985.688 | S15: 2.1.-5-3 | T15: Lopšelio-darželio „Auksinis gaidelis“ (VPC), vaikų lopšelių-darželių „Auksinis raktelis“, „Ąžuoliukas“, „Gintarėlis“, „Žiburio“ pagrindinės mokyklos, „Atgimimo“ ir „Verdenės“ gimnazijų, Draugystės ir „Gerosios vilties“ progimnazijų, Visagino kūrybos ir menų akademijos, Švietimo pagalbos tarnybos veiklos organizavimas ir paslaugų užtikrinimas. Priemonės įgyvendinimui stebėti stebėsenos rodikliai patvirtinti Visagino savivaldybės švietimo stebėsenos rodiklių sąraše, patvirtintame 2022-03-14 Visagino savivaldybės administracijos direktoriaus įsakymu Nr. ĮV-E-123 „Dėl Visagino savivaldybės švietimo stebėsenos rodiklių sąrašo patvirtinimo". | V15: R-02-01-01-01 | W15: Įstaigų, kurioms užtikrinamas veiklos finansavimas, skaičius | X15: 12 | Y15: 12 | Z15: 11 | AA15: 11 | AB15: 11
D16: SB (ĮP) | E16: =SUM(E22,E27,E32,E37,E42,E47,E52,E56,E61,E67,E72,E76) -> 774.452 | F16: =H16/E16-1 -> 0.046933832 | G16: =SUM(G22,G27,G32,G37,G42,G47,G52,G56,G61,G67,G72,G76) -> 804.845 | H16: =SUM(H22,H27,H32,H37,H42,H47,H52,H56,H61,H67,H72,H76) -> 810.8 | I16: =K16/H16-1 -> -0.098791317 | J16: =SUM(J22,J27,J32,J37,J42,J47,J52,J56,J61,J67,J72,J76) -> 755.05 | K16: =SUM(K22,K27,K32,K37,K42,K47,K52,K56,K61,K67,K72,K76) -> 730.7 | L16: =SUM(L22,L27,L32,L37,L42,L47,L52,L56,L61,L67,L72,L76) -> 655.4 | M16: =SUM(M22,M27,M32,M37,M42,M47,M52,M56,M61,M67,M72,M76) -> 655.4 | N16: =SUM(L16-K16)/K16 -> -0.10305187 | O16: =SUM(O22,O27,O32,O37,O42,O47,O52,O56,O61,O67,O72,O76) -> 669 | P16: =SUM(P22,P27,P32,P37,P42,P47,P52,P56,P61,P67,P72,P76) -> 669 | Q16: =SUM(Q22,Q27,Q32,Q37,Q42,Q47,Q52,Q56,Q61,Q67,Q72,Q76) -> 687 | R16: =SUM(R22,R27,R32,R37,R42,R47,R52,R56,R61,R67,R72,R76) -> 687
D17: ĮP (L) | H17: =SUM(H28,H38,H48,H57,H62,H68,) -> 13.554 | I17: =K17/H17-1 -> 1.1464512 | J17: =SUM(J28,J38,J48,J57,J62,J68,) -> 0 | K17: =SUM(K28,K38,K48,K57,K62,K68,K33,K43,) -> 29.093 | L17: =SUM(L28,L38,L48,L57,L62,L68,L33,L43,L23,) -> 38.836 | M17: =SUM(M28,M38,M48,M57,M62,M68,M33,M43,) -> 0 | N17: =SUM(L17-K17)/K17 -> 0.33489155 | O17: =SUM(O28,O38,O48,O57,O62,O68,O33,O43,) -> 0 | P17: =SUM(P28,P38,P48,P57,P62,P68,P33,P43,) -> 0 | Q17: =SUM(Q28,Q38,Q48,Q57,Q62,Q68,Q33,Q43,) -> 0 | R17: =SUM(R28,R38,R48,R57,R62,R68,R33,R43,) -> 0
D18: SD | E18: =SUM(E24,E29,E34,E39,E44,E49,E53,E58,E63,E69,E73,E77) -> 35 | F18: =H18/E18-1 -> -1 | G18: =SUM(G24,G29,G34,G39,G44,G49,G53,G58,G63,G69,G73,G77) -> 36.333 | H18: 0
D19: KT | G19: =G77 -> 0.333 | H19: =H77 -> 0.333 | I19: =K19/H19-1 -> 10.984985 | J19: =SUM(J24,J29,J34,J39,J44,J49,J53,J58,J64,J69,J73,J77,) -> 3.991 | K19: =SUM(K24,K29,K34,K39,K44,K49,K53,K58,K64,K69,K73,K77,) -> 3.991 | L19: =SUM(L24,L29,L34,L39,L44,L49,L53,L58,L64,L69,L73,L77,) -> 4.07 | M19: =SUM(M24,M29,M34,M39,M44,M49,M53,M58,M64,M69,M73,M77,) -> 2.232 | N19: =SUM(L19-K19)/K19 -> 0.019794538 | O19: =SUM(O24,O29,O34,O39,O44,O49,O53,O58,O64,O69,O73,O77,) -> 4.07 | P19: =SUM(P24,P29,P34,P39,P44,P49,P53,P58,P64,P69,P73,P77,) -> 1.7 | Q19: =SUM(Q24,Q29,Q34,Q39,Q44,Q49,Q53,Q58,Q64,Q69,Q73,Q77,) -> 4.07 | R19: =SUM(R24,R29,R34,R39,R44,R49,R53,R58,R64,R69,R73,R77,) -> 1.61
D20: Iš viso | E20: =SUM(E15:E19) -> 6745.962 | F20: =H20/E20-1 -> -0.11922317 | G20: =SUM(G15:G19) -> 5498.514 | H20: =SUM(H15:H19) -> 5941.687 | I20: =K20/H20-1 -> 0.065324377 | J20: =SUM(J15:J19) -> 6316.511 | K20: =SUM(K15:K19) -> 6329.824 | L20: =SUM(L15:L19) -> 6173.636 | M20: =SUM(M15:M19) -> 5665.44 | N20: =SUM(L20-K20)/K20 -> -0.024674936 | O20: =SUM(O15:O19) -> 6422.1665 | P20: =SUM(P15:P19) -> 670.7 | Q20: =SUM(Q15:Q19) -> 6727.6213 | R20: =SUM(R15:R19) -> 5674.298
B21: Lopšelio-darželio „Auksinis gaidelis“ | C21: 190230641 | D21: SB | E21: 482.56 | G21: 401.175 | H21: =506.28-0.08 -> 506.2 | J21: 578.95 | K21: 513.93 | L21: 424.29 | M21: 438.99 | N21: =SUM(L21-K21)/K21 -> -0.17442064 | R21: 455.571
D22: SB (ĮP) | E22: =92.3+0.865 -> 93.165 | G22: 81.6 | H22: 98.4 | J22: 85.2 | K22: 81.9 | L22: 67.8 | M22: 67.8 | N22: =SUM(L22-K22)/K22 -> -0.17216117 | O22: =P22 -> 69.1 | P22: 69.1 | Q22: =R22 -> 71.1 | R22: 71.1
D23: L (ĮP) | L23: 5.506 | N23: =SUM(L23-K23)/K23 -> #DIV/0!
D24: KT | J24: 0.621 | K24: 0.621 | L24: 0.7 | N24: =SUM(L24-K24)/K24 -> 0.12721417 | O24: 0.7 | Q24: 0.7
D25: Iš viso | E25: =SUM(E21:E24) -> 575.725 | G25: =SUM(G21:G24) -> 482.775 | H25: =SUM(H21:H24) -> 604.6 | J25: =SUM(J21:J24) -> 664.771 | K25: =SUM(K21:K24) -> 596.451 | L25: =SUM(L21:L24) -> 498.296 | M25: =SUM(M21:M24) -> 506.79 | N25: =SUM(L25-K25)/K25 -> -0.16456507 | O25: =SUM(O21:O24) -> 69.8 | P25: =SUM(P21:P24) -> 69.1 | Q25: =SUM(Q21:Q24) -> 71.8 | R25: =SUM(R21:R24) -> 526.671
B26: Lopšelio-darželio „Auksinis raktelis“ | C26: 190230443 | D26: SB | E26: 508.43 | G26: 412.685 | H26: =576.08-0.1 -> 575.98 | J26: 661.116 | K26: 635.17 | L26: 853.51 | M26: 487.635 | N26: =SUM(L26-K26)/K26 -> 0.34375049 | R26: 487.635
D27: SB (ĮP) | E27: =122.2+7.272 -> 129.472 | G27: 133 | H27: =125.9 -> 125.9 | J27: 148 | K27: 148 | L27: 149.87 | M27: 149.87 | N27: =SUM(L27-K27)/K27 -> 0.012635135 | O27: =P27 -> 152.55 | P27: 152.55 | Q27: =R27 -> 156.7 | R27: 156.7
D28: L (ĮP) | H28: 9.647 | K28: 11.135 | L28: 17.601 | M28: 0 | N28: =SUM(L28-K28)/K28 -> 0.58069151 | R28: 0
D29: KT | N29: =SUM(L29-K29)/K29 -> #DIV/0! | P29: 0
D30: Iš viso | E30: =SUM(E26:E29) -> 637.902 | G30: =SUM(G26:G29) -> 545.685 | H30: =SUM(H26:H29) -> 711.527 | J30: =SUM(J26:J29) -> 809.116 | K30: =SUM(K26:K29) -> 794.305 | L30: =SUM(L26:L29) -> 1020.981 | M30: =SUM(M26:M29) -> 637.505 | N30: =SUM(L30-K30)/K30 -> 0.28537652 | O30: =SUM(O26:O29) -> 152.55 | P30: =SUM(P26:P29) -> 152.55 | Q30: =SUM(Q26:Q29) -> 156.7 | R30: =SUM(R26:R29) -> 644.335
B31: Vaikų lopšelio-darželio „Ąžuoliukas“ | C31: 190231730 | D31: SB | E31: 447.77 | G31: 349.54 | H31: 487.73 | J31: 503.17 | K31: 544.25 | L31: 472.63 | M31: 471.72 | N31: =SUM(L31-K31)/K31 -> -0.13159394 | R31: 463
D32: SB (ĮP) | E32: =96.7+2.28 -> 98.98 | G32: 102.69 | H32: 104 | J32: 100.1 | K32: 100.1 | L32: 83.85 | M32: 83.85 | N32: =SUM(L32-K32)/K32 -> -0.16233766 | O32: 85.5 | P32: 85.5 | Q32: =R32 -> 87.95 | R32: 87.95
D33: ĮP (L) | K33: 9.045 | L33: 3.231 | N33: =SUM(L33-K33)/K33 -> -0.64278607
D34: KT | N34: =SUM(L34-K34)/K34 -> #DIV/0!
D35: Iš viso | E35: =SUM(E31:E34) -> 546.75 | G35: =SUM(G31:G34) -> 452.23 | H35: =SUM(H31:H34) -> 591.73 | I35: =SUM(I31:I34) -> 0 | J35: =SUM(J31:J34) -> 603.27 | K35: =SUM(K31:K34) -> 653.395 | L35: =SUM(L31:L34) -> 559.711 | M35: =SUM(M31:M34) -> 555.57 | N35: =SUM(L35-K35)/K35 -> -0.14338034 | O35: =SUM(O31:O34) -> 85.5 | P35: =SUM(P31:P34) -> 85.5 | Q35: =SUM(Q31:Q34) -> 87.95 | R35: =SUM(R31:R34) -> 550.95
B36: Vaikų lopšelio-darželio „Gintarėlis“ | C36: 190231011 | D36: SB | E36: 447.55 | G36: 337.88 | H36: =469.53-1 -> 468.53 | J36: 489.542 | K36: 487.26 | L36: 406.29 | M36: 421.45 | N36: =SUM(L36-K36)/K36 -> -0.16617412 | R36: 373.532
D37: SB (ĮP) | E37: 87.33 | G37: 94.49 | H37: =94.3 -> 94.3 | J37: 78.9 | K37: 78.9 | L37: 80.13 | M37: 80.13 | N37: =SUM(L37-K37)/K37 -> 0.015589354 | O37: =P37 -> 81.7 | P37: 81.7 | Q37: =R37 -> 84.1 | R37: 84.1
D38: ĮP L | H38: 2.476 | K38: 1.41 | L38: 1.508 | N38: =SUM(L38-K38)/K38 -> 0.069503546
D39: KT | N39: =SUM(L39-K39)/K39 -> #DIV/0!
D40: Iš viso | E40: =SUM(E36:E39) -> 534.88 | G40: =SUM(G36:G39) -> 432.37 | H40: =SUM(H36:H39) -> 565.306 | I40: =SUM(I36:I39) -> 0 | J40: =SUM(J36:J39) -> 568.442 | K40: =SUM(K36:K39) -> 567.57 | L40: =SUM(L36:L39) -> 487.928 | M40: =SUM(M36:M39) -> 501.58 | N40: =SUM(L40-K40)/K40 -> -0.14032102 | O40: =SUM(O36:O39) -> 81.7 | P40: =SUM(P36:P39) -> 81.7 | Q40: =SUM(Q36:Q39) -> 84.1 | R40: =SUM(R36:R39) -> 457.632
B41: Vaikų lopšelio-darželio „Kūlverstukas“ | C41: 190230258 | D41: SB | E41: 323.6 | G41: 268.33 | H41: =351.52-0.2 -> 351.32 | J41: 413.28 | K41: 360.58 | N41: =SUM(L41-K41)/K41 -> -1
D42: SB (ĮP) | E42: =45.5+0.153 -> 45.653 | G42: 46.5 | H42: 41.7 | J42: 29.9 | K42: 29.9 | N42: =SUM(L42-K42)/K42 -> -1
D43: ĮP (L) | K43: 0.678 | N43: =SUM(L43-K43)/K43 -> -1
D44: KT | N44: =SUM(L44-K44)/K44 -> #DIV/0!
D45: Iš viso | E45: =SUM(E41:E44) -> 369.253 | G45: =SUM(G41:G44) -> 314.83 | H45: =SUM(H41:H44) -> 393.02 | K45: =SUM(K41:K44) -> 391.158 | L45: =SUM(L41:L44) -> 0 | M45: =SUM(M41:M44) -> 0 | N45: =SUM(L45-K45)/K45 -> -1
B46: "Atgimimo" gimnazijos | C46: 190243280 | D46: SB | E46: 353.8 | G46: 378.33 | H46: =380.02-0.1 -> 379.92 | J46: 400.279 | K46: 413.51 | L46: 462.05 | M46: 433.723 | N46: =SUM(L46-K46)/K46 -> 0.11738531 | R46: 439.412
D47: SB (ĮP) | E47: 33.7 | G47: 40.59 | H47: =37.6 -> 37.6 | J47: 39.1 | K47: 39 | L47: =M47 -> 40.8 | M47: 40.8 | N47: =SUM(L47-K47)/K47 -> 0.046153846 | O47: =P47 -> 41.6 | P47: 41.6 | Q47: =R47 -> 42.8 | R47: 42.8
D48: L | H48: 0.585 | K48: 0.962 | L48: 0.23 | N48: =SUM(L48-K48)/K48 -> -0.76091476
D49: KT | J49: 0.87 | K49: 0.87 | L49: 0.87 | N49: =SUM(L49-K49)/K49 -> 0 | O49: 0.87 | Q49: 0.87
D50: Iš viso | E50: =SUM(E46:E49) -> 387.5 | G50: =SUM(G46:G49) -> 418.92 | H50: =SUM(H46:H49) -> 418.105 | J50: =SUM(J46:J49) -> 440.249 | K50: =SUM(K46:K49) -> 454.342 | L50: =SUM(L46:L49) -> 503.95 | M50: =SUM(M46:M49) -> 474.523 | N50: =SUM(L50-K50)/K50 -> 0.10918647 | O50: =SUM(O46:O49) -> 42.47 | P50: =SUM(P46:P49) -> 41.6 | Q50: =SUM(Q46:Q49) -> 43.67 | R50: =SUM(R46:R49) -> 482.212
B51: Draugystės progimnazijos | C51: 300135691 | D51: SB | E51: 410 | G51: 433.351 | H51: =448.25-0.76 -> 447.49 | J51: 470.874 | K51: 481.03 | L51: 520.81 | M51: 501.975 | N51: =SUM(L51-K51)/K51 -> 0.082697545 | R51: 448.183
D52: SB (ĮP) | E52: =38.5+0.829 -> 39.329 | G52: 59.03 | H52: 40.5 | J52: 40.5 | K52: 40.5 | L52: 42.1 | M52: 42.1 | N52: =SUM(L52-K52)/K52 -> 0.039506173 | O52: =P52 -> 42.8 | P52: 42.8 | Q52: =R52 -> 43.9 | R52: 43.9
D53: KT | M53: 1.882 | N53: =SUM(L53-K53)/K53 -> #DIV/0! | P53: 1.5 | R53: 1.5
D54: Iš viso | E54: =SUM(E51:E53) -> 449.329 | G54: =SUM(G51:G53) -> 492.381 | H54: =SUM(H51:H53) -> 487.99 | I54: =SUM(I51:I53) -> 0 | J54: =SUM(J51:J53) -> 511.374 | K54: =SUM(K51:K53) -> 521.53 | L54: =SUM(L51:L53) -> 562.91 | M54: =SUM(M51:M53) -> 545.957 | N54: =SUM(L54-K54)/K54 -> 0.07934347 | O54: =SUM(O51:O53) -> 42.8 | P54: =SUM(P51:P53) -> 44.3 | Q54: =SUM(Q51:Q53) -> 43.9 | R54: =SUM(R51:R53) -> 493.583
B55: "Gerosios vilties" progimnazijos | C55: 190243095 | D55: SB | E55: 482.66 | G55: 516.5 | H55: =518.62-0.22 -> 518.4 | J55: 560.981 | K55: 563.43 | L55: 649.68 | M55: 623.791 | N55: =SUM(L55-K55)/K55 -> 0.15308024 | R55: 637.069
D56: SB (ĮP) | E56: =40.7+1.42 -> 42.12 | G56: 45.7 | H56: =51 -> 51 | J56: 50.7 | K56: 50.7 | L56: =M56 -> 50.7 | M56: 50.7 | N56: =SUM(L56-K56)/K56 -> 0 | O56: =P56 -> 51.7 | P56: 51.7 | Q56: =R56 -> 53.2 | R56: 53.2
D57: ĮP L | H57: 0.679 | K57: 2.466 | L57: 3.546 | N57: =SUM(L57-K57)/K57 -> 0.4379562
D58: KT | J58: 2 | K58: 2 | L58: 2 | N58: =SUM(L58-K58)/K58 -> 0 | O58: 2 | Q58: 2
D59: Iš viso | E59: =SUM(E55:E58) -> 524.78 | G59: =SUM(G55:G58) -> 562.2 | H59: =SUM(H55:H58) -> 570.079 | J59: =SUM(J55:J58) -> 613.681 | K59: =SUM(K55:K58) -> 618.596 | L59: =SUM(L55:L58) -> 705.926 | M59: =SUM(M55:M58) -> 674.491 | N59: =SUM(L59-K59)/K59 -> 0.14117453 | O59: =SUM(O55:O58) -> 53.7 | P59: =SUM(P55:P58) -> 51.7 | Q59: =SUM(Q55:Q58) -> 55.2 | R59: =SUM(R55:R58) -> 690.269
B60: "Verdenės" gimnazijos | C60: 190243519 | D60: SB | E60: 424.35 | G60: 467.528 | H60: =459.67-0.9 -> 458.77 | J60: 506.403 | K60: 489.6 | L60: 581.53 | M60: 574.115 | N60: =SUM(L60-K60)/K60 -> 0.18776552 | R60: 594.936
D61: SB (ĮP) | E61: 71.103 | G61: 77.5 | H61: =76.5 -> 76.5 | J61: 73 | K61: 73 | L61: =M61 -> 73 | M61: 73 | N61: =SUM(L61-K61)/K61 -> 0 | O61: =P61 -> 74.4 | P61: 74.4 | Q61: =R61 -> 76.6 | R61: 76.6
D62: L | H62: 0.159 | K62: 3.189 | L62: 7.214 | N62: =SUM(L62-K62)/K62 -> 1.2621511
D63: SD | E63: 35 | G63: 36 | H63: 0 | J63: 39 | N63: =SUM(L63-K63)/K63 -> #DIV/0!
D64: KT | N64: =SUM(L64-K64)/K64 -> #DIV/0!
D65: Iš viso | E65: =SUM(E60:E64) -> 530.453 | G65: =SUM(G60:G64) -> 581.028 | H65: =SUM(H60:H64) -> 535.429 | I65: =SUM(I60:I64) -> 0 | J65: =SUM(J60:J64) -> 618.403 | K65: =SUM(K60:K64) -> 565.789 | L65: =SUM(L60:L64) -> 661.744 | M65: =SUM(M60:M64) -> 647.115 | N65: =SUM(L65-K65)/K65 -> 0.16959503 | O65: =SUM(O60:O64) -> 74.4 | P65: =SUM(P60:P64) -> 74.4 | Q65: =SUM(Q60:Q64) -> 76.6 | R65: =SUM(R60:R64) -> 671.536
B66: "Žiburio" pagrindinės mokyklos | C66: 193170510 | D66: SB | E66: 312.13 | G66: 371.73 | H66: 342.37 | J66: 342.55 | K66: 376.66 | L66: 407.32 | M66: 381.35 | N66: =SUM(L66-K66)/K66 -> 0.081399671 | R66: 381.35
D67: SB (ĮP) | E67: 31 | G67: 30 | H67: =30.1 -> 30.1 | J67: 31.1 | K67: 31.1 | L67: =M67 -> 38.05 | M67: 38.05 | N67: =SUM(L67-K67)/K67 -> 0.22347267 | O67: =P67 -> 38.85 | P67: 38.85 | Q67: =R67 -> 39.55 | R67: 39.55
D68: ĮP L | H68: 0.008 | K68: 0.208 | N68: =SUM(L68-K68)/K68 -> -1
D69: KT | N69: =SUM(L69-K69)/K69 -> #DIV/0!
D70: Iš viso | E70: =SUM(E66:E69) -> 343.13 | G70: =SUM(G66:G69) -> 401.73 | H70: =SUM(H66:H69) -> 372.478 | J70: =SUM(J66:J69) -> 373.65 | K70: =SUM(K66:K69) -> 407.968 | L70: =SUM(L66:L69) -> 445.37 | M70: =SUM(M66:M69) -> 419.4 | N70: =SUM(L70-K70)/K70 -> 0.091678759 | O70: =SUM(O66:O69) -> 38.85 | P70: =SUM(P66:P69) -> 38.85 | Q70: =SUM(Q66:Q69) -> 39.55 | R70: =SUM(R66:R69) -> 420.9
B71: Visagino kūrybos ir menų akademijos | C71: 305632124 | D71: SB | E71: 1644.63 | G71: 596.9 | H71: =464.86-0.77 -> 464.09 | J71: 505.695 | K71: 543.92 | L71: 594.86 | M71: 568.769 | N71: =SUM(L71-K71)/K71 -> 0.093653478 | R71: 580.625
D72: SB (ĮP) | E72: 92.5 | G72: 77.645 | H72: 87.7 | J72: 50.95 | N72: =SUM(L72-K72)/K72 -> #DIV/0!
D73: KT | N73: =SUM(L73-K73)/K73 -> #DIV/0!
D74: Iš viso | E74: =SUM(E71:E73) -> 1737.13 | G74: =SUM(G71:G73) -> 674.545 | H74: =SUM(H71:H73) -> 551.79 | J74: =SUM(J71:J73) -> 556.645 | K74: =SUM(K71:K73) -> 543.92 | L74: =SUM(L71:L73) -> 594.86 | M74: =SUM(M71:M73) -> 568.769 | N74: =SUM(L74-K74)/K74 -> 0.093653478 | O74: =SUM(O71:O73) -> 0 | P74: =SUM(P71:P73) -> 0 | Q74: =SUM(Q71:Q73) -> 0 | R74: =SUM(R71:R73) -> 580.625
B75: Švietimo pagalbos tarnybos | C75: 300665693 | D75: SB | E75: 99.03 | G75: 123.054 | H75: 116.2 | J75: 124.63 | K75: =154.2+2.5 -> 156.7 | L75: 102.36 | M75: 104.29 | N75: =SUM(L75-K75)/K75 -> -0.34677728 | R75: 124.375
D76: SB (ĮP) | E76: 10.1 | G76: 16.1 | H76: 23.1 | J76: 27.6 | K76: =27.6+30 -> 57.6 | L76: 29.1 | M76: 29.1 | N76: =SUM(L76-K76)/K76 -> -0.49479167 | O76: 30.8 | P76: 30.8 | Q76: 31.1 | R76: 31.1
D77: KT | G77: 0.333 | H77: 0.333 | J77: 0.5 | K77: 0.5 | L77: 0.5 | M77: 0.35 | N77: =SUM(L77-K77)/K77 -> 0 | O77: 0.5 | P77: 0.2 | Q77: 0.5 | R77: 0.11
D78: Iš viso | E78: =SUM(E75:E77) -> 109.13 | G78: =SUM(G75:G77) -> 139.487 | H78: =SUM(H75:H77) -> 139.633 | I78: =SUM(I75:I77) -> 0 | J78: =SUM(J75:J77) -> 152.73 | K78: =SUM(K75:K77) -> 214.8 | L78: =SUM(L75:L77) -> 131.96 | M78: =SUM(M75:M77) -> 133.74 | N78: =SUM(L78-K78)/K78 -> -0.38566108 | O78: =SUM(O75:O77) -> 31.3 | P78: =SUM(P75:P77) -> 31 | Q78: =SUM(Q75:Q77) -> 31.6 | R78: =SUM(R75:R77) -> 155.585
A79: 02.01.01.02. (TP) | B79: Savivaldybės įstaigų ugdymo proceso užtikrinimas | C79: Įstaigos | D79: SB (MK) | E79: =SUM(E86,E93,E100,E107,E114,E120,E126,E132,E138,E144,E150,E156,E165,) -> 7901.32 | F79: =H79/E79-1 -> 0.11304693 | G79: =SUM(G86,G93,G100,G107,G114,G120,G126,G132,G138,G144,G150,G156,G165,) -> 8096.753 | H79: =SUM(H86,H93,H100,H107,H114,H120,H126,H132,H138,H144,H150,H156,H165,) -> 8794.54 | I79: =K79/H79-1 -> 0.19201232 | K79: =SUM(K86,K93,K100,K107,K114,K120,K126,K132,K138,K144,K150,K156,K165,) -> 10483.2 | L79: =SUM(L86,L93,L100,L107,L114,L120,L126,L132,L138,L144,L150,L156,L165,) -> 11255.19 | M79: =SUM(M86,M93,M100,M107,M114,M120,M126,M132,M138,M144,M150,M156,M165,) -> 10644.105 | N79: =SUM(L79-K79)/K79 -> 0.073640682 | O79: =SUM(O86,O93,O100,O107,O114,O120,O126,O132,O138,O144,O150,O156,O165,) -> 11255.19 | P79: =SUM(P86,P93,P100,P107,P114,P120,P126,P132,P138,P144,P150,P156,P165,) -> 9702.59 | Q79: =SUM(Q86,Q93,Q100,Q107,Q114,Q120,Q126,Q132,Q138,Q144,Q150,Q156,Q165,) -> 11255.19 | R79: =SUM(R86,R93,R100,R107,R114,R120,R126,R132,R138,R144,R150,R156,R165,) -> 11535.917 | T79: Mokinių, besimokančių lopšelyje-darželyje „Auksinis gaidelis“ (VPC), vaikų lopšeliuose-darželiuose „Auksinis raktelis“, „Ąžuoliukas“, „Gintarėlis“ pagal ikimokyklinio ir priešmokyklinio ugdymo programas, „Verdenės“ gimnazijoje, „Žiburio“ pagrindinėje mokykloje, „Atgimimo“ ir „Verdenės“ gimnazijose, Draugystės ir „Gerosios vilties“ progimnazijose pagal pradinio, pagrindinio ir vidurinio ugdymo programas mokymo reikmėms tenkinti, Visagino kūrybos ir menų akademijos neformaliojo vaikų bei formalųjį švietimą papildančio ugdymo programoms įgyvendinti, Švietimo pagalbos tarnybos neformaliojo suaugusiųjų švietimo programoms įgyvendinti, pedagoginei psichologinei pagalbai teikti. Priemonės įgyvendinimui stebėti stebėsenos rodikliai, patvirtinti Visagino savivaldybės švietimo stebėsenos rodiklių sąraše, patvirtintame 2022-03-14 Visagino savivaldybės administracijos direktoriaus įsakymu Nr. ĮV-E-123 „Dėl Visagino savivaldybės švietimo stebėsenos rodiklių sąrašo patvirtinimo". | V79: R-02-01-01-02 | W79: Įstaigų, kurioms užtikrinamas veiklos finansavimas, skaičius | X79: 12 | Y79: 12 | Z79: 11 | AA79: 11 | AB79: 11
D80: SB (ĮP) | N80: =SUM(L80-K80)/K80 -> #DIV/0!
D81: SB | E81: =SUM(E88,E102,E109,E116,E134,E146,E158,E95,E140,) -> 249.04 | F81: =H81/E81-1 -> 1.2650578 | G81: =SUM(G88,G102,G109,G116,G134,G146,G158,G95,G140,) -> 685.437 | H81: =SUM(H88,H102,H109,H116,H134,H146,H158,H95,H140,H128,H163) -> 564.09 | I81: =K81/H81-1 -> -0.16742009 | J81: 631.4 | K81: =SUM(K88,K95,K102,K109,K116,K122,K128,K134,K140,K146,K158,K163,) -> 469.65 | L81: =SUM(L88,L95,L102,L109,L116,L158,L89,L96,L103,L110,L122,L128,L134,L140,L146,L161,L163,) -> 1547.415 | M81: =SUM(M88,M95,M102,M109,M116,M122,M128,M134,M140,M146,M158,M163,) -> 944.236 | N81: =SUM(L81-K81)/K81 -> 2.2948259 | O81: =L81+(L81*5%) -> 1624.7857 | P81: =SUM(P88,P95,P102,P109,P116,P122,P128,P134,P140,P146,P158,P163,) -> 332.045 | Q81: =O81+(O81*5%) -> 1706.025 | R81: =SUM(R88,R95,R102,R109,R116,R122,R128,R134,R140,R146,R158,R163,) -> 997.186
D82: SB (ŠP-KV) | N82: =SUM(L82-K82)/K82 -> #DIV/0!
D83: SD | H83: =SUM(H90,H97,H104,H111,H117,H123,H129,H135,H141,H147,H153,H159,) -> 42.248 | I83: =K83/H83-1 -> 3.1701382 | K83: =SUM(K90,K97,K104,K111,K117,K141,K164) -> 176.18 | L83: =SUM(L90,L97,L104,L111,L117,L141,L164) -> 35.8 | M83: =SUM(M90,M97,M104,M111,M117,M141,M164) -> 41.1 | N83: =SUM(L83-K83)/K83 -> -0.79679873 | O83: =SUM(O90,O97,O104,O111,O117,O141,O164) -> 35.8 | P83: =SUM(P90,P97,P104,P111,P117,P141,P164) -> 35.8 | Q83: =SUM(Q90,Q97,Q104,Q111,Q117,Q141,Q164) -> 35.8 | R83: =SUM(R90,R97,R104,R111,R117,R141,R164) -> 45.4
D84: KT | N84: =SUM(L84-K84)/K84 -> #DIV/0!
D85: Iš viso | E85: =SUM(E79:E84) -> 8150.36 | F85: =H85/E85-1 -> 0.15343101 | G85: =SUM(G79:G84) -> 8782.19 | H85: =SUM(H79:H84) -> 9400.878 | I85: =K85/H85-1 -> 0.18382879 | J85: =SUM(J79:J84) -> 631.4 | K85: =SUM(K79:K84) -> 11129.03 | L85: =SUM(L79:L84) -> 12838.405 | M85: =SUM(M79:M84) -> 11629.441 | N85: =SUM(L85-K85)/K85 -> 0.15359605 | O85: =SUM(O79:O84) -> 12915.776 | P85: =SUM(P79:P84) -> 10070.435 | Q85: =SUM(Q79:Q84) -> 12997.015 | R85: =SUM(R79:R84) -> 12578.503
B86: Vaikų lopšelio-darželio „Auksinis gaidelis“ | C86: 190230641 | D86: SB (MK) | E86: 534.775 | G86: 451.24 | H86: 534 | J86: 725.78 | K86: 552.16 | L86: 468.17 | M86: 408.579 | N86: =SUM(L86-K86)/K86 -> -0.15211171 | O86: 468.17 | P86: 430.271 | Q86: 468.17 | R86: 454.078
D87: SB(ĮP) | N87: =SUM(L87-K87)/K87 -> #DIV/0!
D88: SB | E88: 18 | G88: 163.065 | H88: =43.14-12.6 -> 30.54 | J88: 114.48 | K88: 34.58 | L88: 109.67 | M88: 237.899 | N88: =SUM(L88-K88)/K88 -> 2.1714864 | P88: 250.11 | R88: 259.297
D89: SB (ŠP) | L89: 55.65
D90: SD | K90: 16.6 | N90: =SUM(L90-K90)/K90 -> -1 | R90: =P90 -> 0
D91: Kt. | N91: =SUM(L91-K91)/K91 -> #DIV/0!
D92: Iš viso | E92: =SUM(E86:E91) -> 552.775 | H92: =SUM(H86,H87,H88,H90,H91,) -> 564.54 | I92: =SUM(I86,I87,I88,I90,I91,) -> 0 | J92: =SUM(J86,J87,J88,J90,J91,) -> 840.26 | K92: =SUM(K86,K87,K88,K90,K91,) -> 603.34 | L92: =SUM(L86,L87,L88,L90,L91,) -> 577.84 | M92: =SUM(M86,M87,M88,M90,M91,) -> 646.478 | N92: =SUM(L92-K92)/K92 -> -0.042264726 | O92: =SUM(O86,O87,O88,O90,O91,) -> 468.17 | P92: =SUM(P86,P87,P88,P90,P91,) -> 680.381 | Q92: =SUM(Q86,Q87,Q88,Q90,Q91,) -> 468.17 | R92: =SUM(R86,R87,R88,R90,R91,) -> 713.375
B93: Vaikų lopšelio-darželio „Auksinis raktelis“ | C93: 190230443 | D93: SB (MK) | E93: 550.885 | G93: 525.091 | H93: =599.435+7.28 -> 606.715 | J93: 839.219 | K93: 702.05 | L93: 1017.13 | M93: 788.86 | N93: =SUM(L93-K93)/K93 -> 0.44879994 | O93: 1017.13 | P93: 789.786 | Q93: 1017.13 | R93: 789.786
D94: SB(ĮP) | N94: =SUM(L94-K94)/K94 -> #DIV/0!
D95: SB | E95: 9.73 | G95: 137.452 | H95: =38.14-19.17 -> 18.97 | J95: 191.839 | K95: =45.27+7.76 -> 53.03 | L95: 197.09 | M95: 191.839 | N95: =SUM(L95-K95)/K95 -> 2.7165755 | R95: 191.839
D96: SB (ŠP) | L96: 178.9
D97: SD | K97: 20.27 | N97: =SUM(L97-K97)/K97 -> -1 | R97: =P97 -> 0
D98: Kt. | N98: =SUM(L98-K98)/K98 -> #DIV/0!
D99: Iš viso | E99: =SUM(E93:E98) -> 560.615 | G99: =SUM(G93:G98) -> 662.543 | H99: =SUM(H93:H98) -> 625.685 | I99: =SUM(I93:I98) -> 0 | J99: =SUM(J93:J98) -> 1031.058 | K99: =SUM(K93:K98) -> 775.35 | L99: =SUM(L93:L98) -> 1393.12 | M99: =SUM(M93:M98) -> 980.699 | N99: =SUM(L99-K99)/K99 -> 0.79676275 | O99: =SUM(O93:O98) -> 1017.13 | P99: =SUM(P93:P98) -> 789.786 | Q99: =SUM(Q93:Q98) -> 1017.13 | R99: =SUM(R93:R98) -> 981.625
B100: Vaikų lopšelio-darželio „Ąžuoliukas“ | C100: 190231730 | D100: SB (MK) | E100: 419.015 | G100: 454.89 | H100: 483.965 | J100: 617.175 | K100: 586.61 | L100: 590.59 | M100: 666.71 | N100: =SUM(L100-K100)/K100 -> 0.0067847463 | O100: 590.59 | P100: 700 | Q100: 590.59 | R100: 735
D101: SB(ĮP) | N101: =SUM(L101-K101)/K101 -> #DIV/0!
D102: SB | E102: 10.03 | G102: 97.53 | H102: =48.86-10.95 -> 37.91 | J102: 98.27 | K102: =28.2+7.22 -> 35.42 | L102: 114.23 | M102: 78.31 | N102: =SUM(L102-K102)/K102 -> 2.2250141 | R102: 87
...

Sheet +3 programa
A1: Fizinio aktyvumo ir sporto plėtros programa (03)
A2: Programa rengiama ir įgyvendinama, atsižvelgiant į Nacionaliniame pažangos plane nustatytus sporto politikos strateginius tikslus ir (arba) pažangos uždavinius, švietimo, mokslo ir sporto ministro patvirtintą strateginių sporto šakų sąrašą, vietos bendruomenės poreikius, jos pagrindu finansuojama ir kitaip prisidedama prie savivaldybės teritorijoje veiklą vykdančių sporto srityje veikiančių fizinių ir juridinių asmenų veiklos, vykdoma sporto objektų plėtra, užtikrinamas jų teikiamų paslaugų prieinamumas gyventojams, vykdoma šviečiamoji veikla, formuojamas savivaldybės teritorijoje gyvenančių žmonių pozityvus požiūris į sporto reikšmę sveikatai, rengiamos ir įgyvendinamos kitos fizinio aktyvumo ir aukšto meistriškumo sporto plėtojimo savivaldybėje priemonės.
A4: =A13 -> 03.01.01. (T) | B4: =B13 -> Užtikrinti efektyvią įstaigų, veikiančių sporto srityje, veiklą
A5: =A29 -> 03.01.02. (T) | B5: =B29 -> Plėtoti ir tobulinti sporto varžybas ir sporto sveikatingumo renginius siekiant įtraukti vaikus, jaunimą ir kitas gyventojų grupes į sportinę veiklą, rengti sporto specialistus
A6: 03.02.01. (T) | B6: Skatinti geriausius sportininkus ir jų trenerius už avivaldybės garsinimą ir sporto laimėjimus šalies, tarptautinėse varžybose, aktyvinti savivaldybės gyventojų sportinę veiklą
A8: Programos įgyvendinimo laikotarpis 2026-2028 m.
A9: Programos įgyvendinimo koordinatorė Evelina Visockytė, evelina.visockyte@visaginas.lt, tel. (0 386) 36 016
A10: 6 lentelė. Fizinio aktyvumo ir sporto plėtros programos (03) uždaviniai, priemonės, asignavimai ir kitos lėšos (tūkst.eurų) ir jų stebėsenos rodikliai
A11: Programos uždavinio, priemonės kodas ir požymis | B11: Uždavinio, priemonės pavadinimas, finansavimo šaltiniai | C11: Asignavimų valdytojo kodas | D11: Finansavimo šaltinis | E11: 2023 m. asignavimų planas | F11: Asignavimų pasikeitimas | G11: 2024 m.asignavimų poreikis | H11: 2024 m.asignavimai ir kitos lėšos, tūkst. Eur | I11: Pokytis proc. | J11: 2025 m. asignavimų ir kitų lėšų poreikis , tūkst. Eur | K11: 2025 m. asignavimai ir kitos lėšos, tūkst. Eur | L11: 2026 m. asignavimai ir kitos lėšos, tūkst. Eur | M11: 2026 m.asignavimai ir kitos lėšos, tūkst. Eur (poreikis) | N11: Didėja /mažėja lyginant su 2025 m. proc. | O11: 2027 m.asignavimai ir kitos lėšos, tūkst. Eur | P11: 2027 m.asignavimai ir kitos lėšos, tūkst. Eur (poreikis) | Q11: 2028 m.asignavimai ir kitos lėšos, tūkst. Eur | R11: 2028 m.asignavimai ir kitos lėšos, tūkst. Eur (poreikis) | S11: Savivaldybės strateginio plėtros plano priemonės kodas | T11: Trumpas priemonės įgyvendinimo aprašymas | U11: Stebėsenos rodiklio kodas | V11: Stebėsenos rodiklio pavadinimas (matavimo vnt.) | W11: Siektinos stebėsenos rodiklių reikšmės | AB11: Savivaldybės strateginio plėtros plano rodiklis
W12: 2024 | X12: 2025 | Y12: 2026 | Z12: 2027 | AA12: 2028
A13: 03.01.01. (T) | B13: Užtikrinti efektyvią įstaigų, veikiančių sporto srityje, veiklą | E13: =SUM(E18) -> 1102.03 | F13: =H13/E13-1 -> 0.036868325 | G13: =SUM(G18) -> 0 | H13: =SUM(H18) -> 1142.66 | I13: =K13/H13-1 -> 0.050312429 | J13: =SUM(J18) -> 0 | K13: =SUM(K18) -> 1200.15 | L13: =SUM(L18) -> 1463.85 | M13: =SUM(M18) -> 1951.03 | N13: =SUM(L13-K13)/K13 -> 0.21972253 | O13: =SUM(O18) -> 1501.515 | P13: =SUM(P18) -> 2089.28 | Q13: =SUM(Q18) -> 1572.5633 | R13: =SUM(R18) -> 2253.755 | S13: 2.2-1 | U13: E-03-01-01 | V13: Sporto varžybose ir sveikatingumo renginiuose dalyvavusių asmenų skaičius, vnt. per metus | W13: 3000 | X13: 3500 | Y13: 4000 | Z13: 4000 | AA13: 4000 | AB13: Sporto varžybose ir sveikatingumo renginiuose dalyvavusių asmenų skaičius, vnt. per metus
A14: 03.01.01.01. (TP) | B14: Sportinio ugdymo programų ir sportininkų rengimo veiklos organizavimas ir paslaugų kokybės užtikrinimas | C14: 188711925 | D14: SB | E14: 1077.35 | F14: =H14/E14-1 -> 0.038009932 | G14: =SUM(G19,G21,G23,G25,G26,) -> 0 | H14: =SUM(H19,H21,H23,H25,H26,) -> 1118.3 | I14: =K14/H14-1 -> 0.046230886 | K14: =SUM(K19,K21,K23,K25,K26,K27,K28,) -> 1170 | L14: =SUM(L19,L21,L23,L25,L26,L27,L28,) -> 1353.3 | M14: =SUM(M19,M21,M23,M25,M26,M27,M28,) -> 1918.4 | N14: =SUM(L14-K14)/K14 -> 0.15666667 | O14: =L14+(L14*5%) -> 1420.965 | P14: =SUM(P19,P21,P23,P25,P26,P27,P28,) -> 2053.98 | Q14: =O14+(O14*5%) -> 1492.0133 | R14: =SUM(R19,R21,R23,R25,R26,R27,R28,) -> 2218.255 | S14: 2.2-1-2 | T14: Įgyvendinant aukščiau numatytą priemonę bus užtikrintas viešųjų įstaigų Visagino sporto ir rekreacijos centro, Visagino krepšinio mokyklos, Visagino futbolo centro, Visagino graikų-romėnų imtynių centro, Visagino plaukimo centro, Visagino biatlono centro veiklos organizavimas ir ugdymo/treniruočių proceso užtikrinimas pagal finansavimo sutartis. | U14: R-03-01-01-01 | V14: Finansuotų įstaigų skaičius | W14: 4 | X14: 7 | Y14: 6 | Z14: 6 | AA14: 6 | AB14: Įstaigų sporto salių, kurios prieinamos sportuoti bendruomenės nariams, skaičius
D15: SB (L) | L15: =L24 -> 30
D16: SB (MK) | E16: 24.68 | F16: =H16/E16-1 -> -0.012965964 | H16: 24.36 | I16: =K16/H16-1 -> 0.23768473 | K16: =SUM(K22) -> 30.15 | L16: =SUM(L22) -> 32.55 | M16: 32.63 | N16: =SUM(L16-K16)/K16 -> 0.07960199 | O16: =SUM(O22) -> 32.55 | P16: 35.3 | Q16: =SUM(Q22) -> 32.55 | R16: 35.5
D17: SD | L17: =L20 -> 48 | O17: =O20 -> 48 | Q17: =Q20 -> 48
D18: Iš viso: | E18: =SUM(E14:E16) -> 1102.03 | F18: =SUM(F14:F16) -> 0.025043967 | G18: =SUM(G14:G16) -> 0 | H18: =SUM(H14:H16) -> 1142.66 | I18: =K18/H18-1 -> 0.050312429 | K18: =SUM(K14:K16) -> 1200.15 | L18: =SUM(L14:L17) -> 1463.85 | M18: =SUM(M14:M16) -> 1951.03 | N18: =SUM(L18-K18)/K18 -> 0.21972253 | O18: =SUM(O14:O17) -> 1501.515 | P18: =SUM(P14:P17) -> 2089.28 | Q18: =SUM(Q14:Q17) -> 1572.5633 | R18: =SUM(R14:R16) -> 2253.755
B19: Visagino savivaldybės administracija | D19: SB | H19: 15.49 | K19: 12.4 | M19: 16 | P19: 17 | R19: 18 | T19: rezervas d4l perskai2iavimo
D20: SD | L20: 48 | O20: 48 | Q20: 48
B21: VšĮ Visagino sporto ir rekreacijos centras | D21: SB | H21: 622.3 | K21: 567 | L21: 587.46 | M21: 1073.6 | N21: =SUM(L21-K21)/K21 -> 0.036084656 | P21: 1127 | R21: 1183.4 | V21: 490 ugdytiniai
D22: MK | H22: =H16 -> 24.36 | K22: 30.15 | L22: 32.55 | N22: =SUM(L22-K22)/K22 -> 0.07960199 | O22: 32.55 | Q22: 32.55
B23: VšĮ Visagino futbolo centras | D23: SB | H23: 251.62 | K23: 292.3 | L23: =353.13 -> 353.13 | M23: 400 | N23: =SUM(L23-K23)/K23 -> 0.20810811 | P23: 420 | R23: 440 | T23: vaikų rūbinėms įsigyti 30 000 eur (investuojama finansiniu turtu) | V23: 382 ugdytiniai
D24: SB(L) | L24: 30
B25: VšĮ Visagino krepšinio mokykla | D25: SB | H25: 141.85 | K25: 151 | L25: 183.78 | M25: 194 | N25: =SUM(L25-K25)/K25 -> 0.21708609 | P25: 203.7 | R25: 213.855 | V25: 187 ugdytinių
B26: VšĮ Visagino graikų romėnų imtynių centras | D26: SB | H26: 87.04 | K26: 77 | L26: 141.82 | M26: 90 | N26: =SUM(L26-K26)/K26 -> 0.84181818 | P26: 100 | R26: 110 | V26: 140 ugdytiniai
B27: VšĮ Visagino plaukimo centras | D27: SB | K27: 16.9 | L27: 28.93 | M27: 70 | N27: =SUM(L27-K27)/K27 -> 0.71183432 | P27: 94 | R27: 151 | V27: 38 ugdytiniai
B28: VŠĮ Visagino biatlono centras | D28: SB | K28: 53.4 | L28: 58.18 | M28: 74.8 | N28: =SUM(L28-K28)/K28 -> 0.089513109 | P28: 92.28 | R28: 102 | V28: 57ugdytiniai
A29: 03.01.02. (T) | B29: Plėtoti ir tobulinti sporto varžybas ir sporto sveikatingumo renginius siekiant įtraukti vaikus, jaunimą ir kitas gyventojų grupes į sportinę veiklą, rengti sporto specialistus | E29: =SUM(E32,E44,E46,E50,E58,E74) -> 194.8 | F29: =H29/E29-1 -> 1.3520791 | G29: =SUM(G32,G44,G46,G50,G58,G74) -> 155 | H29: =SUM(H32,H44,H46,H50,H58,H74) -> 458.185 | I29: =K29/H29-1 -> 0.3560265 | K29: =SUM(K32,K44,K46,K50,K58,K74) -> 621.311 | L29: =SUM(L32,L44,L46,L50,L58,L74,L52) -> 944.214 | M29: =SUM(M32,M44,M46,M50,M58,M74,M52) -> 886.214 | N29: =SUM(N32,N44,N46,N50,N58,N74,N52) -> #DIV/0! | O29: =SUM(O32,O44,O46,O50,O58,O74,O52) -> 460 | P29: =SUM(P32,P44,P46,P50,P58,P74,P52) -> 382 | Q29: =SUM(Q32,Q44,Q46,Q50,Q58,Q74,Q52) -> 472 | R29: =SUM(R32,R44,R46,R50,R58,R74) -> 411 | S29: 2.2-4 | U29: E-03-01-02 | V29: Informacinėmis priemonėmis pasiektų asmenų dalis proc. nuo visų gyventojų | W29: 35 | X29: 40 | Y29: 50 | Z29: 50 | AA29: 50 | AB29: Informacinėmis priemonėmis pasiektų asmenų dalis proc. nuo visų gyventojų
A30: 03.01.02.01. (TP) Pakoreguotas priemonės pavadinimas | B30: Visagino savivaldybės sporto renginių organizavimas bei sąlygų dalyvauti tarptautiniuose čempionatuose atstovaujant Visagino savivaldybei užtikrinimas | C30: 188711925 | D30: SB | E30: 43.8 | F30: =H30/E30-1 -> -0.31506849 | G30: 45 | H30: =30 -> 30 | I30: =K30/H30-1 -> 1.3666667 | J30: =SUM(J35,J36,J37,J38,J39,J40,J41,J42,J33,J34) -> 72 | K30: 71 | L30: =SUM(L33,L34,L35) -> 160 | M30: =SUM(M33,M34) -> 85 | N30: =SUM(L30-K30)/K30 -> 1.2535211 | O30: =SUM(O33,O34,O35) -> 170 | P30: =SUM(P33,P34,P35) -> 85 | Q30: =SUM(Q33,Q34,Q35) -> 170 | R30: =SUM(R35,R36,R37,R38,R39,R40,R41,R42,R33,R34) -> 115 | S30: 2.2-1-1 | T30: Įgyvendinant šią priemonę bus organizuojamos: -sportinės varžybos, -miesto šventės sporto renginių dalis, -dalyvavimas tarptautiniuose turnyruose. Taip pat organizavimas tokių renginių kaip ralis, dviračių žygiai ir kt. -savivaldybės biudžeto lėšomis remiama aukšto meistriškumo komandinių sporto šakų (futbolo, krepšinio, tinklinio) ir reprezentuojančių Visagino savivaldybę veikla. | U30: R-03-01-02-01 | V30: Metinio renginių plano įgyvendinimas | W30: 100 | X30: 50 | Y30: 55 | Z30: 60 | AA30: 60 | AB30: Suorganizuotų sporto varžybų, švenčių, sąskrydžių, seminarų, „Sportas visiems“ ir kitų sporto renginių, žaidynių skaičius | AC30: trenkturas, rali
D31: SB (L) | H31: 20
D32: Iš viso: | E32: =E30 -> 43.8 | F32: =H32/E32-1 -> 0.14155251 | G32: =G30 -> 45 | H32: =H30+H31 -> 50 | I32: =K32/H32-1 -> 0.42 | J32: =SUM(J30,J31) -> 72 | K32: =SUM(K30,K31) -> 71 | L32: =SUM(L30,L31) -> 160 | M32: =SUM(M30,M31) -> 85 | N32: =SUM(L32-K32)/K32 -> 1.2535211 | O32: =SUM(O30,O31) -> 170 | P32: =SUM(P30,P31) -> 85 | Q32: =SUM(Q30,Q31) -> 170 | R32: =SUM(R30,R31) -> 115
B33: Visagino savivaldybės tradicinių, tarptautinių, regioninių, respublikinių sporto renginių sričiai | J33: 50 | K33: 50 | L33: 65 | M33: 70 | N33: =SUM(L33-K33)/K33 -> 0.3 | O33: 65 | P33: 65 | Q33: 65 | R33: 90 | T33: 2024-11-21 Nr. TS-191 Dėl Visagino savivaldybės sporto veiklos finansavimo tvarkos aprašo patvirtinimo Visagino ralis, lauko tenisas, šachmatai, tinklinis, miesto krepšinio pirmenybės, futbols ir kiti, (vienam projektui iki 30000 Eur)
B34: Aukšto meistriškumo sportininkų pa(si)rengimo ir dalyvavimo oficialiose tarptautinėse varžybose finansavimo sričiai | J34: 15 | K34: 15 | L34: 15 | M34: 15 | N34: =SUM(L34-K34)/K34 -> 0 | O34: 25 | P34: 20 | Q34: 25 | R34: 25 | T34: 2024-11-21 Nr. TS-191 Dėl Visagino savivaldybės sporto veiklos finansavimo tvarkos aprašo patvirtinimo (vienam projektui iki 5000 Eur, Maksim Fomin, Nadežda Kočergina - biatlonas, irkluotojai)
B35: reprezentaciniu komandu finansavimas | H35: 2 | J35: =2+5 -> 7 | L35: 80 | O35: 80 | Q35: 80
N36: =SUM(L36-K36)/K36 -> #DIV/0!
N37: =SUM(L37-K37)/K37 -> #DIV/0!
N38: =SUM(L38-K38)/K38 -> #DIV/0!
N39: =SUM(L39-K39)/K39 -> #DIV/0!
N40: =SUM(L40-K40)/K40 -> #DIV/0!
N41: =SUM(L41-K41)/K41 -> #DIV/0!
N42: =SUM(L42-K42)/K42 -> #DIV/0!
A43: 03.01.02.02. (TP) | B43: Buvusios mokyklos pastato Draugystės g. 10 ir aplinkinės teritorijos konversija pritaikant ją daugiafunkcės sporto arenos sukūrimui | C43: 188711925 | D43: SB | E43: 40 | F43: =H43/E43-1 -> 0.5 | G43: 40 | H43: 60 | I43: =K43/H43-1 -> -0.48333333 | J43: 31 | K43: 31 | L43: 8.47 | M43: 8.47 | N43: =SUM(L43-K43)/K43 -> -0.72677419 | O43: 0 | P43: 0 | Q43: 0 | R43: 0 | S43: 2.2-5-1 | T43: 2025 m. parengta galimybių studija. 2026 m. rengiamas investicijų projektas ir pradėtos viešojo ir privataus sektoriaus partnerystės projekto derinimo procedūros. | U43: R-03-01-02-02 | V43: Parengtų dokumentų skaičius | W43: 0 | X43: 1 | Y43: 1 | Z43: 0 | AA43: 0 | AB43: Įgyvendintų priemonių/ projektų skaičius, vnt.
D44: Iš viso: | E44: =E43 -> 40 | F44: =F43 -> 0.5 | G44: =G43 -> 40 | H44: =H43 -> 60 | I44: =K44/H44-1 -> -0.48333333 | J44: =J43 -> 31 | K44: =K43 -> 31 | L44: =L43 -> 8.47 | M44: =M43 -> 8.47 | N44: =SUM(L44-K44)/K44 -> -0.72677419 | O44: =O43 -> 0 | P44: =P43 -> 0 | Q44: =Q43 -> 0 | R44: =R43 -> 0 | AC44: Kompensacija gyventojams už naudojimasi baseino paslaugomis
A45: 03.01.02.03. (TP) | B45: Sporto įvairovės, gyventojų fizinio aktyvumo, prieinamumo įvairioms visuomenės grupėms užtikrinimas | C45: 188711925 | D45: SB | E45: 12 | F45: =H45/E45-1 -> 17.333333 | G45: 30 | H45: 220 | I45: =K45/H45-1 -> 0 | J45: 30 | K45: =SUM(K47,K48) -> 220 | L45: =SUM(L47,L48) -> 225 | M45: =SUM(M47,M48) -> 235 | N45: =SUM(L45-K45)/K45 -> 0.022727273 | O45: =SUM(O47,O48) -> 240 | P45: =SUM(P47,P48) -> 240 | Q45: =SUM(Q47,Q48) -> 250 | R45: =SUM(R47,R48) -> 250 | T45: 2024 m. lapkričio 21 d. Visagino savivaldybės tarybos sprendimu Nr. TS-191 „Dėl Visagino savivaldybės sporto veiklos finansavimo tvarkos aprašo patvirtinimo“, buvo patvirtinta Visagino savivaldybės sporto veiklos finansavimo tvarka, kurios pagrindu bus organizuojami konkursai bei bus prisidedama prie baseinų veiklos organizavmo užtikrinimo. | U45: R-03-01-02-03 | V45: Sporto, projektų finansuojamų savivaldybės biudžeto lėšomis, skaičius | W45: 6 | X45: 6 | Y45: 6 | Z45: 6 | AA45: 6
D46: Iš viso: | E46: =E45 -> 12 | F46: =H46/E46-1 -> 17.333333 | G46: =G45 -> 30 | H46: =H45 -> 220 | I46: =K46/H46-1 -> 0 | J46: =J45 -> 30 | K46: =K45 -> 220 | L46: =L45 -> 225 | M46: =M45 -> 235 | N46: =SUM(L46-K46)/K46 -> 0.022727273 | O46: =O45 -> 240 | P46: =P45 -> 240 | Q46: =Q45 -> 250 | R46: =R45 -> 250
B47: Visagino savivaldybės sporto renginių, fizinio aktyvumo veiklų skatinimo sričiai+baseinas 200 000 | J47: 30 | K47: 20 | L47: 25 | M47: 35 | N47: =SUM(L47-K47)/K47 -> 0.25 | O47: 40 | P47: 40 | Q47: 50 | R47: 50 | T47: 2024-11-21 Nr. TS-191 Dėl Visagino savivaldybės sporto veiklos finansavimo tvarkos aprašo patvirtinimo (vienam projektui iki 3000 Eur)
B48: baseinas | K48: 200 | L48: 200 | M48: 200 | N48: =SUM(L48-K48)/K48 -> 0 | O48: 200 | P48: 200 | Q48: 200 | R48: 200 | T48: Baseinų veiklos užtikrinimas
A49: 03.01.02.04. (TP) | B49: Sporto strategijos įgyvendinimui | C49: 188711925 | D49: SB | E49: 2 | F49: =H49/E49-1 -> -1 | N49: =SUM(L49-K49)/K49 -> #DIV/0! | U49: R-03-01-02-04 | V49: Įgyvendintų priemonių skaičius | W49: 0 | X49: 0 | Y49: 0
D50: Iš viso: | E50: =E49 -> 2 | F50: =H50/E50-1 -> -1 | G50: =G49 -> 0 | H50: =H49 -> 0 | K50: =K49 -> 0 | L50: =L49 -> 0 | M50: =M49 -> 0 | N50: =SUM(L50-K50)/K50 -> #DIV/0!
A51: 03.01.02.04. (TP) Nauja priemonė | B51: Lietuvos mokyklų ir seniūnijų sporto žaidynių organizavimas visuomenės grupėms | C51: 188711925 | D51: SB | E51: 12 | F51: =H51/E51-1 -> 17.333333 | G51: 30 | H51: 220 | I51: =K51/H51-1 -> -1 | J51: 30 | L51: 6 | M51: 11 | O51: 6 | P51: 13 | Q51: 6 | R51: 15 | T51: Įgyvendinant priemonę bus organizuojamos Lietuvos mokyklų sporto žaidynės, kuriose dalyvaus Visagino 5 bendrojo ugdymo mokyklos. Mieste bus organizuojamos seniūnijų/mikrorajonų žaidynės, dalyvaujama Lietuvos seniūnijų varžybose. | U51: R-03-01-02-04 | V51: Dalyvavusių asmenų skaičius, vnt. | Y51: 600 | Z51: 800 | AA51: 1000
D52: Iš viso: | E52: =E51 -> 12 | F52: =H52/E52-1 -> 17.333333 | G52: =G51 -> 30 | H52: =H51 -> 220 | I52: =K52/H52-1 -> -1 | J52: =J51 -> 30 | K52: =K51 -> 0 | L52: =L51 -> 6 | M52: =M51 -> 11 | N52: =SUM(L52-K52)/K52 -> #DIV/0! | O52: =O51 -> 6 | P52: =P51 -> 13 | Q52: =Q51 -> 6 | R52: =R51 -> 15
A53: 03.01.02.06 (TP) | B53: Sporto projektų įgyvendinimo Visagino savivaldybėje užtikrinimas | C53: Įstaigos | D53: SB (L) | E53: 62 | F53: =H53/E53-1 -> 0.63201613 | H53: =H60 -> 101.185 | I53: =K53/H53-1 -> 1.371646 | J53: =SUM(J60,J64) -> 0 | K53: =SUM(K60,K64,K69) -> 239.975 | L53: =L60 -> 419.545 | T53: Įgyvendinant šią priemonę planuojama prisidėti prie esamų sporto bazių plėtros, priežiūros ir remonto bei užtikrinti dalinį finansavimą Sporto rėmimo fondo lėšomis finansuojamiems projektams. Teikiamų projektų tikslas – prisidėti prie sporto bazių prieinamumo didinimo, sąlygų įvairaus amžiaus ir poreikių asmenų fiziniam aktyvumui gerinimo ir organizuotai sportuojančių asmenų skaičiaus didėjimo. | U53: R-03-01-02-06 | V53: Sporto srityje įgyvendinamų projektų, skaičius | W53: 2 | X53: 3 | Y53: 2 | Z53: 2 | AA53: 2
D54: SB | K54: 0 | L54: =SUM(L59,L61) -> 5 | M54: =SUM(M59,M61) -> 424.545
D55: ES | K55: =K71 -> 23.436
D56: VB (KT) | H56: =H62 -> 0 | K56: =SUM(K62,K67,) -> 0 | L56: =L62 -> 80.199 | M56: =M62 -> 80.199
D57: P
D58: Iš viso: | E58: =E53 -> 62 | F58: =H58/E58-1 -> 0.63201613 | G58: =G53 -> 0 | H58: =H53+H56 -> 101.185 | I58: =K58/H58-1 -> 1.6032614 | J58: =J53+J56 -> 0 | K58: =K53+K56+K55 -> 263.411 | L58: =SUM(L54,L55,L56,L53) -> 504.744 | M58: =SUM(M54,M55,M56,) -> 504.744 | N58: =SUM(L58-K58)/K58 -> 0.91618421 | O58: =O53+O56+O55+O54+O57 -> 0 | P58: =P53+P56+P55+P54+P57 -> 0 | Q58: =Q53+Q56+Q55+Q54+Q57 -> 0 | R58: =R53+R56+R55+R54+R57 -> 0
A59: Kita veikla | B59: Sporto rėmimo fondas regioninis fizinio aktyvumo | D59: SB | L59: 5 | M59: 5 | T59: Teikiama paraiška sporto rėmimo fondą (Evelinos poreikis)
A60: 03.01.02.06-1 (TP) | B60: Projekto "VšĮ Visagino sporto ir rekreacijos centro sporto komplekso (Parko g.2A) salės atnaujinimas pritaikant ją visuomenės poreikiams" įgyvendinimas | C60: 302452911 | D60: SB (L) | E60: 62 | F60: =H60/E60-1 -> 0.63201613 | H60: 101.185 | K60: =100.584+99.5 -> 200.084 | L60: 419.545 | N60: =SUM(L60-K60)/K60 -> 1.0968443 | T60: Vadovaujantis Nacionalinės sporto agentūros prie Lietuvos Respublikos švietimo, mokslo ir sporto ministerijos direktoriaus 2024 m. birželio 20 d. įsakymu Nr. VF-2024/25, VšĮ Visagino sporto ir rekreacijos centro projektui buvo skirtas finansavimas. Siekiant įgyvendinti projekte numatytas veiklas planuojama atlikti sporto komplekso (Parko g.2A) akrobatikos salės kapitalinį remontą, įsigyti naują sporto įrangą bei pagerinti fiziškai aktyvios visuomenės ugdymo, įvairaus amžiaus ir poreikių asmenų fizinio aktyvumo sąlygas bei padidinti sportuojančių asmenų skaičių. Projekto finansuojamoji dalis yra iki 75 procentų visų tinkamų finansuoti projekto išlaidų, nuosavo įnašo dalis turi sudaryti ne mažiau kaip 25 procentų visų tinkamų finansuoti projekto išlaidų. Bendra projekto vertė 404 739,16 Eur, iš jų skirtos Sporto rėmimo fondo lėšos 303 554,37 Eur (75 proc.), investuojamos savivaldybės biudžeto lėšos 101 184,79 Eur (25 proc.).
D61: SB | M61: 419.545
D62: SRF (Kt) | H62: 0 | L62: 80.199 | M62: 80.199
D63: Iš viso: | E63: =E60 -> 62 | F63: =H63/E63-1 -> 0.63201613 | G63: =G60 -> 0 | H63: =SUM(H60,H62) -> 101.185 | K63: =SUM(K60,K62) -> 200.084 | L63: =SUM(L59,L60,L61,L62) -> 504.744 | M63: =SUM(M59,M60,M61,M62) -> 504.744 | N63: =SUM(L63-K63)/K63 -> 1.5226605 | O63: =SUM(O60,O62) -> 0 | P63: =SUM(P60,P62) -> 0 | Q63: =SUM(Q60,Q62) -> 0 | R63: =SUM(R60,R62) -> 0
A64: 03.01.02.06-2 (TP) | B64: Projekto "Pasikrauk energijos Visagine" įgyvendinimas | C64: 302452911 | D64: SB (L) | E64: 62 | F64: =H64/E64-1 -> -1 | K64: 37.187 | L64: 50.603 | N64: =SUM(L64-K64)/K64 -> 0.36077124 | T64: priemonės įgyvendinimas perkeltas į 10.02.04.01. rengiamas techninis projektas
D65: SB | L65: 0 | N65: =SUM(L65-K65)/K65 -> #DIV/0!
D66: P | N66: =SUM(L66-K66)/K66 -> #DIV/0!
D67: SRF (Kt) | N67: =SUM(L67-K67)/K67 -> #DIV/0!
D68: Iš viso: | E68: =E64 -> 62 | F68: =H68/E68-1 -> -1 | G68: =G64 -> 0 | H68: =SUM(H64,H67) -> 0 | K68: =SUM(K64,K67) -> 37.187 | L68: =SUM(L64,L67) -> 50.603 | M68: =SUM(M64,M67) -> 0 | N68: =SUM(L68-K68)/K68 -> 0.36077124 | O68: =SUM(O64,O67) -> 0 | P68: =SUM(P64,P67) -> 0 | Q68: =SUM(Q64,Q67) -> 0 | R68: =SUM(R64,R67) -> 0
A69: 03.01.02.06-3 (TP) | B69: Projektas „Sportuoti gali visi"“ | C69: Auksinis raktelis | D69: SB (L) | E69: 62 | F69: =H69/E69-1 -> -1 | J69: 2.704 | K69: 2.704 | N69: =SUM(L69-K69)/K69 -> -1 | T69: 2024-11-21 VSA sprendimas Nr. TS-188
D70: SB | N70: =SUM(L70-K70)/K70 -> #DIV/0!
D71: ES | J71: 23.436 | K71: 23.436 | N71: =SUM(L71-K71)/K71 -> -1
D72: Iš viso: | E72: =E69 -> 62 | F72: =H72/E72-1 -> -1 | G72: =G69 -> 0 | H72: =SUM(H69,H71) -> 0 | J72: =SUM(J69,J71) -> 26.14 | K72: =SUM(K69,K71) -> 26.14 | L72: =SUM(L69,L71) -> 0 | M72: =SUM(M69,M71) -> 0 | N72: =SUM(L72-K72)/K72 -> -1 | O72: =SUM(O69,O71) -> 0 | P72: =SUM(P69,P71) -> 0 | Q72: =SUM(Q69,Q71) -> 0 | R72: =SUM(R69,R71) -> 0
A73: 03.01.02.08. (TP) | B73: Vaikų mokymo plaukti programos įgyvendinimas | C73: 188711925 | D73: SB | E73: 35 | F73: =H73/E73-1 -> -0.22857143 | G73: 40 | H73: 27 | I73: =K73/H73-1 -> 0.32962963 | J73: 45 | K73: 35.9 | L73: 40 | M73: 42 | N73: =SUM(L73-K73)/K73 -> 0.11420613 | O73: 44 | P73: 44 | Q73: 46 | R73: 46 | T73: 2022-08-26 Visagino savivaldybės taryba sprendimu Nr. TS-148 „Dėl Visagino savivaldybės pradinių klasių mokinių mokymo plaukti programos patvirtinimo“ buvo patvirtinta Visagino savivaldybės pradinių klasių mokinių mokymo plaukti programa, kurios pagrindinis tikslas mažinti skendimų skaičių, ugdyti sveiką mokinį ir formuoti sveikos bei fiziškai aktyvios mokinių gyvensenos įgūdžius. | U73: R-03-01-02-08 | V73: Plaukti išmokusių mokinių skaičius, nuo visų Programos dalyvių proc. | W73: 100 | X73: 100 | Y73: 100 | Z73: 100 | AA73: 100
D74: Iš viso: | E74: =E73 -> 35 | F74: =H74/E74-1 -> -0.22857143 | G74: =G73 -> 40 | H74: =H73 -> 27 | I74: =K74/H74-1 -> 0.32962963 | J74: =J73 -> 45 | K74: =K73 -> 35.9 | L74: =L73 -> 40 | M74: =M73 -> 42 | N74: =SUM(L74-K74)/K74 -> 0.11420613 | O74: =O73 -> 44 | P74: =P73 -> 44 | Q74: =Q73 -> 46 | R74: =R73 -> 46
A75: 03.02.01. (T) | B75: Skatinti geriausius sportininkus ir jų trenerius už savivaldybės garsinimą ir sporto laimėjimus šalies, tarptautinėse varžybose, aktyvinti savivaldybės gyventojų sportinę veiklą | E75: =SUM(E77,E90,E92,E95,E98,E106) -> 43.8 | F75: =H75/E75-1 -> -1 | G75: =SUM(G77,G90,G92,G95,G98,G106) -> 45 | J75: =J76 -> 40 | K75: =K76 -> 15 | L75: =L76 -> 15 | M75: =M76 -> 20 | N75: =SUM(L75-K75)/K75 -> 0 | O75: =O76 -> 25 | P75: =P76 -> 25 | Q75: =Q76 -> 30 | R75: =R76 -> 30 | S75: 2.2-4 | U75: E-03-02-01 | V75: Asmenų, kurie dalyvavo šalies aukščiausiojo lygio čempionatuose, tarptautiniuose turnyruose, skaičius (vnt.) | W75: 35 | X75: 10 | Y75: 10 | Z75: 10 | AA75: 10
A76: 03.02.01.01. (TP) | B76: Visagino savivaldybės sportininkų ir jų trenerių apdovanojimas | C76: 188711925 | D76: SB | E76: 43.8 | F76: =H76/E76-1 -> -1 | G76: 45 | J76: 40 | K76: 15 | L76: 15 | M76: 20 | N76: =SUM(L76-K76)/K76 -> 0 | O76: 25 | P76: 25 | Q76: 30 | R76: 30 | S76: 2.2-1-1 | T76: Visagino savivaldybės tarybos 2024-11-21 sprendimu Nr. TS-192 „Dėl Visagino savivaldybės sportininkų ir jų trenerių apdovanojimo tvarkos aprašo patvirtinimo“, patvirtinto Visagino savivaldybės sportininkų ir jų trenerių apdovanojimo tvarkos aprašo įgyvendinimo užtikrinimas. | U76: R-03-02-01-01 | V76: Apdovanotų asmenų skaičius | W76: 100 | X76: 10 | Y76: 10 | Z76: 10 | AA76: 10 | AB76: Sporto komandų, kurios dalyvavo šalies aukščiausiojo lygio čempionatuose, tarptautiniuose turnyruose, skaičius (vnt.) | AC76: trenkturas, rali
D77: Iš viso: | E77: =E76 -> 43.8 | F77: =H77/E77-1 -> -1 | G77: =G76 -> 45 | J77: =J76 -> 40 | K77: =K76 -> 15 | L77: =L76 -> 15 | M77: =M76 -> 20 | N77: =SUM(L77-K77)/K77 -> 0 | O77: =O76 -> 25 | P77: =P76 -> 25 | Q77: =Q76 -> 30 | R77: =R76 -> 30
E78: 2023 m. asignavimų planas | G78: =G11 -> 2024 m.asignavimų poreikis | H78: =H11 -> 2024 m.asignavimai ir kitos lėšos, tūkst. Eur | I78: Pokytis proc. | J78: 2025 m. asignavimų ir kitų lėšų poreikis , tūkst. Eur | K78: =K11 -> 2025 m. asignavimai ir kitos lėšos, tūkst. Eur | L78: =L11 -> 2026 m. asignavimai ir kitos lėšos, tūkst. Eur | M78: =M11 -> 2026 m.asignavimai ir kitos lėšos, tūkst. Eur (poreikis) | N78: =SUM(L78-K78)/K78 -> #VALUE! | O78: 2027 m.asignavimai ir kitos lėšos, tūkst. Eur | P78: =P11 -> 2027 m.asignavimai ir kitos lėšos, tūkst. Eur (poreikis) | Q78: =Q11 -> 2028 m.asignavimai ir kitos lėšos, tūkst. Eur | R78: =R11 -> 2028 m.asignavimai ir kitos lėšos, tūkst. Eur (poreikis)
B79: 1. Savivaldybės biudžetas (įskaitant skolintas lėšas) | E79: =E80+E81+E84+E85+E86+E87 -> 1296.83 | F79: =H79/E79-1 -> 0.23442934 | G79: =G80+G81+G84+G85+G86+G87 -> 155 | H79: =H80+H81+H84+H85+H86+H87 -> 1600.845 | I79: =K79/H79-1 -> 0.14718227 | J79: =J80+J81+J84+J85+J86+J87 -> 178 | K79: =K80+K81+K84+K85+K86+K87 -> 1836.461 | L79: =L80+L81+L84+L85+L86+L87 -> 2342.865 | M79: =M80+M81+M84+M85+M86+M87 -> 2777.045 | N79: =SUM(L79-K79)/K79 -> 0.27574993 | O79: =O80+O81+O84+O85+O86+O87 -> 1986.515 | P79: =P80+P81+P84+P85+P86+P87 -> 2496.28 | Q79: =Q80+Q81+Q84+Q85+Q86+Q87 -> 2074.5633 | R79: =R80+R81+R84+R85+R86+R87 -> 2709.755
B80: Iš jo: 1.1. savivaldybės biudžeto lėšos (nuosavos, be ankstesnių metų likučio) | E80: =SUM(E14,E30,E43,E45,E49,E53,E73,) -> 1272.15 | F80: =H80/E80-1 -> 0.22350745 | G80: =SUM(G14,G30,G43,G45,G49,G53,G73,) -> 155 | H80: =SUM(H14,H30,H43,H45,H49,H53,H73,) -> 1556.485 | I80: =K80/H80-1 -> -0.0087279993 | J80: =SUM(J14,J30,J43,J45,J49,J53,J73,) -> 178 | K80: =SUM(K14,K30,K43,K45,K49,K73,K76,) -> 1542.9 | L80: =SUM(L14,L30,L43,L45,L49,L73,L76,L54,L51,) -> 1812.77 | M80: =SUM(M14,M30,M43,M45,M49,M73,M76,M54,M51,) -> 2744.415 | N80: =SUM(L80-K80)/K80 -> 0.17491088 | O80: =SUM(O14,O30,O43,O45,O49,O73,O76,O54,O51,) -> 1905.965 | P80: =SUM(P14,P30,P43,P45,P49,P73,P76,P54,P51,) -> 2460.98 | Q80: =SUM(Q14,Q30,Q43,Q45,Q49,Q73,Q76,Q54,Q51,) -> 1994.0133 | R80: =SUM(R14,R30,R43,R45,R49,R73,R76,R54,R51,) -> 2674.255
B81: 1.2. Lietuvos Respublikos valstybės biudžeto dotacijos | E81: =SUM(E16) -> 24.68 | F81: =H81/E81-1 -> -0.012965964 | G81: =SUM(G16) -> 0 | H81: =SUM(H16) -> 24.36 | I81: =K81/H81-1 -> 0.23768473 | J81: =SUM(J16) -> 0 | K81: =K82 -> 30.15 | L81: =L82+L83 -> 80.55 | M81: =M82 -> 32.63 | N81: =SUM(L81-K81)/K81 -> 1.6716418 | O81: =O82+O83 -> 80.55 | P81: =P82+P83 -> 35.3 | Q81: =Q82+Q83 -> 80.55 | R81: =R82 -> 35.5
B82: Skirta ugdymo reikmėms finansuoti (MK) | H82: =H81 -> 24.36 | I82: =K82/H82-1 -> 0.23768473 | J82: =J81 -> 0 | K82: =SUM(K16) -> 30.15 | L82: =SUM(L16) -> 32.55 | M82: =SUM(M16) -> 32.63 | N82: =SUM(L82-K82)/K82 -> 0.07960199 | O82: =SUM(O16) -> 32.55 | P82: =SUM(P16) -> 35.3 | Q82: =SUM(Q16) -> 32.55 | R82: =SUM(R16) -> 35.5
B83: Dotacija, iš valstybės biudžeto lėšų, skirtų iš Lietuvos Respublikos švietimo, mokslo ir sporto ministerijos savivaldybių įstaigose dirbančių trenerių padidintam darbo užmokesčiui nuo 2026 m. sausio 1 d. mokėti (SD) | L83: =L17 -> 48 | O83: =O17 -> 48 | P83: =P17 -> 0 | Q83: =Q17 -> 48
B84: 1.3. Pajamų įmokos ir kitos pajamos | E84: 0 | G84: 0 | H84: 0 | J84: 0 | K84: 0 | L84: 0 | M84: 0 | O84: 0 | P84: 0 | Q84: 0 | R84: 0
B85: 1.4. Europos Sąjungos ir kitos tarptautinės finansinės paramos lėšos (EGDP, VB) | E85: 0 | G85: 0 | H85: 0 | J85: 0 | K85: =K55 -> 23.436 | L85: =L55 -> 0 | M85: =M55 -> 0 | N85: =SUM(L85-K85)/K85 -> -1 | O85: =O55 -> 0 | P85: =P55 -> 0 | Q85: =Q55 -> 0 | R85: =R55 -> 0
B86: 1.5. Skolintos lėšos | E86: 0 | G86: 0 | H86: 0 | J86: 0 | K86: =SUM(K57) -> 0 | L86: =SUM(L57) -> 0 | M86: =SUM(M57) -> 0 | O86: =SUM(O57) -> 0 | P86: =SUM(P57) -> 0 | Q86: =SUM(Q57) -> 0 | R86: =SUM(R57) -> 0
B87: 1.6. Ankstesnių metų likučiai | E87: 0 | G87: 0 | H87: =H31 -> 20 | I87: =K87/H87-1 -> 10.99875 | J87: =J31 -> 0 | K87: =SUM(K53) -> 239.975 | L87: =SUM(L53,L15,) -> 449.545 | M87: =SUM(M53) -> 0 | N87: =SUM(L87-K87)/K87 -> 0.8732993 | O87: =SUM(O53) -> 0 | P87: =SUM(P53) -> 0 | Q87: =SUM(Q53) -> 0 | R87: =SUM(R53) -> 0
B88: 2. Kiti šaltiniai (Europos Sąjungos finansinė parama projektams įgyvendinti ir kitos teisėtai gautos lėšos, nurodant atskirus šaltinius) | E88: 0 | G88: 0 | H88: 0 | J88: 0 | K88: =K56 -> 0 | L88: =L56 -> 80.199 | M88: =M56 -> 80.199 | O88: =O56 -> 0 | P88: =P56 -> 0 | Q88: =Q56 -> 0 | R88: =R56 -> 0
B89: IŠ VISO programai finansuoti pagal finansavimo šaltinius (1 ir 2 punktai) | E89: =E79+E88 -> 1296.83 | F89: =H89/E89-1 -> 0.23442934 | G89: =G79+G88 -> 155 | H89: =H79+H88 -> 1600.845 | I89: =K89/H89-1 -> 0.14718227 | J89: =J79+J88 -> 178 | K89: =K79+K88 -> 1836.461 | L89: =L79+L88 -> 2423.064 | M89: =M79+M88 -> 2857.244 | N89: =SUM(L89-K89)/K89 -> 0.31942034 | O89: =O79+O88 -> 1986.515 | P89: =P79+P88 -> 2496.28 | Q89: =Q79+Q88 -> 2074.5633 | R89: =R79+R88 -> 2709.755
B90: Iš jų: regioninių pažangos priemonių lėšos | E90: 0 | G90: 0 | H90: 0 | J90: 0 | K90: 0 | L90: 0 | M90: 0 | O90: 0 | P90: 0 | Q90: 0 | R90: 0
B91: Asignavimų ir kitų lėšų pokytis, palyginti su ankstesnių metų patvirtintų asignavimų ir kitų lėšų planu | E91: 0 | G91: 0 | H91: =H89/E89-1 -> 0.23442934 | I91: =K91/H91-1 -> -0.36014835 | J91: =J89/G89-1 -> 0.1483871 | K91: 0.15 | L91: =(L89-K89)/K89 -> 0.31942034 | O91: =(O89-L89)/L89 -> -0.18016404 | Q91: =(Q89-O89)/O89 -> 0.044322973
J93: Biudžetas | K93: 1782.875
K94: =K93-K80-K84-K86-K87 -> -3.4106051e-13
K96: 1813.025 | L96: 1635.133 | M96: 1635.133 | O96: 1632.204 | P96: 1632.204 | Q96: 1632.204 | R96: 1632.204
K97: =K89-K96 -> 23.436 | L97: =L96-L89 -> -787.931 | M97: =M96-M89 -> -1222.111 | O97: =O96-O89 -> -354.311 | P97: =P96-P89 -> -864.076 | Q97: =Q96-Q89 -> -442.35925 | R97: =R96-R89 -> -1077.551
K99: =K97-K85-K88 -> 1.4921397e-13
N101: 2025 skirta | O101: 2026 siūloma skirti | P101: 2026 poreikis
L102: Savivaldybės biudžeto lėšos | M102: Įstaigos veikla
M103: Kita veikla | N103: =SUM(K14,K30,K43,K45,K51,K73,K76) -> 1542.9 | O103: =SUM(L14,L30,L43,L45,L51,L73,L76,L59,) -> 1812.77 | P103: =SUM(M14,M30,M43,M45,M51,M73,M76,M59,) -> 2324.87 | Q103: =SUM(O103-N103)/N103 -> 0.17491088
M104: Projektai | N104: =SUM(K53) -> 239.975 | O104: =L61 -> 0 | P104: =M61 -> 419.545 | Q104: =SUM(O104-N104)/N104 -> -1
N106: =SUM(N103,N104) -> 1782.875 | O106: =SUM(O103,O104) -> 1812.77 | P106: =SUM(P103,P104) -> 2744.415
N109: =N106-K80-K87 -> 0 | O109: =L80-O106 -> 0 | P109: =M80-P106 -> 0
...

Sheet ĮV-E-123 stebėsenos rodikliai
A2: Visagino savivaldybės švietimo stebėsenos rodiklių sąrašas, patvirtintas 2022-03-14 Visagino savivaldybės administracijos direktoriaus įsakymu Nr. ĮV-E-123 "Dėl Visagino savivaldybės švietimo stebėsenos rodiklių sąrašo patvirtinimo"
A4: Eil. Nr. | B4: Rodiklio pavadinimas | C4: Duomenų teikimo data | D4: Rodiklio reikšmė 2023m. | E4: Rodiklio reikšmė 2024 | F4: Rodiklio reikšmė 2025 | G4: Rodiklio reikšmė 2026 | H4: Rodiklio reikšmė 2027 | I4: Rodiklio reikšmė 2028 | J4: Duomenų šaltinis
A5: 1. | B5: Demografiniai rodikliai
A6: 1.1. | B6: Gimimų skaičius Visagino savivaldybėje (skaičiuojant tik gimusius Lietuvoje) | C6: Sausio 1 d. | D6: 118 (2024-01-02 duomenimis) | E6: 115 | F6: 115 | G6: 90 | H6: 90 | I6: 90 | J6: Valstybės duomenų agentūra
A7: 2. | B7: Socialiniai rodikliai
A8: 2.1. | B8: Socialinės rizikos šeimų, auginančių vaikus, skaičius | C8: Spalio 1 d. | D8: 115 | E8: 112 | F8: 110 | G8: 110 | H8: 105 | I8: 105 | J8: Socialinės paramos skyrius
A9: 2.2. | B9: Vaikų, augančių socialinės rizikos šeimose, skaičius | C9: Spalio 1 d. | D9: 189 | E9: 185 | F9: 180 | G9: 175 | H9: 170 | I9: 170 | J9: Socialinės paramos skyrius
A10: 2.3. | B10: Vaikų, gaunančių nemokamą maitinimą, skaičius | C10: Spalio 1 d. | D10: 443 | E10: 430 | F10: 425 | G10: 425 | H10: 425 | I10: 420 | J10: Socialinės paramos skyrius
A11: 2.4. | B11: Pavežamų bendrojo ugdymo mokyklų mokinių skaičius | C11: Spalio 1 d. | D11: 106 | E11: 105 | F11: 108 | G11: 110 | H11: 105 | I11: 105 | J11: Vietinio ūkio valdymo ir statybos skyrius
A12: 3. | B12: Švietimo aplinkos rodikliai
A13: 3.1. | B13: Formaliojo ir neformaliojo švietimo paslaugų teikėjų (įstaigų, organizacijų, fizinių asmenų) skaičius | C13: Rugsėjo 1 d. | D13: 36 | E13: 42 | F13: 38 | G13: 40 | H13: 42 | I13: 43 | J13: Švietimo ir mokslo institucijų registras (toliau – ŠMIR)
A14: 3.2. | B14: Neformaliojo švietimo programų teikėjų skaičius savivaldybėje | C14: Rugsėjo 1 d. | D14: 26 | E14: 32 | F14: 28 | G14: 29 | H14: 30 | I14: 31 | J14: ŠMIR
A15: 3.3. | B15: Mokinių skaičius bendrojo ugdymo (toliau – BU) mokyklose | C15: Rugsėjo 1 d. | D15: 1931 | E15: 1919 | F15: 1930 | G15: 1870 | H15: 1860 | I15: 1850 | J15: Švietimo valdymo informacinė sistema (toliau – ŠVIS)
A16: 3.4. | B16: Mokinių skaičius ikimokyklinio ugdymo įstaigose | C16: Rugsėjo 1 d. | D16: 759 | E16: 668 | F16: 700 | G16: 605 | H16: 595 | I16: 590 | J16: ŠVIS
A17: 3.5. | B17: Mokinių skaičius neformaliojo švietimo įstaigose | C17: Spalio 1 d. | D17: 2263 | E17: 2053 | F17: 2100 | G17: 2100 | H17: 2090 | I17: 2080 | J17: ŠVIS, Mokinių registras (toliau – MR)
A18: 3.6. | B18: Vienai sąlyginei mokytojo pareigybei tenkančių mokinių skaičius BU mokyklose | C18: Spalio 1 d. | D18: 10.5 | E18: 10.5 | F18: 10.5 | G18: 10.5 | H18: 10.5 | I18: 10.3 | J18: ŠVIS, Pedagogų registras (toliau – PR)
A19: 3.7. | B19: Bendrojo ugdymo mokyklų 1–8 klasių komplektų, kurie yra jungtiniai, dalis (neįskaičiuojant specialiųjų klasių / grupių) | C19: Rugsėjo 1 d. | D19: 0 | E19: 0 | F19: 0 | G19: 0 | H19: 0 | I19: 0 | J19: ŠVIS
A20: 3.8. | B20: Bendrojo ugdymo mokyklų klasių komplektų, kuriuose yra mažiau kaip 8 mokiniai, dalis (neįskaičiuojant specialiųjų klasių / grupių) | C20: Rugsėjo 1 d. | D20: 0 | E20: 0 | F20: 0 | G20: 0 | H20: 0 | I20: 0 | J20: ŠVIS
A21: 3.9. | B21: Naujai komplektuojamų priešmokyklinio ugdymo grupių, kuriose yra ne daugiau kaip 20 mokinių, dalis (neįskaičiuojant specialiųjų klasių / grupių) | C21: Rugsėjo 1 d. | D21: 0 | E21: 0 | F21: 0 | G21: 0 | H21: 0 | I21: 0 | J21: ŠVIS
A22: 3.10. | B22: Naujai komplektuojamų bendrojo ugdymo mokyklų bendrosios paskirties 1 klasių komplektų, kuriuose yra ne daugiau kaip 24 mokiniai, dalis (neįskaičiuojant specialiųjų klasių / grupių) nuo bendro visų klasių / grupių skaičiaus | C22: Rugsėjo 1 d. | D22: 0 | E22: 0 | F22: 0 | G22: 0 | H22: 0 | I22: 0 | J22: ŠVIS
A23: 4. | B23: Personalo rodikliai
A24: 4.1. | B24: Jaunesnių nei 50 metų bei 50 metų ir vyresnio amžiaus mokytojų skaičiaus santykis (procentais) | C24: Spalio 1 d. | D24: 29,6/70,4 | E24: 35/65 (ŠMIR neskirsto į grupes) | F24: 31/69 | G24: 32/68 | H24: 30/70 | I24: 29/71 | J24: Pedagogų registras, ŠVIS
A25: 4.1.1. | B25: bendrojo ugdymo mokyklose | D25: 27,8/72,2 | F25: 29/71 | G25: 30/70 | H25: 30/70 | I25: 28/72
A26: 4.1.2. | B26: ikimokyklinio ugdymo įstaigose | D26: 24,8/75,2 | F26: 26/74 | G26: 28/72 | H26: 28/72 | I26: 28/72
A27: 4.1.3. | B27: neformalaus švietimo įstaigose | D27: 39,3/60,7 | F27: 40/60 | G27: 41/59 | H27: 41/59 | I27: 41/59
A28: 4.2. | B28: Daugiau kaip 2 metų pedagoginio darbo stažą turinčių darbuotojų dalis | C28: Spalio 1 d. | E28: 90,3 (ŠMIR neskirsto į grupes) | J28: ŠVIS
A29: 4.2.1. | B29: bendrojo ugdymo mokyklose | D29: 96 proc. | F29: 94 | G29: 94 | H29: 95 | I29: 95
A30: 4.2.2. | B30: ikimokyklinio ugdymo įstaigose | D30: 94 proc | F30: 93 | G30: 92 | H30: 92 | I30: 94
A31: 4.2.3. | B31: neformalaus švietimo įstaigose | D31: 85 | F31: 82 | G31: 80 | H31: 82 | I31: 85
A32: 4.3. | B32: Švietimo įstaigų, kuriose nėra nuolatinio vadovo daugiau kaip 12 mėnesių, dalis nuo bendro švietimo įstaigų skaičiaus | C32: Spalio 1 d. | D32: 1 | E32: 0 | F32: 0 | G32: 1 | H32: 0 | I32: 0 | J32: Švietimo,sporto ir kultūros skyrius
A33: 4.4. | B33: Vienai sąlyginei mokytojo pareigybei tenkančių mokinių skaičius bendrojo ugdymo mokyklose | C33: Spalio 1 d. | D33: Skaičius | E33: 10.5 | F33: 10.5 | G33: 10.6 | H33: 10.5 | I33: 10.5 | J33: PR, Finansų ir biudžeto skyrius
A34: 5. | B34: Ikimokyklinio ugdymo rodikliai
A35: 5.1. | B35: Ikimokykliniame ir priešmokykliniame ugdyme dalyvaujančių 3–5 metų vaikų dalis | C35: Rugsėjo 1 d. | D35: Procentai | E35: 87.5 | F35: 90 | G35: 92 | H35: 90 | I35: 90 | J35: ŠVIS
A36: 5.2. | B36: Savivaldybės mokyklose ugdomų 3–5 metų vaikų, kurių deklaruota gyvenamoji vieta kitoje savivaldybėje, dalis | C36: Rugsėjo 1 d. | D36: 9.05 | E36: 15.1 | F36: 10 | G36: 10 | H36: 10 | I36: 10 | J36: ŠVIS
A37: 5.3. | B37: Savivaldybės 3–5 metų vaikų, ugdomų ne savivaldybės mokyklose, dalis proc. | C37: Rugsėjo 1 d. | D37: 0 | E37: 3.4 | F37: 0.5 | G37: 0.5 | H37: 0.5 | I37: 0.5 | J37: ŠVIS
A38: 6. | B38: Pagalbos mokiniui teikimo rodikliai
A39: 6.1. | B39: Švietimo pagalbos specialistų, tenkančių 100-ui bendrojo ugdymo mokyklų mokinių | C39: Rugsėjo 1 d. | D39: Procentai | E39: 0.94 | F39: 0.7 | G39: 0.7 | H39: 0.7 | I39: 0.7 | J39: ŠVIS
A41: 6.2. | B41: Švietimo pagalbos specialistų, tenkančių 100-ui ikimokyklinio ugdymo įstaigų mokinių | C41: Rugsėjo 1 d. | D41: 21 darbuotojas, 2,77 proc. | E41: nėra duomenų | F41: 3.5 | G41: 3.5 | H41: 3.5 | I41: 3.5 | J41: ŠVIS
A43: 6.3. | B43: Švietimo pagalbą gaunančių mokinių dalis (nuo visų mokinių, kuriems nustatytas švietimo pagalbos poreikis, skaičiaus) | C43: Rugsėjo 1 d. | D43: 100 | E43: 96.5 | F43: 97 | G43: 98 | H43: 99 | I43: 100 | J43: ŠVIS,Mokinių registras
A45: 6.4. | B45: Mokinių, turinčių specialiųjų ugdymosi poreikių, ugdomų integruotai bendrosios paskirties mokyklose, dalis | C45: Rugsėjo 1 d. | D45: 100 (270 mokinių turinčių spec. ugdymo poreikių) | E45: 18,4 (LT vidurkis 12,5) | F45: 100 | G45: 100 | H45: 100 | I45: 100 | J45: ŠVIS
A46: 6.5. | B46: Negalią turinčių mokinių dalis nuo mokinių, turinčių specialiųjų ugdymosi poreikių, ugdomų integruotai bendrosios paskirties mokyklose | C46: Rugsėjo 1 d. | D46: 100 | E46: 15,1 (Lietuvos vidurkis 12,1 proc) | F46: 100 | G46: 100 | H46: 100 | I46: 100 | J46: ŠVIS
A47: 7. | B47: Neformalaus švietimo ir vaikų vasaros užimtumo rodikliai
A48: 7.1. | B48: Neformaliojo švietimo veikloje dalyvaujančių mokinių dalis | C48: Spalio 1 d. | D48: 73.53 | E48: 69.1 | F48: 70 | G48: 70 | H48: 70 | I48: 70 | J48: Mokinių registras; ŠVIS
A49: 7.2. | B49: Bent vienoje neformalaus švietimo programoje dalyvaujančių bendrojo ugdymo mokyklų mokinių skaičius | C49: Spalio 1 d. | D49: 63.6 | E49: 64.1 | F49: 65 | G49: 65 | H49: 66 | I49: 66 | J49: Mokinių registras
A50: 7.3. | B50: Bent vienoje NVŠ tikslinio finansavimo (valstybės biudžeto lėšų) programoje dalyvaujančių BU mokyklų mokinių skaičius | C50: Spalio 1 d. | D50: 690 | E50: 784 | F50: 705 | G50: 820 | H50: 825 | I50: 830 | J50: Mokinių registras NVŠ finansavimo sritis
A51: 7.4. | B51: Programų, įgyvendintų organizuojant vaikų vasaros poilsį, skaičius | C51: Spalio 1 d. | D51: 26 | E51: 27 | F51: 28 | G51: 28 | H51: 30 | I51: 30 | J51: Administracijos direktoriaus įsakymu patvirtintas programų sąrašas; Mokinių registras; programų vykdytojų ataskaitos
A52: 7.5. | B52: Mokinių, dalyvavusių vaikų vasaros poilsio programose, skaičius | C52: Spalio 1 d. | D52: 522 | E52: 530 | F52: 535 | G52: 500 | H52: 550 | I52: 550
A53: 8. | B53: Švietimo rezultatų rodikliai
A54: 8.1. | B54: Pagrindinio ugdymo pasiekimų patikrinimo metu bent pagrindinį mokymosi pasiekimų lygį pasiekusių mokinių dalis (lietuvių kalba, matematika) | C54: Rugsėjo 1 d. | D54: Procentai | E54: 75 | F54: 75 | G54: 77 | H54: LT kalba - 43,8, matematika - 28 | I54: LT kalba - 43,8, matematika - 28 | J54: Švietimo duomenų perdavimo sistema (toliau – KELTAS)
A55: 8.2. | B55: Tris ir daugiau valstybinių brandos egzaminų išlaikiusių abiturientų dalis | C55: Rugsėjo 1 d. | D55: Procentai | E55: 93.6 | F55: 94 | G55: 95 | H55: 44.9 | I55: 44.9 | J55: KELTAS

Sheet 4 programa
A1: Gyventojų kultūrinio aktyvumo skatinimo ir identiteto stiprinimo programa (04)
A2: Programos tikslas - kryptingai vykdyti valstybės ir savivaldybės kultūros politiką. Šios programos priemonėmis numatoma sudaryti sąlygas savivaldybės gyventojams susipažinti su šiuolaikinėmis ir tradicinėmis profesionalaus ir mėgėjų meno formomis, ugdyti gyventojų kūrybiškumo ir kritinio mąstymo gebėjimus, etninę savimonę, meninį ir estetinį skonį, skatinti tautinio identiteto plėtrą ir menų įvairovę, skaitymo aktyvinimą bei mokymąsi visą gyvenimą. Sudarant optimalias sąlygas gyventojams dalyvauti kultūrinime gyvenime, meno saviveiklos kolektyvuose, įgyvendinant kultūrines-edukacines programas, skatinti įvairaus amžiaus gyventojų užimtumą, mažinti negatyvių visuomenės veiksnių poveikį, formuoti Visagino savivaldybės kaip įvairiatautės, kultūriškai išprususios bendruomenės įvaizdį.
A4: =A16 -> 04.01.01. (T) | B4: =B16 -> Užtikrinti efektyvią kultūros įstaigų veiklą
A5: =A41 -> 04.02.01. (T) | B5: =B41 -> Sąlygų Dainų švenčių tradicijos tęstinumui Visagino savivaldybėje sudarymas, mėgėjų meno kolektyvų pasirengimo ir dalyvavimo Dainų šventėse, vietiniuose, regioniniuose, respublikiniuose ir tarptautiniuose renginiuose užtikrinimas, mėgėjų meną populiarinančių renginių organizavimas, tautinių mažumų kultūrų įvairovės pristatymas
A6: =A63 -> 04.02.02. (T) | B6: =B63 -> Siekiant formuoti regioninį išskirtinumą, kurti savitus, aktualaus turinio, kokybiškus kultūros produktus ir paslaugas, sudaryti sąlygas savivaldybės kultūros lauko veikėjų kultūrinių, kūrybinių iniciatyvų įgyvendinimui, tam pasitelkti kūrybiškos vietokūros metodo teikiamas galimybes bei sudaryti sąlygas profesionalaus meno prieinamumui
A7: =A90 -> 04.02.03. (T) | B7: =B90 -> Valstybės švenčių, sukakčių, įvykių minėjimas, visuomenės pilietiškumo, patriotiškumo ir nacionalinės savivertės stiprinimas
A8: =A100 -> 04.02.04. (T) | B8: =B100 -> Sociokultūrinių bendruomenės poreikių tenkinimas, laisvalaikio, neformaliojo švietimo programų, kultūrinių edukacijų, ugdančių gyventojų kultūrines kompetencijas ir kūrybiškumą, organizavimas įtraukiant skirtingo amžiaus, pomėgių ir poreikių visuomenės grupes
A10: Programos įgyvendinimo laikotarpis 2026-2028 m.
A11: Programos įgyvendinimo koordinatorė Kristina Gedžiūnaitė, kristina.gedziunaite@visaginas.lt, tel. ( 0 386) 33 415
A13: 7 lentelė. Gyventojų kultūrinio aktyvumo skatinimo ir identiteto stiprinimo programos (04) uždaviniai, priemonės, asignavimai ir kitos lėšos (tūkst.eurų) ir jų stebėsenos rodikliai
A14: Programos uždavinio, priemonės kodas ir požymis | B14: Uždavinio, priemonės pavadinimas, finansavimo šaltiniai | C14: Asignavimų valdytojo kodas | D14: Finansavimo šaltinis | E14: 2023 m. asignavimų planas | F14: Asignavimų pasikeitimas | G14: 2024 m.asignavimų poreikis | H14: 2024 m.asignavimai ir kitos lėšos, tūkst. Eur | I14: Pokytis proc. | J14: 2025 m. asignavimų ir kitų lėšų poreikis , tūkst. Eur | K14: 2025 m. asignavimai ir kitos lėšos, tūkst. Eur | L14: 2026 m. asignavimai ir kitos lėšos, tūkst. Eur | M14: 2026 m.asignavimai ir kitos lėšos, tūkst. Eur (poreikis) | N14: Didėja /mažėja lyginant su 2025 m. proc. | O14: 2027 m.asignavimai ir kitos lėšos, tūkst. Eur | P14: 2027 m.asignavimai ir kitos lėšos, tūkst. Eur (poreikis) | Q14: 2028 m.asignavimai ir kitos lėšos, tūkst. Eur | R14: 2028 m.asignavimai ir kitos lėšos, tūkst. Eur (poreikis) | S14: Savivaldybės strateginio plėtros plano priemonės kodas | T14: Trumpas priemonės įgyvendinimo aprašymas | U14: Stebėsenos rodiklio kodas | V14: Stebėsenos rodiklio pavadinimas (matavimo vnt.) | W14: Siektinos stebėsenos rodiklių reikšmės | AB14: Savivaldybės strateginio plėtros plano rodiklis
W15: 2024 | X15: 2025 | Y15: 2026 | Z15: 2027 | AA15: 2028
A16: 04.01.01. (T) | B16: Užtikrinti efektyvią kultūros įstaigų veiklą | E16: =SUM(E23,E38) -> 1523.662 | F16: =H16/E16-1 -> 0.12904109 | G16: =SUM(G23,G38) -> 1745.699 | H16: =SUM(H23,H38) -> 1720.277 | K16: =SUM(K23,K38) -> 234.676 | L16: =SUM(L23,L38) -> 2198.693 | M16: =SUM(M23,M38) -> 2296.405 | N16: =SUM(L16-K16)/K16 -> 8.3690578 | O16: =SUM(O23,O38) -> 2305.9595 | P16: =SUM(P23,P38) -> 2315.555 | Q16: =SUM(Q23,Q38) -> 2419.3604 | R16: =SUM(R23,R38) -> 326.1 | S16: 2.3.-1 | U16: E-04-01-01 | V16: Kultūros renginiuose apsilankiusių asmenų skaičius proc. nuo bendro gyventojų skaičiaus | W16: 40 | X16: 40 | Y16: 50 | Z16: 60 | AA16: 60 | AB16: Kultūros renginiuose apsilankiusių asmenų skaičius proc. nuo bendro gyventojų skaičiaus
A17: 04.01.01.01. (TP) | B17: Kultūros įstaigų veiklos organizavimas | C17: Įstaigos | D17: SB | E17: =SUM(E24,E30) -> 1368.74 | F17: =H17/E17-1 -> 0.1025834 | G17: =SUM(G24,G30) -> 1494.649 | H17: =SUM(H24,H30) -> 1509.15 | J17: =SUM(J24,J30) -> 1786.24 | K17: =SUM(K24,K30) -> 1654.59 | L17: =SUM(L24,L30) -> 1912.35 | M17: =SUM(M24,M30) -> 1979.623 | N17: =SUM(L17-K17)/K17 -> 0.15578482 | O17: =L17+(L17*5%) -> 2007.9675 | P17: =SUM(P24,P30) -> 2012.005 | Q17: =O17+(O17*5%) -> 2108.3659 | R17: =SUM(R24,R30) -> 1968.604 | S17: 2.3.-1-3 | T17: Visagino viešosios bibliotekos ir Visagino kultūros centro veiklos užtikrinimas | U17: R-04-01-01-01 | V17: Finansuotų kultūros srityje veikiančių įstaigų skaičius | W17: 3 | X17: 2 | Y17: 2 | Z17: 2 | AA17: 2 | AB17: Pritrauktų kultūros specialistų skaičius
D18: SB (ĮP) | E18: =SUM(E25,E31) -> 55.83 | F18: =H18/E18-1 -> 0.16245746 | G18: =SUM(G25,G31) -> 41.6 | H18: =SUM(H25,H31) -> 64.9 | J18: =SUM(J25,J31) -> 48.9 | K18: =SUM(K25,K31) -> 48.9 | L18: =SUM(L25,L31) -> 63.65 | M18: =SUM(M25,M31) -> 63.65 | N18: =SUM(L18-K18)/K18 -> 0.30163599 | O18: =SUM(O25,O31) -> 66.65 | P18: =SUM(P25,P31) -> 66.65 | Q18: =SUM(Q25,Q31) -> 69.97 | R18: =SUM(R25,R31) -> 69.97
D19: SB (ĮPL) | H19: =H32 -> 4.743 | J19: =J32 -> 0 | K19: =K32 -> 0 | L19: =SUM(L32,) -> 0.001 | M19: =M32 -> 0 | O19: 0 | P19: 0 | Q19: 0 | R19: 0
D20: SD | E20: =SUM(E26,E33) -> 23.092 | F20: =H20/E20-1 -> 0.10358566 | G20: =SUM(G26,G33) -> 23.78 | H20: =SUM(H26,H33) -> 25.484 | J20: =SUM(J26,J33) -> 26 | K20: =SUM(K26,K33) -> 25.276 | L20: =SUM(L26,L33) -> 23.692 | M20: =SUM(M26,M33) -> 27 | N20: =SUM(L20-K20)/K20 -> -0.062668144 | O20: =SUM(O26,O32) -> 23.692 | P20: =SUM(P26,P32) -> 28 | Q20: =SUM(Q26,Q32) -> 23.692 | R20: =SUM(R26,R32) -> 29
D21: ES | E21: =SUM(E27,E34) -> 0 | G21: =SUM(G27,G34) -> 0 | H21: =SUM(H27,H34) -> 0 | J21: =SUM(J27,J34) -> 0 | K21: =SUM(K27,K34) -> 0 | L21: =SUM(L27,L34) -> 0 | M21: =SUM(M27,M34) -> 0 | N21: =SUM(L21-K21)/K21 -> #DIV/0! | O21: =SUM(O27,O34) -> 0 | P21: =SUM(P27,P34) -> 0 | Q21: =SUM(Q27,Q34) -> 0 | R21: =SUM(R27,R34) -> 0
D22: KT | E22: =SUM(E28,E35) -> 0 | G22: =SUM(G28,G35) -> 16 | H22: 16 | J22: =SUM(J35) -> 34 | K22: =SUM(K35) -> 34 | L22: =SUM(L35) -> 26 | M22: =SUM(M35) -> 26.8 | N22: =SUM(L22-K22)/K22 -> -0.23529412 | O22: =SUM(O35) -> 26 | P22: =SUM(P35) -> 26.6 | Q22: =SUM(Q35) -> 26.6 | R22: =SUM(R35) -> 26.6
D23: Iš viso: | E23: =SUM(E17:E22) -> 1447.662 | F23: =H23/E23-1 -> 0.11923709 | G23: =SUM(G17:G22) -> 1576.029 | H23: =SUM(H17:H22) -> 1620.277 | J23: =SUM(J18,J19,J20,J21,J22) -> 108.9 | K23: =SUM(K18,K19,K20,K21,K22) -> 108.176 | L23: =SUM(L18,L19,L20,L21,L22,L17) -> 2025.693 | M23: =SUM(M18,M19,M20,M21,M22,M17) -> 2097.073 | N23: =SUM(N18,N19,N20,N21,N22,N17) -> #DIV/0! | O23: =SUM(O18,O19,O20,O21,O22,O17) -> 2124.3095 | P23: =SUM(P18,P19,P20,P21,P22,P17) -> 2133.255 | Q23: =SUM(Q18,Q19,Q20,Q21,Q22,Q17) -> 2228.6279 | R23: =SUM(R18,R19,R20,R21,R22) -> 125.57
B24: Visagino viešosios bibliotekos veiklos užtikrinimas | C24: 300141349 | D24: SB | E24: 375.84 | F24: =H24/E24-1 -> 0.1284057 | G24: 391.29 | H24: =424.4-0.3 -> 424.1 | J24: 473.59 | K24: 482.14 | L24: 547.7 | M24: 515.935 | N24: =SUM(L24-K24)/K24 -> 0.1359771 | O24: 506.55 | P24: 531.565 | Q24: 517.215 | R24: 517.215
D25: ĮP | E25: 1.2 | F25: =H25/E25-1 -> 0.58333333 | G25: 1.4 | H25: 1.9 | J25: 1.9 | K25: 1.9 | L25: 1.9 | M25: 1.9 | N25: =SUM(L25-K25)/K25 -> 0 | O25: 1.9 | P25: 1.9 | Q25: 1.9 | R25: 1.9
D26: SD | E26: 23.092 | F26: =H26/E26-1 -> 0.10358566 | G26: 23.78 | H26: 25.484 | J26: 26 | K26: 25.276 | L26: 23.692 | M26: 27 | N26: =SUM(L26-K26)/K26 -> -0.062668144 | O26: 23.692 | P26: 28 | Q26: 23.692 | R26: 29
D27: ES | N27: =SUM(L27-K27)/K27 -> #DIV/0!
D28: KT | N28: =SUM(L28-K28)/K28 -> #DIV/0!
D29: Iš viso: | E29: =SUM(E24:E28) -> 400.132 | F29: =H29/E29-1 -> 0.12833765 | G29: =SUM(G24:G28) -> 416.47 | H29: =SUM(H24:H28) -> 451.484 | J29: =SUM(J24:J28) -> 501.49 | K29: =SUM(K24:K28) -> 509.316 | L29: =SUM(L24:L28) -> 573.292 | M29: =SUM(M24:M28) -> 544.835 | N29: =SUM(L29-K29)/K29 -> 0.1256116 | O29: =SUM(O24:O28) -> 532.142 | P29: =SUM(P24:P28) -> 561.465 | Q29: =SUM(Q24:Q28) -> 542.807 | R29: =SUM(R24:R28) -> 548.115
B30: Visagino kultūros centro veiklos užtikrinimas | C30: 300509331 | D30: SB | E30: 992.9 | F30: =H30/E30-1 -> 0.092808943 | G30: 1103.359 | H30: 1085.05 | J30: 1312.65 | K30: 1172.45 | L30: 1364.65 | M30: 1463.688 | N30: =SUM(L30-K30)/K30 -> 0.16393023 | O30: =P30 -> 1480.44 | P30: 1480.44 | Q30: 1451.389 | R30: 1451.389
D31: ĮP | E31: 54.63 | F31: =H31/E31-1 -> 0.15321252 | G31: 40.2 | H31: =63 -> 63 | J31: 47 | K31: 47 | L31: 61.75 | M31: 61.75 | N31: =SUM(L31-K31)/K31 -> 0.31382979 | O31: =P31 -> 64.75 | P31: 64.75 | Q31: 68.07 | R31: 68.07
D32: ĮP L | E32: 54.63 | F32: =H32/E32-1 -> -0.91317957 | G32: 40.2 | H32: 4.743 | L32: 0.001
D33: SD
D34: ES
D35: KT | G35: 16 | H35: 16 | J35: 34 | K35: 34 | L35: 26 | M35: 26.8 | N35: =SUM(L35-K35)/K35 -> -0.23529412 | O35: 26 | P35: 26.6 | Q35: 26.6 | R35: 26.6
D36: Iš viso: | E36: =SUM(E30:E35) -> 1102.16 | F36: =H36/E36-1 -> 0.060456739 | G36: =SUM(G30:G35) -> 1199.759 | H36: =SUM(H30:H35) -> 1168.793 | J36: =SUM(J30:J35) -> 1393.65 | K36: =SUM(K30:K35) -> 1253.45 | L36: =SUM(L30:L35) -> 1452.401 | M36: =SUM(M30:M35) -> 1552.238 | N36: =SUM(L36-K36)/K36 -> 0.15872273 | O36: =SUM(O30:O35) -> 1571.19 | P36: =SUM(P30:P35) -> 1571.79 | Q36: =SUM(Q30:Q35) -> 1546.059 | R36: =SUM(R30:R35) -> 1546.059
A37: 04.01.01.02. (TP) | B37: Muziejinės veiklos Visagino savivaldybėje užtikrinimas | C37: 188711925 | D37: SB | E37: 76 | F37: =H37/E37-1 -> 0.31578947 | G37: 169.67 | H37: 100 | J37: 0 | K37: =SUM(K39,K40) -> 126.5 | L37: =136+37 -> 173 | M37: 199.332 | N37: =SUM(L37-K37)/K37 -> 0.36758893 | O37: =L37+(L37*5%) -> 181.65 | P37: 182.3 | Q37: =O37+(O37*5%) -> 190.7325 | R37: 200.53 | S37: 2.3.-3-2 | T37: Įgyvendinant šią priemonę bus vykdoma 2023-03-10 Visagino savivaldybės tarybos sprendimu Nr. TS-37 „Dėl Muziejinės veiklos tęstinumo Visagino savivaldybėje programos patvirtinimo" patvirtinta Muziejinės veiklos tęstinumo Visagino savivaldybėje programa ir užtikrintas 2024 m. lapkričio 21 d. tarybos sprendimu Nr. TS-186 patvirtinto Kultūros ir meno projektų finansavimo Visagino savivaldybės biudžeto lėšomis tvarkos aprašo 18.3 srities „Muziejinės veiklos stiprinimas Visagino savivaldybėje" įgyvendinimas. | U37: V-04-01-01-02 | V37: Rinkinių, eksponatų skaičiaus muziejaus fonde didėjimas, lyginant su praėjusiais metais, proc. | W37: 0,2 | X37: 0,2 | Y37: 0,2 | Z37: 0,2 | AA37: 0,2 | AB37: Įgyvendintų projektų skaičius
D38: Iš viso: | E38: =E37 -> 76 | F38: =H38/E38-1 -> 0.31578947 | G38: =G37 -> 169.67 | H38: =H37 -> 100 | J38: =J37 -> 0 | K38: =K37 -> 126.5 | L38: =L37 -> 173 | M38: =M37 -> 199.332 | N38: =SUM(L38-K38)/K38 -> 0.36758893 | O38: =O37 -> 181.65 | P38: =P37 -> 182.3 | Q38: =Q37 -> 190.7325 | R38: =R37 -> 200.53
B39: Visagino savivaldybės muziejus Pagal 2023-03-10 TS-37 (2023-2025 m. programa) | K39: =115+1.5 -> 116.5 | L39: 115 | M39: 115 | N39: =SUM(L39-K39)/K39 -> -0.012875536 | O39: 115 | P39: 115 | Q39: 115 | R39: 115 | T39: VšĮ Visagino miesto muziejus
B40: 2024 m. lapkričio 21 d. VSA tarybos sprendimo Nr. TS-186 "Kultūros ir meno projektų finansavimo Visagino savivaldybės biudžeto lėšomis tvarkos aprašo" 18.3 sritis " Muziejinės veiklos stiprinimas Visagino savivaldybėje" | K40: 10 | L40: 10 | M40: 10 | N40: =SUM(L40-K40)/K40 -> 0 | O40: 10 | P40: 10 | Q40: 10 | R40: 10 | T40: VšĮ Mados istorijos muziejus
A41: 04.02.01. (T) | B41: Sąlygų Dainų švenčių tradicijos tęstinumui Visagino savivaldybėje sudarymas, mėgėjų meno kolektyvų pasirengimo ir dalyvavimo Dainų šventėse, vietiniuose, regioniniuose, respublikiniuose ir tarptautiniuose renginiuose užtikrinimas, mėgėjų meną populiarinančių renginių organizavimas, tautinių mažumų kultūrų įvairovės pristatymas | E41: =SUM(E43,E51,E56,E60) -> 22.4 | F41: =H41/E41-1 -> 0.83035714 | G41: =SUM(G43,G51,G56,G60) -> 61.972 | H41: =SUM(H43,H51,H56,H60) -> 41 | J41: =SUM(J43,J51,J56,J60) -> 21.6 | K41: =SUM(K43,K51,K56,K60) -> 15.35 | L41: =SUM(L43,L51,L56,L60) -> 63.3 | M41: =SUM(M43,M51,M56,M60) -> 110.75 | N41: =SUM(L41-K41)/K41 -> 3.1237785 | O41: =SUM(O43,O51,O56,O60) -> 23.98 | P41: =SUM(P43,P51,P56,P60) -> 26.68 | Q41: =SUM(Q43,Q51,Q56,Q60) -> 75.05 | R41: =SUM(R43,R51,R56,R60) -> 54.05 | S41: 2.3.-4 | U41: E-04-02-01 | V41: Asmenų, dalyvavusių etninės kultūros renginiuose, dalis proc. nuo visų savivaldybės gyventojų | W41: 8 | X41: 8 | Y41: 8 | Z41: 8 | AA41: 8 | AB41: Asmenų, dalyvavusių etninės kultūros renginiuose, dalis proc. nuo visų savivaldybės gyventojų
A42: 04.02.01.01. (TP) | B42: Rengimasis dalyvauti Dainų šventėse | C42: Įstaigos | D42: SB | E42: =SUM(E44:E47) -> 12 | F42: =H42/E42-1 -> 0.375 | G42: =SUM(G44:G47) -> 30.752 | H42: 16.5 | K42: =SUM(K44,K45,K46,K47) -> 0 | L42: =SUM(L45,L47,L48,L49) -> 26 | M42: =SUM(M45,M47,M48,M49) -> 67.2 | O42: =SUM(O45,O47,O48,O49) -> 2 | P42: =SUM(P45,P47,P48,P49) -> 2 | Q42: =SUM(Q45,Q47,Q48,Q49) -> 21 | R42: =SUM(R45,R47,R48,R49) -> 21 | S42: 2.3.-5-4 | T42: Įgyvendinant priemonę Visagino kūrybos menų akademija ir Visagino „Gerosios vilties" progimnazija dalyvaus moksleivių dainų šventėje. Planuojama, kad dalyvaus apie 120 dalyvių. Bus dalyvaujama dainų dainelės konkurse. taip pat bus ruošiamąsi dalyvauti Lietuvos Dainų šventėje, kuri vyksta kas ketverius metus. | U42: R-04-02-01-01 | V42: Kolektyvų, dalyvavusių Dainų šventės šimtmetyje, skaičius | W42: 8 | X42: 0 | Y42: 0 | Z42: 0 | AA42: 0 | AB42: Kolektyvų, dalyvavusių regioniniuose renginiuose, skaičius
D43: Iš viso: | E43: =E42 -> 12 | F43: =H43/E43-1 -> 0.375 | G43: =SUM(G42) -> 30.752 | H43: =SUM(H42) -> 16.5 | K43: =SUM(K42) -> 0 | L43: =SUM(L42) -> 26 | M43: =SUM(M42) -> 67.2 | O43: =O42 -> 2 | P43: 0 | Q43: =Q42 -> 21 | R43: 0
B44: Savivaldybės administracija | G44: 7 | H44: 2 | N44: =SUM(L44-K44)/K44 -> #DIV/0!
B45: Visagino kultūros centras | E45: 1 | F45: =H45/E45-1 -> 3 | G45: 5 | H45: 4 | K45: 0 | L45: 0 | M45: 12.8 | O45: 1 | P45: 1 | Q45: 13 | R45: 13 | T45: Pasiruošimas Dainų šventei (drabužių įsigijimas, komandiruotės kolektyvų vadovams, instrumentai, atributika)
B46: Visagino viešoji biblioteka
B47: Visagino kūrybos menų akademija | E47: 11 | F47: =H47/E47-1 -> -0.045454545 | G47: 18.752 | H47: 10.5 | L47: =20+1 -> 21 | M47: 40.9 | T47: Moksleivių dainų šventė 120 dalyvių
B48: Savivaldybės administracija | L48: 2 | M48: 10 | O48: 1 | P48: 1 | Q48: 8 | R48: 8 | T48: Moksleivių dainų šventė-8000 Dainų dainelė II etapas 2000 Dalyvavimas Dainų šventėje (2028) 6000 Lietuvos Dainų šventė vyksta kas ketverius metus. 2024 m. įvyko jubiliejinė 100-mečio šventė, todėl lėšų poreikis dėl dalyvavimo planuojamas tik 2028 m. 2028 metais vyks 101-oji Dainų šventė, lėšos planuojamos transportui, rekvizitams ir apgyvendinimui
B49: Visagino "Gerosios vilties" progimnazija | L49: 3 | M49: 3.5 | T49: Transportas 3000 Eur. Atributika ir kitos prekės ir paslaugos 500 Eur. (Planuojamas dalyvavimas: vienas kolektyvas, visomis dienoms)
A50: 04.02.01.02. (TP) | B50: Etninės kultūros sklaida, senųjų tradicijų, papročių populiarinimas, gyvybingumo puoselėjimas | C50: Įstaigos | D50: SB | E50: =SUM(E52:E54) -> 1.5 | F50: =H50/E50-1 -> 7.5333333 | G50: =SUM(G52:G54) -> 16.75 | H50: =SUM(H52:H54) -> 12.8 | I50: =SUM(I52:I54) -> 0 | J50: =SUM(J52:J54) -> 21.6 | K50: =SUM(K52,K53,K54) -> 3.35 | L50: =SUM(L52,L53,L54) -> 24.5 | M50: =SUM(M52,M53,M54) -> 27.8 | N50: =SUM(L50-K50)/K50 -> 6.3134328 | O50: =SUM(O52,O53,O54) -> 3.8 | P50: =SUM(P52,P53,P54) -> 8.5 | Q50: =SUM(Q52,Q53,Q54) -> 33.5 | R50: =SUM(R52,R53,R54) -> 33.5 | S50: 2.3.-5-4 | T50: Įgyvendinant priemonę bus propaguojama etninės kultūros sklaida, senųjų tradicijų, papročių populiarinimas, gyvybingumo puoselėjimas bei įgyvendinami tokie renginiai kaip Lietuvos liaudies meno paroda - konkursas „Aukso vainikas“, Lietuvos vaikų ir jaunimo liaudies meno paroda - konkursas „Sidabro vainikėlis“, Lietuvių bendruomenės renginys „Kaimynėli, būki sveikas", Tarptautinis tautinių kultūrų festivalis „Rudeninės“ ir kt. | U50: R-04-02-01-02 | V50: Organizuotų renginių skaičius | W50: 10 | X50: 10 | Y50: 10 | Z50: 10 | AA50: 10 | AB50: Kolektyvų, dalyvavusių regioniniuose renginiuose, skaičius
D51: Iš viso: | E51: =E50 -> 1.5 | F51: =H51/E51-1 -> 7.5333333 | G51: =G50 -> 16.75 | H51: =H50 -> 12.8 | I51: =I50 -> 0 | J51: =J50 -> 21.6 | K51: =K50 -> 3.35 | L51: =L50 -> 24.5 | M51: =M50 -> 27.8 | N51: =SUM(L51-K51)/K51 -> 6.3134328 | O51: =O50 -> 3.8 | P51: =P50 -> 8.5 | Q51: =Q50 -> 33.5 | R51: =R50 -> 33.5
B52: Savivaldybės administracija | H52: 1.2 | K52: 1.5 | L52: 1 | M52: 2 | N52: =SUM(L52-K52)/K52 -> -0.33333333 | O52: 1.5 | P52: 2 | Q52: 2 | R52: 2 | T52: Visagino savivaldybės atstovavimas renginiuose, konkursuose, festivaliuose (kolektyvai, kultūros specialistai).
B53: Visagino viešoji biblioteka | G53: 0.45 | H53: 0.3 | J53: 0.6 | K53: 0.4 | L53: 0.5 | M53: 0.5 | N53: =SUM(L53-K53)/K53 -> 0.25 | O53: 0.4 | P53: 0.5 | Q53: 0.5 | R53: 0.5 | T53: Liaudies dainų kolektyvų koncertas, vainikų pynimo edukacija. Tradicijų išlaikimas ir informavimas, skirta šeimoms (T)
B54: Visagino kultūros centras | E54: 1.5 | F54: =H54/E54-1 -> 6.5333333 | G54: 16.3 | H54: 11.3 | J54: 21 | K54: 1.45 | L54: 23 | M54: 25.3 | N54: =SUM(L54-K54)/K54 -> 14.862069 | O54: 1.9 | P54: 6 | Q54: 31 | R54: 31 | T54: Lietuvos liaudies meno paroda-konkursas "Aukso vainikas", Lietuvos vaikų ir jaunimo liaudies meno paroda-konkursas "Sidabro vainikėlis", Etniniai-pažintiniai renginiai, lietuvių bendruomenės renginys "Kaimynėli, būki sveikas", Tarptautinis tautinių kultūrų festivalis "Rudeninės"
A55: 04.02.01.03. (TP) | B55: Kalendorinių švenčių organizavimas | C55: Įstaigos | D55: SB | E55: =SUM(E57:E58) -> 7.5 | F55: =H55/E55-1 -> 0.10666667 | G55: =SUM(G57:G58) -> 10.74 | H55: =SUM(H57:H58) -> 8.3 | K55: =SUM(K57:K58) -> 10.5 | L55: =SUM(L57:L58) -> 11.2 | M55: =SUM(M57:M58) -> 13.95 | N55: =SUM(L55-K55)/K55 -> 0.066666667 | O55: =SUM(O57:O58) -> 16.18 | P55: =SUM(P57:P58) -> 16.18 | Q55: =SUM(Q57:Q58) -> 18.35 | R55: =SUM(R57:R58) -> 18.35 | S55: 2.3.-5-4 | T55: Įgyvendinant šią priemonę bus vykdomi renginiai, susiję su kalendorinėmis šventėmis (Sekminės, Joninės ir kt.) | U55: R-04-02-01-03
D56: Iš viso: | E56: =E55 -> 7.5 | F56: =H56/E56-1 -> 0.10666667 | G56: =G55 -> 10.74 | H56: =H55 -> 8.3 | K56: =K55 -> 10.5 | L56: =L55 -> 11.2 | M56: =M55 -> 13.95 | N56: =SUM(L56-K56)/K56 -> 0.066666667 | O56: =O55 -> 16.18 | P56: =P55 -> 16.18 | Q56: =Q55 -> 18.35 | R56: =R55 -> 18.35
B57: Visagino kultūros centras | E57: 7.5 | F57: =H57/E57-1 -> 0.066666667 | G57: 10.14 | H57: 8 | K57: 10 | L57: 10.5 | M57: 13.25 | N57: =SUM(L57-K57)/K57 -> 0.05 | O57: 15.48 | P57: 15.48 | Q57: 17.65 | R57: 17.65 | T57: Šventės: Sekminės, Troica, velykinis renginys, Joninės
B58: Visagino viešoji biblioteka | G58: 0.6 | H58: 0.3 | J58: 0.9 | K58: 0.5 | L58: 0.7 | M58: 0.7 | N58: =SUM(L58-K58)/K58 -> 0.4 | O58: 0.7 | P58: 0.7 | Q58: 0.7 | R58: 0.7 | T58: Velykinių kompozicijų kūrimas, dirbtuvių organizavimas suaugusiems (T), Tarptautinė vaikų gynimo diena, kūribinės dirbtuvės šeimoms (T)
A59: 04.02.01.04. (TP) | B59: Nematerialaus kultūros paveldo apsaugos administravimas ir sklaida | C59: 300509331 | D59: SB | E59: 1.4 | F59: =H59/E59-1 -> 1.4285714 | G59: =SUM(G61:G62) -> 3.73 | H59: =SUM(H61:H62) -> 3.4 | K59: =SUM(K61,K62) -> 1.5 | L59: 1.6 | M59: 1.8 | N59: =SUM(L59-K59)/K59 -> 0.066666667 | O59: =SUM(O61,O62) -> 2 | P59: =SUM(P61,P62) -> 2 | Q59: =SUM(Q61,Q62) -> 2.2 | R59: =SUM(R61,R62) -> 2.2 | S59: 2.3.-5-4 | T59: Įgyvendinant šią priemonę administruojamas Visagino savivaldybės nematerialaus kultūros paveldo vertybių sisteminis sąrašas su surinktais ir nuolat atnaujinamais dabarties ir praeities duomenimis: aprašymais, vaizdo ir garso medžiaga. Organizuojama nematerialaus kultūros paveldo sklaida, inicijuojami projektai, bendradarbiavimas. | U59: R-04-02-01-04
D60: Iš viso: | E60: =E59 -> 1.4 | F60: =H60/E60-1 -> 1.4285714 | G60: =G59 -> 3.73 | H60: =H59 -> 3.4 | K60: =K59 -> 1.5 | L60: =L59 -> 1.6 | M60: =M59 -> 1.8 | N60: =SUM(L60-K60)/K60 -> 0.066666667 | O60: =O59 -> 2 | P60: =P59 -> 2 | Q60: =Q59 -> 2.2 | R60: =R59 -> 2.2
